Workbook
Name Cities: 'Countries and Timezone'!$J$2:$J$144
Name Countries: Language!$C$1:$AT$1
Name Team: 'Countries and Timezone'!$C$7:$C$38

Sheet Setup
C3: <- you can change player name in Player List worksheet
B5: Filename >> | C5: World Cup 2014 Office Pool Lite V1.50.xlsx | D5: << remember to replace the filename at the left box if you have saved this file as another name
B7: Group Stages Prediction
B9: Point System | D9: GROUP
B10: o Point for correct match result (win-draw-loss) with correct score prediction >> | D10: 100
B11: o Point for correct match result (win-loss) with correct score difference prediction or correct draw prediction only >> | D11: 75
B12: o Point for correct match result (win-loss) prediction only >> | D12: 50
B14: Knock Out Stages Prediction
B16: Extra Time Score >> | D16: Include | E16: =IF(D16="include",1,0) -> 1
B17: Penalty Kick Score >> | D17: Exclude | E17: =IF(D17="include",1,0) -> 0
B19: Point System | D19: ROUND OF 16 | E19: QUARTER FINAL | F19: SEMI FINAL | G19: THIRD PLACE | H19: FINAL
B20: o Point for correct match result (win-draw-loss) with correct score prediction >> | D20: 200 | E20: 400 | F20: 800 | G20: 800 | H20: 1600
B21: o Point for correct match result (win-loss) with correct score difference prediction or correct draw prediction only >> | D21: 150 | E21: 300 | F21: 600 | G21: 600 | H21: 1200
B22: o Point for correct match result (win-loss) prediction only >> | D22: 100 | E22: 200 | F22: 400 | G22: 400 | H22: 800
B24: Leaderboard Policy
B26: All players will be ranked based on
B27: 1. Points earned
B28: 2. Correct Match and Score Prediction
B29: 3. Order of players in PlayerList

Sheet Player Name
B5: No | C5: Player Name
B6: 1 | C6: John 1 | E6: > Type player's name at Player Name column
B7: 2 | C7: John 2 | E7: > If there are more than one player are having the same name, you should put additional marker to differentiate the name
B8: 3 | C8: John 3 | E8: > Max 15 players for lite version
B9: 4 | C9: John 4
B10: 5 | C10: John 5
B11: 6 | C11: John 6
B12: 7 | C12: John 7
B13: 8 | C13: John 8
B14: 9 | C14: John 9
B15: 10 | C15: John 10
B16: 11 | C16: John 11
B17: 12 | C17: John 12
B18: 13 | C18: John 13
B19: 14 | C19: John 14
B20: 15 | C20: John 15

Sheet Player Scoreboard
K5: Group Stages | BG5: Round of 16 | BO5: Quarter Final | BS5: Semifinal | BU5: 3rd Place | BV5: FINAL
K6: 1 | L6: 2 | M6: 3 | N6: 4 | O6: 5 | P6: 6 | Q6: 7 | R6: 8 | S6: 9 | T6: 10 | U6: 11 | V6: 12 | W6: 13 | X6: 14 | Y6: 15 | Z6: 16 | AA6: 17 | AB6: 18 | AC6: 19 | AD6: 20 | AE6: 21 | AF6: 22 | AG6: 23 | AH6: 24 | AI6: 25 | AJ6: 26 | AK6: 27 | AL6: 28 | AM6: 29 | AN6: 30 | AO6: 31 | AP6: 32 | AQ6: 33 | AR6: 34 | AS6: 35 | AT6: 36 | AU6: 37 | AV6: 38 | AW6: 39 | AX6: 40 | AY6: 41 | AZ6: 42 | BA6: 43 | BB6: 44 | BC6: 45 | BD6: 46 | BE6: 47 | BF6: 48 | BG6: 49 | BH6: 50 | BI6: 51 | BJ6: 52 | BK6: 53 | BL6: 54 | BM6: 55 | BN6: 56 | BO6: 57 | BP6: 58 | BQ6: 59 | BR6: 60 | BS6: 61 | BT6: 62 | BU6: 63 | BV6: 64
A7: No | B7: Sheet Name | C7: Player Name | D7: Total Point | E7: Total Correct Prediction | F7: Group Stages | H7: Knock Out Stages | J7: Max Score >> | K7: =Setup!D10 -> 100 | L7: =K7 -> 100 | M7: =L7 -> 100 | N7: =M7 -> 100 | O7: =N7 -> 100 | P7: =O7 -> 100 | Q7: =P7 -> 100 | R7: =Q7 -> 100 | S7: =R7 -> 100 | ... BF7: =BE7 -> 100 | BG7: =Setup!D20 -> 200 | BH7: =BG7 -> 200 | BI7: =BH7 -> 200 | BJ7: =BI7 -> 200 | BK7: =BJ7 -> 200 | BL7: =BK7 -> 200 | BM7: =BL7 -> 200 | BN7: =BM7 -> 200 | BO7: =Setup!E20 -> 400 | BP7: =BO7 -> 400 | BQ7: =BP7 -> 400 | BR7: =BQ7 -> 400 | BS7: =Setup!F20 -> 800 | BT7: =BS7 -> 800 | BU7: =Setup!G20 -> 800 | BV7: =Setup!H20 -> 1600
F8: Total Point | G8: Correct Prediction | H8: Total Point | I8: Correct Prediction | J8: Match >> | K8: =LEFT(OFFSET(Tournament!$H$15,K$6,0),3)&" vs "&LEFT(OFFSET(Tournament!$N$15,K$6,0),3) -> Bra vs Cro | L8: =LEFT(OFFSET(Tournament!$H$15,L$6,0),3)&" vs "&LEFT(OFFSET(Tournament!$N$15,L$6,0),3) -> Mex vs Cam | M8: =LEFT(OFFSET(Tournament!$H$15,M$6,0),3)&" vs "&LEFT(OFFSET(Tournament!$N$15,M$6,0),3) -> Spa vs Net | N8: =LEFT(OFFSET(Tournament!$H$15,N$6,0),3)&" vs "&LEFT(OFFSET(Tournament!$N$15,N$6,0),3) -> Chi vs Aus | O8: =LEFT(OFFSET(Tournament!$H$15,O$6,0),3)&" vs "&LEFT(OFFSET(Tournament!$N$15,O$6,0),3) -> Col vs Gre | P8: =LEFT(OFFSET(Tournament!$H$15,P$6,0),3)&" vs "&LEFT(OFFSET(Tournament!$N$15,P$6,0),3) -> Ivo vs Jap | Q8: =LEFT(OFFSET(Tournament!$H$15,Q$6,0),3)&" vs "&LEFT(OFFSET(Tournament!$N$15,Q$6,0),3) -> Uru vs Cos | R8: =LEFT(OFFSET(Tournament!$H$15,R$6,0),3)&" vs "&LEFT(OFFSET(Tournament!$N$15,R$6,0),3) -> Eng vs Ita | ... BF8: =LEFT(OFFSET(Tournament!$H$15,BF$6,0),3)&" vs "&LEFT(OFFSET(Tournament!$N$15,BF$6,0),3) -> Alg vs Rus | BG8: =LEFT(OFFSET(Tournament!$H$68,1,0),3)&" vs "&LEFT(OFFSET(Tournament!$N$68,1,0),3) -> Gro vs Gro | BH8: =LEFT(OFFSET(Tournament!$H$68,7,0),3)&" vs "&LEFT(OFFSET(Tournament!$N$68,7,0),3) -> Gro vs Gro | BI8: =LEFT(OFFSET(Tournament!$H$68,13,0),3)&" vs "&LEFT(OFFSET(Tournament!$N$68,13,0),3) -> Gro vs Gro | BJ8: =LEFT(OFFSET(Tournament!$H$68,19,0),3)&" vs "&LEFT(OFFSET(Tournament!$N$68,19,0),3) -> Gro vs Gro | BK8: =LEFT(OFFSET(Tournament!$H$68,25,0),3)&" vs "&LEFT(OFFSET(Tournament!$N$68,25,0),3) -> Gro vs Gro | BL8: =LEFT(OFFSET(Tournament!$H$68,31,0),3)&" vs "&LEFT(OFFSET(Tournament!$N$68,31,0),3) -> Gro vs Gro | BM8: =LEFT(OFFSET(Tournament!$H$68,37,0),3)&" vs "&LEFT(OFFSET(Tournament!$N$68,37,0),3) -> Gro vs Gro | BN8: =LEFT(OFFSET(Tournament!$H$68,43,0),3)&" vs "&LEFT(OFFSET(Tournament!$N$68,43,0),3) -> Gro vs Gro | BO8: =LEFT(OFFSET(Tournament!$Y$68,1,0),3)&" vs "&LEFT(OFFSET(Tournament!$AE$68,1,0),3) -> Mat vs Mat | BP8: =LEFT(OFFSET(Tournament!$Y$68,6,0),3)&" vs "&LEFT(OFFSET(Tournament!$AE$68,6,0),3) -> Mat vs Mat | BQ8: =LEFT(OFFSET(Tournament!$Y$68,11,0),3)&" vs "&LEFT(OFFSET(Tournament!$AE$68,11,0),3) -> Mat vs Mat | BR8: =LEFT(OFFSET(Tournament!$Y$68,16,0),3)&" vs "&LEFT(OFFSET(Tournament!$AE$68,16,0),3) -> Mat vs Mat | BS8: =LEFT(OFFSET(Tournament!$Y$91,1,0),3)&" vs "&LEFT(OFFSET(Tournament!$AE$91,1,0),3) -> Mat vs Mat | BT8: =LEFT(OFFSET(Tournament!$Y$91,6,0),3)&" vs "&LEFT(OFFSET(Tournament!$AE$91,6,0),3) -> Mat vs Mat | BU8: =LEFT(OFFSET(Tournament!$Y$104,1,0),3)&" vs "&LEFT(OFFSET(Tournament!$AE$104,1,0),3) -> Mat vs Mat | BV8: =LEFT(OFFSET(Tournament!$Y$112,1,0),3)&" vs "&LEFT(OFFSET(Tournament!$AE$112,1,0),3) -> Mat vs Mat
J9: Result (NT, ET, PSO) >> | K9: =LEFT(OFFSET(Tournament!$J$15,K$6,0),3)&" - "&LEFT(OFFSET(Tournament!$L$15,K$6,0),3) -> 3 - 1 | L9: =LEFT(OFFSET(Tournament!$J$15,L$6,0),3)&" - "&LEFT(OFFSET(Tournament!$L$15,L$6,0),3) -> 1 - 0 | M9: =LEFT(OFFSET(Tournament!$J$15,M$6,0),3)&" - "&LEFT(OFFSET(Tournament!$L$15,M$6,0),3) -> 1 - 5 | N9: =LEFT(OFFSET(Tournament!$J$15,N$6,0),3)&" - "&LEFT(OFFSET(Tournament!$L$15,N$6,0),3) -> 3 - 1 | O9: =LEFT(OFFSET(Tournament!$J$15,O$6,0),3)&" - "&LEFT(OFFSET(Tournament!$L$15,O$6,0),3) -> - | P9: =LEFT(OFFSET(Tournament!$J$15,P$6,0),3)&" - "&LEFT(OFFSET(Tournament!$L$15,P$6,0),3) -> - | Q9: =LEFT(OFFSET(Tournament!$J$15,Q$6,0),3)&" - "&LEFT(OFFSET(Tournament!$L$15,Q$6,0),3) -> - | R9: =LEFT(OFFSET(Tournament!$J$15,R$6,0),3)&" - "&LEFT(OFFSET(Tournament!$L$15,R$6,0),3) -> - | ... BF9: =LEFT(OFFSET(Tournament!$J$15,BF$6,0),3)&" - "&LEFT(OFFSET(Tournament!$L$15,BF$6,0),3) -> - | BG9: =LEFT(OFFSET(Player!$R$65,BG$6-48,0),3)&" - "&LEFT(OFFSET(Player!$T$65,BG$6-48,0),3) -> - | BH9: =LEFT(OFFSET(Player!$R$65,BH$6-48,0),3)&" - "&LEFT(OFFSET(Player!$T$65,BH$6-48,0),3) -> - | BI9: =LEFT(OFFSET(Player!$R$65,BI$6-48,0),3)&" - "&LEFT(OFFSET(Player!$T$65,BI$6-48,0),3) -> - | BJ9: =LEFT(OFFSET(Player!$R$65,BJ$6-48,0),3)&" - "&LEFT(OFFSET(Player!$T$65,BJ$6-48,0),3) -> - | BK9: =LEFT(OFFSET(Player!$R$65,BK$6-48,0),3)&" - "&LEFT(OFFSET(Player!$T$65,BK$6-48,0),3) -> - | BL9: =LEFT(OFFSET(Player!$R$65,BL$6-48,0),3)&" - "&LEFT(OFFSET(Player!$T$65,BL$6-48,0),3) -> - | BM9: =LEFT(OFFSET(Player!$R$65,BM$6-48,0),3)&" - "&LEFT(OFFSET(Player!$T$65,BM$6-48,0),3) -> - | BN9: =LEFT(OFFSET(Player!$R$65,BN$6-48,0),3)&" - "&LEFT(OFFSET(Player!$T$65,BN$6-48,0),3) -> - | ... BV9: =LEFT(OFFSET(Player!$R$65,BV$6-48,0),3)&" - "&LEFT(OFFSET(Player!$T$65,BV$6-48,0),3) -> -
A10: =IF(C10<>"",1,"") -> 1 | B10: Player | C10: =IF('Player Name'!C6<>"",'Player Name'!C6,"") -> John 1 | D10: =IF(C10<>"",F10+H10,"") -> 0 | E10: =IF(C10<>"",G10+I10,"") -> 0 | F10: =IF(C10<>"",SUM(K10:BF10),"") -> 0 | G10: =IF(C10<>"",COUNTIF(K10:BF10,$K$7),"") -> 0 | H10: =IF(C10<>"",SUM(BG10:BV10),"") -> 0 | I10: =IF(C10<>"",COUNTIF(BG10:BN10,$BG$7)+COUNTIF(BO10:BR10,$BO$7)+COUNTIF(BS10:BT10,$BS$7)+COUNTIF(BU10,$BU$7)+COUNTIF(BV10,$BV$7),"") -> 0 | J10: =HYPERLINK("["&Setup!$C$5&"]'"&B10&"'!D4","Update score") -> Update score | K10: =IF($C10<>"",INDIRECT("'"&$B10&"'!"&"$AD"&K$6+14),"") | L10: =IF($C10<>"",INDIRECT("'"&$B10&"'!"&"$AD"&L$6+14),"") | M10: =IF($C10<>"",INDIRECT("'"&$B10&"'!"&"$AD"&M$6+14),"") | N10: =IF($C10<>"",INDIRECT("'"&$B10&"'!"&"$AD"&N$6+14),"") | O10: =IF($C10<>"",INDIRECT("'"&$B10&"'!"&"$AD"&O$6+14),"") | P10: =IF($C10<>"",INDIRECT("'"&$B10&"'!"&"$AD"&P$6+14),"") | Q10: =IF($C10<>"",INDIRECT("'"&$B10&"'!"&"$AD"&Q$6+14),"") | R10: =IF($C10<>"",INDIRECT("'"&$B10&"'!"&"$AD"&R$6+14),"") | ... BF10: =IF($C10<>"",INDIRECT("'"&$B10&"'!"&"$AD"&BF$6+14),"") | BG10: =IF($C10<>"",INDIRECT("'"&$B10&"'!"&"$AD"&BG$6+17),"") | BH10: =IF($C10<>"",INDIRECT("'"&$B10&"'!"&"$AD"&BH$6+17),"") | BI10: =IF($C10<>"",INDIRECT("'"&$B10&"'!"&"$AD"&BI$6+17),"") | BJ10: =IF($C10<>"",INDIRECT("'"&$B10&"'!"&"$AD"&BJ$6+17),"") | BK10: =IF($C10<>"",INDIRECT("'"&$B10&"'!"&"$AD"&BK$6+17),"") | BL10: =IF($C10<>"",INDIRECT("'"&$B10&"'!"&"$AD"&BL$6+17),"") | BM10: =IF($C10<>"",INDIRECT("'"&$B10&"'!"&"$AD"&BM$6+17),"") | BN10: =IF($C10<>"",INDIRECT("'"&$B10&"'!"&"$AD"&BN$6+17),"") | ... BV10: =IF($C10<>"",INDIRECT("'"&$B10&"'!"&"$AD"&BV$6+17),"")
A11: =IF(C11<>"",A10+1,"") -> 2 | B11: Player (2) | C11: =IF('Player Name'!C7<>"",'Player Name'!C7,"") -> John 2 | D11: =IF(C11<>"",F11+H11,"") -> 0 | E11: =IF(C11<>"",G11+I11,"") -> 0 | F11: =IF(C11<>"",SUM(K11:BF11),"") -> 0 | G11: =IF(C11<>"",COUNTIF(K11:BF11,$K$7),"") -> 0 | H11: =IF(C11<>"",SUM(BG11:BV11),"") -> 0 | I11: =IF(C11<>"",COUNTIF(BG11:BN11,$BG$7)+COUNTIF(BO11:BR11,$BO$7)+COUNTIF(BS11:BT11,$BS$7)+COUNTIF(BU11,$BU$7)+COUNTIF(BV11,$BV$7),"") -> 0 | J11: =HYPERLINK("["&Setup!$C$5&"]'"&B11&"'!D4","Update score") -> Update score | K11: =IF($C11<>"",INDIRECT("'"&$B11&"'!"&"$AD"&K$6+14),"") | L11: =IF($C11<>"",INDIRECT("'"&$B11&"'!"&"$AD"&L$6+14),"") | M11: =IF($C11<>"",INDIRECT("'"&$B11&"'!"&"$AD"&M$6+14),"") | N11: =IF($C11<>"",INDIRECT("'"&$B11&"'!"&"$AD"&N$6+14),"") | O11: =IF($C11<>"",INDIRECT("'"&$B11&"'!"&"$AD"&O$6+14),"") | P11: =IF($C11<>"",INDIRECT("'"&$B11&"'!"&"$AD"&P$6+14),"") | Q11: =IF($C11<>"",INDIRECT("'"&$B11&"'!"&"$AD"&Q$6+14),"") | R11: =IF($C11<>"",INDIRECT("'"&$B11&"'!"&"$AD"&R$6+14),"") | ... BF11: =IF($C11<>"",INDIRECT("'"&$B11&"'!"&"$AD"&BF$6+14),"") | BG11: =IF($C11<>"",INDIRECT("'"&$B11&"'!"&"$AD"&BG$6+17),"") | BH11: =IF($C11<>"",INDIRECT("'"&$B11&"'!"&"$AD"&BH$6+17),"") | BI11: =IF($C11<>"",INDIRECT("'"&$B11&"'!"&"$AD"&BI$6+17),"") | BJ11: =IF($C11<>"",INDIRECT("'"&$B11&"'!"&"$AD"&BJ$6+17),"") | BK11: =IF($C11<>"",INDIRECT("'"&$B11&"'!"&"$AD"&BK$6+17),"") | BL11: =IF($C11<>"",INDIRECT("'"&$B11&"'!"&"$AD"&BL$6+17),"") | BM11: =IF($C11<>"",INDIRECT("'"&$B11&"'!"&"$AD"&BM$6+17),"") | BN11: =IF($C11<>"",INDIRECT("'"&$B11&"'!"&"$AD"&BN$6+17),"") | ... BV11: =IF($C11<>"",INDIRECT("'"&$B11&"'!"&"$AD"&BV$6+17),"")
A12: =IF(C12<>"",A11+1,"") -> 3 | B12: Player (3) | C12: =IF('Player Name'!C8<>"",'Player Name'!C8,"") -> John 3 | D12: =IF(C12<>"",F12+H12,"") -> 0 | E12: =IF(C12<>"",G12+I12,"") -> 0 | F12: =IF(C12<>"",SUM(K12:BF12),"") -> 0 | G12: =IF(C12<>"",COUNTIF(K12:BF12,$K$7),"") -> 0 | H12: =IF(C12<>"",SUM(BG12:BV12),"") -> 0 | I12: =IF(C12<>"",COUNTIF(BG12:BN12,$BG$7)+COUNTIF(BO12:BR12,$BO$7)+COUNTIF(BS12:BT12,$BS$7)+COUNTIF(BU12,$BU$7)+COUNTIF(BV12,$BV$7),"") -> 0 | J12: =HYPERLINK("["&Setup!$C$5&"]'"&B12&"'!D4","Update score") -> Update score | K12: =IF($C12<>"",INDIRECT("'"&$B12&"'!"&"$AD"&K$6+14),"") | L12: =IF($C12<>"",INDIRECT("'"&$B12&"'!"&"$AD"&L$6+14),"") | M12: =IF($C12<>"",INDIRECT("'"&$B12&"'!"&"$AD"&M$6+14),"") | N12: =IF($C12<>"",INDIRECT("'"&$B12&"'!"&"$AD"&N$6+14),"") | O12: =IF($C12<>"",INDIRECT("'"&$B12&"'!"&"$AD"&O$6+14),"") | P12: =IF($C12<>"",INDIRECT("'"&$B12&"'!"&"$AD"&P$6+14),"") | Q12: =IF($C12<>"",INDIRECT("'"&$B12&"'!"&"$AD"&Q$6+14),"") | R12: =IF($C12<>"",INDIRECT("'"&$B12&"'!"&"$AD"&R$6+14),"") | ... BF12: =IF($C12<>"",INDIRECT("'"&$B12&"'!"&"$AD"&BF$6+14),"") | BG12: =IF($C12<>"",INDIRECT("'"&$B12&"'!"&"$AD"&BG$6+17),"") | BH12: =IF($C12<>"",INDIRECT("'"&$B12&"'!"&"$AD"&BH$6+17),"") | BI12: =IF($C12<>"",INDIRECT("'"&$B12&"'!"&"$AD"&BI$6+17),"") | BJ12: =IF($C12<>"",INDIRECT("'"&$B12&"'!"&"$AD"&BJ$6+17),"") | BK12: =IF($C12<>"",INDIRECT("'"&$B12&"'!"&"$AD"&BK$6+17),"") | BL12: =IF($C12<>"",INDIRECT("'"&$B12&"'!"&"$AD"&BL$6+17),"") | BM12: =IF($C12<>"",INDIRECT("'"&$B12&"'!"&"$AD"&BM$6+17),"") | BN12: =IF($C12<>"",INDIRECT("'"&$B12&"'!"&"$AD"&BN$6+17),"") | ... BV12: =IF($C12<>"",INDIRECT("'"&$B12&"'!"&"$AD"&BV$6+17),"")
A13: =IF(C13<>"",A12+1,"") -> 4 | B13: Player (4) | C13: =IF('Player Name'!C9<>"",'Player Name'!C9,"") -> John 4 | D13: =IF(C13<>"",F13+H13,"") -> 0 | E13: =IF(C13<>"",G13+I13,"") -> 0 | F13: =IF(C13<>"",SUM(K13:BF13),"") -> 0 | G13: =IF(C13<>"",COUNTIF(K13:BF13,$K$7),"") -> 0 | H13: =IF(C13<>"",SUM(BG13:BV13),"") -> 0 | I13: =IF(C13<>"",COUNTIF(BG13:BN13,$BG$7)+COUNTIF(BO13:BR13,$BO$7)+COUNTIF(BS13:BT13,$BS$7)+COUNTIF(BU13,$BU$7)+COUNTIF(BV13,$BV$7),"") -> 0 | J13: =HYPERLINK("["&Setup!$C$5&"]'"&B13&"'!D4","Update score") -> Update score | K13: =IF($C13<>"",INDIRECT("'"&$B13&"'!"&"$AD"&K$6+14),"") | L13: =IF($C13<>"",INDIRECT("'"&$B13&"'!"&"$AD"&L$6+14),"") | M13: =IF($C13<>"",INDIRECT("'"&$B13&"'!"&"$AD"&M$6+14),"") | N13: =IF($C13<>"",INDIRECT("'"&$B13&"'!"&"$AD"&N$6+14),"") | O13: =IF($C13<>"",INDIRECT("'"&$B13&"'!"&"$AD"&O$6+14),"") | P13: =IF($C13<>"",INDIRECT("'"&$B13&"'!"&"$AD"&P$6+14),"") | Q13: =IF($C13<>"",INDIRECT("'"&$B13&"'!"&"$AD"&Q$6+14),"") | R13: =IF($C13<>"",INDIRECT("'"&$B13&"'!"&"$AD"&R$6+14),"") | ... BF13: =IF($C13<>"",INDIRECT("'"&$B13&"'!"&"$AD"&BF$6+14),"") | BG13: =IF($C13<>"",INDIRECT("'"&$B13&"'!"&"$AD"&BG$6+17),"") | BH13: =IF($C13<>"",INDIRECT("'"&$B13&"'!"&"$AD"&BH$6+17),"") | BI13: =IF($C13<>"",INDIRECT("'"&$B13&"'!"&"$AD"&BI$6+17),"") | BJ13: =IF($C13<>"",INDIRECT("'"&$B13&"'!"&"$AD"&BJ$6+17),"") | BK13: =IF($C13<>"",INDIRECT("'"&$B13&"'!"&"$AD"&BK$6+17),"") | BL13: =IF($C13<>"",INDIRECT("'"&$B13&"'!"&"$AD"&BL$6+17),"") | BM13: =IF($C13<>"",INDIRECT("'"&$B13&"'!"&"$AD"&BM$6+17),"") | BN13: =IF($C13<>"",INDIRECT("'"&$B13&"'!"&"$AD"&BN$6+17),"") | ... BV13: =IF($C13<>"",INDIRECT("'"&$B13&"'!"&"$AD"&BV$6+17),"")
A14: =IF(C14<>"",A13+1,"") -> 5 | B14: Player (5) | C14: =IF('Player Name'!C10<>"",'Player Name'!C10,"") -> John 5 | D14: =IF(C14<>"",F14+H14,"") -> 0 | E14: =IF(C14<>"",G14+I14,"") -> 0 | F14: =IF(C14<>"",SUM(K14:BF14),"") -> 0 | G14: =IF(C14<>"",COUNTIF(K14:BF14,$K$7),"") -> 0 | H14: =IF(C14<>"",SUM(BG14:BV14),"") -> 0 | I14: =IF(C14<>"",COUNTIF(BG14:BN14,$BG$7)+COUNTIF(BO14:BR14,$BO$7)+COUNTIF(BS14:BT14,$BS$7)+COUNTIF(BU14,$BU$7)+COUNTIF(BV14,$BV$7),"") -> 0 | J14: =HYPERLINK("["&Setup!$C$5&"]'"&B14&"'!D4","Update score") -> Update score | K14: =IF($C14<>"",INDIRECT("'"&$B14&"'!"&"$AD"&K$6+14),"") | L14: =IF($C14<>"",INDIRECT("'"&$B14&"'!"&"$AD"&L$6+14),"") | M14: =IF($C14<>"",INDIRECT("'"&$B14&"'!"&"$AD"&M$6+14),"") | N14: =IF($C14<>"",INDIRECT("'"&$B14&"'!"&"$AD"&N$6+14),"") | O14: =IF($C14<>"",INDIRECT("'"&$B14&"'!"&"$AD"&O$6+14),"") | P14: =IF($C14<>"",INDIRECT("'"&$B14&"'!"&"$AD"&P$6+14),"") | Q14: =IF($C14<>"",INDIRECT("'"&$B14&"'!"&"$AD"&Q$6+14),"") | R14: =IF($C14<>"",INDIRECT("'"&$B14&"'!"&"$AD"&R$6+14),"") | ... BF14: =IF($C14<>"",INDIRECT("'"&$B14&"'!"&"$AD"&BF$6+14),"") | BG14: =IF($C14<>"",INDIRECT("'"&$B14&"'!"&"$AD"&BG$6+17),"") | BH14: =IF($C14<>"",INDIRECT("'"&$B14&"'!"&"$AD"&BH$6+17),"") | BI14: =IF($C14<>"",INDIRECT("'"&$B14&"'!"&"$AD"&BI$6+17),"") | BJ14: =IF($C14<>"",INDIRECT("'"&$B14&"'!"&"$AD"&BJ$6+17),"") | BK14: =IF($C14<>"",INDIRECT("'"&$B14&"'!"&"$AD"&BK$6+17),"") | BL14: =IF($C14<>"",INDIRECT("'"&$B14&"'!"&"$AD"&BL$6+17),"") | BM14: =IF($C14<>"",INDIRECT("'"&$B14&"'!"&"$AD"&BM$6+17),"") | BN14: =IF($C14<>"",INDIRECT("'"&$B14&"'!"&"$AD"&BN$6+17),"") | ... BV14: =IF($C14<>"",INDIRECT("'"&$B14&"'!"&"$AD"&BV$6+17),"")
A15: =IF(C15<>"",A14+1,"") -> 6 | B15: Player (6) | C15: =IF('Player Name'!C11<>"",'Player Name'!C11,"") -> John 6 | D15: =IF(C15<>"",F15+H15,"") -> 0 | E15: =IF(C15<>"",G15+I15,"") -> 0 | F15: =IF(C15<>"",SUM(K15:BF15),"") -> 0 | G15: =IF(C15<>"",COUNTIF(K15:BF15,$K$7),"") -> 0 | H15: =IF(C15<>"",SUM(BG15:BV15),"") -> 0 | I15: =IF(C15<>"",COUNTIF(BG15:BN15,$BG$7)+COUNTIF(BO15:BR15,$BO$7)+COUNTIF(BS15:BT15,$BS$7)+COUNTIF(BU15,$BU$7)+COUNTIF(BV15,$BV$7),"") -> 0 | J15: =HYPERLINK("["&Setup!$C$5&"]'"&B15&"'!D4","Update score") -> Update score | K15: =IF($C15<>"",INDIRECT("'"&$B15&"'!"&"$AD"&K$6+14),"") | L15: =IF($C15<>"",INDIRECT("'"&$B15&"'!"&"$AD"&L$6+14),"") | M15: =IF($C15<>"",INDIRECT("'"&$B15&"'!"&"$AD"&M$6+14),"") | N15: =IF($C15<>"",INDIRECT("'"&$B15&"'!"&"$AD"&N$6+14),"") | O15: =IF($C15<>"",INDIRECT("'"&$B15&"'!"&"$AD"&O$6+14),"") | P15: =IF($C15<>"",INDIRECT("'"&$B15&"'!"&"$AD"&P$6+14),"") | Q15: =IF($C15<>"",INDIRECT("'"&$B15&"'!"&"$AD"&Q$6+14),"") | R15: =IF($C15<>"",INDIRECT("'"&$B15&"'!"&"$AD"&R$6+14),"") | ... BF15: =IF($C15<>"",INDIRECT("'"&$B15&"'!"&"$AD"&BF$6+14),"") | BG15: =IF($C15<>"",INDIRECT("'"&$B15&"'!"&"$AD"&BG$6+17),"") | BH15: =IF($C15<>"",INDIRECT("'"&$B15&"'!"&"$AD"&BH$6+17),"") | BI15: =IF($C15<>"",INDIRECT("'"&$B15&"'!"&"$AD"&BI$6+17),"") | BJ15: =IF($C15<>"",INDIRECT("'"&$B15&"'!"&"$AD"&BJ$6+17),"") | BK15: =IF($C15<>"",INDIRECT("'"&$B15&"'!"&"$AD"&BK$6+17),"") | BL15: =IF($C15<>"",INDIRECT("'"&$B15&"'!"&"$AD"&BL$6+17),"") | BM15: =IF($C15<>"",INDIRECT("'"&$B15&"'!"&"$AD"&BM$6+17),"") | BN15: =IF($C15<>"",INDIRECT("'"&$B15&"'!"&"$AD"&BN$6+17),"") | ... BV15: =IF($C15<>"",INDIRECT("'"&$B15&"'!"&"$AD"&BV$6+17),"")
A16: =IF(C16<>"",A15+1,"") -> 7 | B16: Player (7) | C16: =IF('Player Name'!C12<>"",'Player Name'!C12,"") -> John 7 | D16: =IF(C16<>"",F16+H16,"") -> 0 | E16: =IF(C16<>"",G16+I16,"") -> 0 | F16: =IF(C16<>"",SUM(K16:BF16),"") -> 0 | G16: =IF(C16<>"",COUNTIF(K16:BF16,$K$7),"") -> 0 | H16: =IF(C16<>"",SUM(BG16:BV16),"") -> 0 | I16: =IF(C16<>"",COUNTIF(BG16:BN16,$BG$7)+COUNTIF(BO16:BR16,$BO$7)+COUNTIF(BS16:BT16,$BS$7)+COUNTIF(BU16,$BU$7)+COUNTIF(BV16,$BV$7),"") -> 0 | J16: =HYPERLINK("["&Setup!$C$5&"]'"&B16&"'!D4","Update score") -> Update score | K16: =IF($C16<>"",INDIRECT("'"&$B16&"'!"&"$AD"&K$6+14),"") | L16: =IF($C16<>"",INDIRECT("'"&$B16&"'!"&"$AD"&L$6+14),"") | M16: =IF($C16<>"",INDIRECT("'"&$B16&"'!"&"$AD"&M$6+14),"") | N16: =IF($C16<>"",INDIRECT("'"&$B16&"'!"&"$AD"&N$6+14),"") | O16: =IF($C16<>"",INDIRECT("'"&$B16&"'!"&"$AD"&O$6+14),"") | P16: =IF($C16<>"",INDIRECT("'"&$B16&"'!"&"$AD"&P$6+14),"") | Q16: =IF($C16<>"",INDIRECT("'"&$B16&"'!"&"$AD"&Q$6+14),"") | R16: =IF($C16<>"",INDIRECT("'"&$B16&"'!"&"$AD"&R$6+14),"") | ... BF16: =IF($C16<>"",INDIRECT("'"&$B16&"'!"&"$AD"&BF$6+14),"") | BG16: =IF($C16<>"",INDIRECT("'"&$B16&"'!"&"$AD"&BG$6+17),"") | BH16: =IF($C16<>"",INDIRECT("'"&$B16&"'!"&"$AD"&BH$6+17),"") | BI16: =IF($C16<>"",INDIRECT("'"&$B16&"'!"&"$AD"&BI$6+17),"") | BJ16: =IF($C16<>"",INDIRECT("'"&$B16&"'!"&"$AD"&BJ$6+17),"") | BK16: =IF($C16<>"",INDIRECT("'"&$B16&"'!"&"$AD"&BK$6+17),"") | BL16: =IF($C16<>"",INDIRECT("'"&$B16&"'!"&"$AD"&BL$6+17),"") | BM16: =IF($C16<>"",INDIRECT("'"&$B16&"'!"&"$AD"&BM$6+17),"") | BN16: =IF($C16<>"",INDIRECT("'"&$B16&"'!"&"$AD"&BN$6+17),"") | ... BV16: =IF($C16<>"",INDIRECT("'"&$B16&"'!"&"$AD"&BV$6+17),"")
A17: =IF(C17<>"",A16+1,"") -> 8 | B17: Player (8) | C17: =IF('Player Name'!C13<>"",'Player Name'!C13,"") -> John 8 | D17: =IF(C17<>"",F17+H17,"") -> 0 | E17: =IF(C17<>"",G17+I17,"") -> 0 | F17: =IF(C17<>"",SUM(K17:BF17),"") -> 0 | G17: =IF(C17<>"",COUNTIF(K17:BF17,$K$7),"") -> 0 | H17: =IF(C17<>"",SUM(BG17:BV17),"") -> 0 | I17: =IF(C17<>"",COUNTIF(BG17:BN17,$BG$7)+COUNTIF(BO17:BR17,$BO$7)+COUNTIF(BS17:BT17,$BS$7)+COUNTIF(BU17,$BU$7)+COUNTIF(BV17,$BV$7),"") -> 0 | J17: =HYPERLINK("["&Setup!$C$5&"]'"&B17&"'!D4","Update score") -> Update score | K17: =IF($C17<>"",INDIRECT("'"&$B17&"'!"&"$AD"&K$6+14),"") | L17: =IF($C17<>"",INDIRECT("'"&$B17&"'!"&"$AD"&L$6+14),"") | M17: =IF($C17<>"",INDIRECT("'"&$B17&"'!"&"$AD"&M$6+14),"") | N17: =IF($C17<>"",INDIRECT("'"&$B17&"'!"&"$AD"&N$6+14),"") | O17: =IF($C17<>"",INDIRECT("'"&$B17&"'!"&"$AD"&O$6+14),"") | P17: =IF($C17<>"",INDIRECT("'"&$B17&"'!"&"$AD"&P$6+14),"") | Q17: =IF($C17<>"",INDIRECT("'"&$B17&"'!"&"$AD"&Q$6+14),"") | R17: =IF($C17<>"",INDIRECT("'"&$B17&"'!"&"$AD"&R$6+14),"") | ... BF17: =IF($C17<>"",INDIRECT("'"&$B17&"'!"&"$AD"&BF$6+14),"") | BG17: =IF($C17<>"",INDIRECT("'"&$B17&"'!"&"$AD"&BG$6+17),"") | BH17: =IF($C17<>"",INDIRECT("'"&$B17&"'!"&"$AD"&BH$6+17),"") | BI17: =IF($C17<>"",INDIRECT("'"&$B17&"'!"&"$AD"&BI$6+17),"") | BJ17: =IF($C17<>"",INDIRECT("'"&$B17&"'!"&"$AD"&BJ$6+17),"") | BK17: =IF($C17<>"",INDIRECT("'"&$B17&"'!"&"$AD"&BK$6+17),"") | BL17: =IF($C17<>"",INDIRECT("'"&$B17&"'!"&"$AD"&BL$6+17),"") | BM17: =IF($C17<>"",INDIRECT("'"&$B17&"'!"&"$AD"&BM$6+17),"") | BN17: =IF($C17<>"",INDIRECT("'"&$B17&"'!"&"$AD"&BN$6+17),"") | ... BV17: =IF($C17<>"",INDIRECT("'"&$B17&"'!"&"$AD"&BV$6+17),"")
A18: =IF(C18<>"",A17+1,"") -> 9 | B18: Player (9) | C18: =IF('Player Name'!C14<>"",'Player Name'!C14,"") -> John 9 | D18: =IF(C18<>"",F18+H18,"") -> 0 | E18: =IF(C18<>"",G18+I18,"") -> 0 | F18: =IF(C18<>"",SUM(K18:BF18),"") -> 0 | G18: =IF(C18<>"",COUNTIF(K18:BF18,$K$7),"") -> 0 | H18: =IF(C18<>"",SUM(BG18:BV18),"") -> 0 | I18: =IF(C18<>"",COUNTIF(BG18:BN18,$BG$7)+COUNTIF(BO18:BR18,$BO$7)+COUNTIF(BS18:BT18,$BS$7)+COUNTIF(BU18,$BU$7)+COUNTIF(BV18,$BV$7),"") -> 0 | J18: =HYPERLINK("["&Setup!$C$5&"]'"&B18&"'!D4","Update score") -> Update score | K18: =IF($C18<>"",INDIRECT("'"&$B18&"'!"&"$AD"&K$6+14),"") | L18: =IF($C18<>"",INDIRECT("'"&$B18&"'!"&"$AD"&L$6+14),"") | M18: =IF($C18<>"",INDIRECT("'"&$B18&"'!"&"$AD"&M$6+14),"") | N18: =IF($C18<>"",INDIRECT("'"&$B18&"'!"&"$AD"&N$6+14),"") | O18: =IF($C18<>"",INDIRECT("'"&$B18&"'!"&"$AD"&O$6+14),"") | P18: =IF($C18<>"",INDIRECT("'"&$B18&"'!"&"$AD"&P$6+14),"") | Q18: =IF($C18<>"",INDIRECT("'"&$B18&"'!"&"$AD"&Q$6+14),"") | R18: =IF($C18<>"",INDIRECT("'"&$B18&"'!"&"$AD"&R$6+14),"") | ... BF18: =IF($C18<>"",INDIRECT("'"&$B18&"'!"&"$AD"&BF$6+14),"") | BG18: =IF($C18<>"",INDIRECT("'"&$B18&"'!"&"$AD"&BG$6+17),"") | BH18: =IF($C18<>"",INDIRECT("'"&$B18&"'!"&"$AD"&BH$6+17),"") | BI18: =IF($C18<>"",INDIRECT("'"&$B18&"'!"&"$AD"&BI$6+17),"") | BJ18: =IF($C18<>"",INDIRECT("'"&$B18&"'!"&"$AD"&BJ$6+17),"") | BK18: =IF($C18<>"",INDIRECT("'"&$B18&"'!"&"$AD"&BK$6+17),"") | BL18: =IF($C18<>"",INDIRECT("'"&$B18&"'!"&"$AD"&BL$6+17),"") | BM18: =IF($C18<>"",INDIRECT("'"&$B18&"'!"&"$AD"&BM$6+17),"") | BN18: =IF($C18<>"",INDIRECT("'"&$B18&"'!"&"$AD"&BN$6+17),"") | ... BV18: =IF($C18<>"",INDIRECT("'"&$B18&"'!"&"$AD"&BV$6+17),"")
A19: =IF(C19<>"",A18+1,"") -> 10 | B19: Player (10) | C19: =IF('Player Name'!C15<>"",'Player Name'!C15,"") -> John 10 | D19: =IF(C19<>"",F19+H19,"") -> 0 | E19: =IF(C19<>"",G19+I19,"") -> 0 | F19: =IF(C19<>"",SUM(K19:BF19),"") -> 0 | G19: =IF(C19<>"",COUNTIF(K19:BF19,$K$7),"") -> 0 | H19: =IF(C19<>"",SUM(BG19:BV19),"") -> 0 | I19: =IF(C19<>"",COUNTIF(BG19:BN19,$BG$7)+COUNTIF(BO19:BR19,$BO$7)+COUNTIF(BS19:BT19,$BS$7)+COUNTIF(BU19,$BU$7)+COUNTIF(BV19,$BV$7),"") -> 0 | J19: =HYPERLINK("["&Setup!$C$5&"]'"&B19&"'!D4","Update score") -> Update score | K19: =IF($C19<>"",INDIRECT("'"&$B19&"'!"&"$AD"&K$6+14),"") | L19: =IF($C19<>"",INDIRECT("'"&$B19&"'!"&"$AD"&L$6+14),"") | M19: =IF($C19<>"",INDIRECT("'"&$B19&"'!"&"$AD"&M$6+14),"") | N19: =IF($C19<>"",INDIRECT("'"&$B19&"'!"&"$AD"&N$6+14),"") | O19: =IF($C19<>"",INDIRECT("'"&$B19&"'!"&"$AD"&O$6+14),"") | P19: =IF($C19<>"",INDIRECT("'"&$B19&"'!"&"$AD"&P$6+14),"") | Q19: =IF($C19<>"",INDIRECT("'"&$B19&"'!"&"$AD"&Q$6+14),"") | R19: =IF($C19<>"",INDIRECT("'"&$B19&"'!"&"$AD"&R$6+14),"") | ... BF19: =IF($C19<>"",INDIRECT("'"&$B19&"'!"&"$AD"&BF$6+14),"") | BG19: =IF($C19<>"",INDIRECT("'"&$B19&"'!"&"$AD"&BG$6+17),"") | BH19: =IF($C19<>"",INDIRECT("'"&$B19&"'!"&"$AD"&BH$6+17),"") | BI19: =IF($C19<>"",INDIRECT("'"&$B19&"'!"&"$AD"&BI$6+17),"") | BJ19: =IF($C19<>"",INDIRECT("'"&$B19&"'!"&"$AD"&BJ$6+17),"") | BK19: =IF($C19<>"",INDIRECT("'"&$B19&"'!"&"$AD"&BK$6+17),"") | BL19: =IF($C19<>"",INDIRECT("'"&$B19&"'!"&"$AD"&BL$6+17),"") | BM19: =IF($C19<>"",INDIRECT("'"&$B19&"'!"&"$AD"&BM$6+17),"") | BN19: =IF($C19<>"",INDIRECT("'"&$B19&"'!"&"$AD"&BN$6+17),"") | ... BV19: =IF($C19<>"",INDIRECT("'"&$B19&"'!"&"$AD"&BV$6+17),"")
A20: =IF(C20<>"",A19+1,"") -> 11 | B20: Player (11) | C20: =IF('Player Name'!C16<>"",'Player Name'!C16,"") -> John 11 | D20: =IF(C20<>"",F20+H20,"") -> 0 | E20: =IF(C20<>"",G20+I20,"") -> 0 | F20: =IF(C20<>"",SUM(K20:BF20),"") -> 0 | G20: =IF(C20<>"",COUNTIF(K20:BF20,$K$7),"") -> 0 | H20: =IF(C20<>"",SUM(BG20:BV20),"") -> 0 | I20: =IF(C20<>"",COUNTIF(BG20:BN20,$BG$7)+COUNTIF(BO20:BR20,$BO$7)+COUNTIF(BS20:BT20,$BS$7)+COUNTIF(BU20,$BU$7)+COUNTIF(BV20,$BV$7),"") -> 0 | J20: =HYPERLINK("["&Setup!$C$5&"]'"&B20&"'!D4","Update score") -> Update score | K20: =IF($C20<>"",INDIRECT("'"&$B20&"'!"&"$AD"&K$6+14),"") | L20: =IF($C20<>"",INDIRECT("'"&$B20&"'!"&"$AD"&L$6+14),"") | M20: =IF($C20<>"",INDIRECT("'"&$B20&"'!"&"$AD"&M$6+14),"") | N20: =IF($C20<>"",INDIRECT("'"&$B20&"'!"&"$AD"&N$6+14),"") | O20: =IF($C20<>"",INDIRECT("'"&$B20&"'!"&"$AD"&O$6+14),"") | P20: =IF($C20<>"",INDIRECT("'"&$B20&"'!"&"$AD"&P$6+14),"") | Q20: =IF($C20<>"",INDIRECT("'"&$B20&"'!"&"$AD"&Q$6+14),"") | R20: =IF($C20<>"",INDIRECT("'"&$B20&"'!"&"$AD"&R$6+14),"") | ... BF20: =IF($C20<>"",INDIRECT("'"&$B20&"'!"&"$AD"&BF$6+14),"") | BG20: =IF($C20<>"",INDIRECT("'"&$B20&"'!"&"$AD"&BG$6+17),"") | BH20: =IF($C20<>"",INDIRECT("'"&$B20&"'!"&"$AD"&BH$6+17),"") | BI20: =IF($C20<>"",INDIRECT("'"&$B20&"'!"&"$AD"&BI$6+17),"") | BJ20: =IF($C20<>"",INDIRECT("'"&$B20&"'!"&"$AD"&BJ$6+17),"") | BK20: =IF($C20<>"",INDIRECT("'"&$B20&"'!"&"$AD"&BK$6+17),"") | BL20: =IF($C20<>"",INDIRECT("'"&$B20&"'!"&"$AD"&BL$6+17),"") | BM20: =IF($C20<>"",INDIRECT("'"&$B20&"'!"&"$AD"&BM$6+17),"") | BN20: =IF($C20<>"",INDIRECT("'"&$B20&"'!"&"$AD"&BN$6+17),"") | ... BV20: =IF($C20<>"",INDIRECT("'"&$B20&"'!"&"$AD"&BV$6+17),"")
A21: =IF(C21<>"",A20+1,"") -> 12 | B21: Player (12) | C21: =IF('Player Name'!C17<>"",'Player Name'!C17,"") -> John 12 | D21: =IF(C21<>"",F21+H21,"") -> 0 | E21: =IF(C21<>"",G21+I21,"") -> 0 | F21: =IF(C21<>"",SUM(K21:BF21),"") -> 0 | G21: =IF(C21<>"",COUNTIF(K21:BF21,$K$7),"") -> 0 | H21: =IF(C21<>"",SUM(BG21:BV21),"") -> 0 | I21: =IF(C21<>"",COUNTIF(BG21:BN21,$BG$7)+COUNTIF(BO21:BR21,$BO$7)+COUNTIF(BS21:BT21,$BS$7)+COUNTIF(BU21,$BU$7)+COUNTIF(BV21,$BV$7),"") -> 0 | J21: =HYPERLINK("["&Setup!$C$5&"]'"&B21&"'!D4","Update score") -> Update score | K21: =IF($C21<>"",INDIRECT("'"&$B21&"'!"&"$AD"&K$6+14),"") | L21: =IF($C21<>"",INDIRECT("'"&$B21&"'!"&"$AD"&L$6+14),"") | M21: =IF($C21<>"",INDIRECT("'"&$B21&"'!"&"$AD"&M$6+14),"") | N21: =IF($C21<>"",INDIRECT("'"&$B21&"'!"&"$AD"&N$6+14),"") | O21: =IF($C21<>"",INDIRECT("'"&$B21&"'!"&"$AD"&O$6+14),"") | P21: =IF($C21<>"",INDIRECT("'"&$B21&"'!"&"$AD"&P$6+14),"") | Q21: =IF($C21<>"",INDIRECT("'"&$B21&"'!"&"$AD"&Q$6+14),"") | R21: =IF($C21<>"",INDIRECT("'"&$B21&"'!"&"$AD"&R$6+14),"") | ... BF21: =IF($C21<>"",INDIRECT("'"&$B21&"'!"&"$AD"&BF$6+14),"") | BG21: =IF($C21<>"",INDIRECT("'"&$B21&"'!"&"$AD"&BG$6+17),"") | BH21: =IF($C21<>"",INDIRECT("'"&$B21&"'!"&"$AD"&BH$6+17),"") | BI21: =IF($C21<>"",INDIRECT("'"&$B21&"'!"&"$AD"&BI$6+17),"") | BJ21: =IF($C21<>"",INDIRECT("'"&$B21&"'!"&"$AD"&BJ$6+17),"") | BK21: =IF($C21<>"",INDIRECT("'"&$B21&"'!"&"$AD"&BK$6+17),"") | BL21: =IF($C21<>"",INDIRECT("'"&$B21&"'!"&"$AD"&BL$6+17),"") | BM21: =IF($C21<>"",INDIRECT("'"&$B21&"'!"&"$AD"&BM$6+17),"") | BN21: =IF($C21<>"",INDIRECT("'"&$B21&"'!"&"$AD"&BN$6+17),"") | ... BV21: =IF($C21<>"",INDIRECT("'"&$B21&"'!"&"$AD"&BV$6+17),"")
A22: =IF(C22<>"",A21+1,"") -> 13 | B22: Player (13) | C22: =IF('Player Name'!C18<>"",'Player Name'!C18,"") -> John 13 | D22: =IF(C22<>"",F22+H22,"") -> 0 | E22: =IF(C22<>"",G22+I22,"") -> 0 | F22: =IF(C22<>"",SUM(K22:BF22),"") -> 0 | G22: =IF(C22<>"",COUNTIF(K22:BF22,$K$7),"") -> 0 | H22: =IF(C22<>"",SUM(BG22:BV22),"") -> 0 | I22: =IF(C22<>"",COUNTIF(BG22:BN22,$BG$7)+COUNTIF(BO22:BR22,$BO$7)+COUNTIF(BS22:BT22,$BS$7)+COUNTIF(BU22,$BU$7)+COUNTIF(BV22,$BV$7),"") -> 0 | J22: =HYPERLINK("["&Setup!$C$5&"]'"&B22&"'!D4","Update score") -> Update score | K22: =IF($C22<>"",INDIRECT("'"&$B22&"'!"&"$AD"&K$6+14),"") | L22: =IF($C22<>"",INDIRECT("'"&$B22&"'!"&"$AD"&L$6+14),"") | M22: =IF($C22<>"",INDIRECT("'"&$B22&"'!"&"$AD"&M$6+14),"") | N22: =IF($C22<>"",INDIRECT("'"&$B22&"'!"&"$AD"&N$6+14),"") | O22: =IF($C22<>"",INDIRECT("'"&$B22&"'!"&"$AD"&O$6+14),"") | P22: =IF($C22<>"",INDIRECT("'"&$B22&"'!"&"$AD"&P$6+14),"") | Q22: =IF($C22<>"",INDIRECT("'"&$B22&"'!"&"$AD"&Q$6+14),"") | R22: =IF($C22<>"",INDIRECT("'"&$B22&"'!"&"$AD"&R$6+14),"") | ... BF22: =IF($C22<>"",INDIRECT("'"&$B22&"'!"&"$AD"&BF$6+14),"") | BG22: =IF($C22<>"",INDIRECT("'"&$B22&"'!"&"$AD"&BG$6+17),"") | BH22: =IF($C22<>"",INDIRECT("'"&$B22&"'!"&"$AD"&BH$6+17),"") | BI22: =IF($C22<>"",INDIRECT("'"&$B22&"'!"&"$AD"&BI$6+17),"") | BJ22: =IF($C22<>"",INDIRECT("'"&$B22&"'!"&"$AD"&BJ$6+17),"") | BK22: =IF($C22<>"",INDIRECT("'"&$B22&"'!"&"$AD"&BK$6+17),"") | BL22: =IF($C22<>"",INDIRECT("'"&$B22&"'!"&"$AD"&BL$6+17),"") | BM22: =IF($C22<>"",INDIRECT("'"&$B22&"'!"&"$AD"&BM$6+17),"") | BN22: =IF($C22<>"",INDIRECT("'"&$B22&"'!"&"$AD"&BN$6+17),"") | ... BV22: =IF($C22<>"",INDIRECT("'"&$B22&"'!"&"$AD"&BV$6+17),"")
... A24: =IF(C24<>"",A23+1,"") -> 15 | B24: Player (15) | C24: =IF('Player Name'!C20<>"",'Player Name'!C20,"") -> John 15 | D24: =IF(C24<>"",F24+H24,"") -> 0 | E24: =IF(C24<>"",G24+I24,"") -> 0 | F24: =IF(C24<>"",SUM(K24:BF24),"") -> 0 | G24: =IF(C24<>"",COUNTIF(K24:BF24,$K$7),"") -> 0 | H24: =IF(C24<>"",SUM(BG24:BV24),"") -> 0 | I24: =IF(C24<>"",COUNTIF(BG24:BN24,$BG$7)+COUNTIF(BO24:BR24,$BO$7)+COUNTIF(BS24:BT24,$BS$7)+COUNTIF(BU24,$BU$7)+COUNTIF(BV24,$BV$7),"") -> 0 | J24: =HYPERLINK("["&Setup!$C$5&"]'"&B24&"'!D4","Update score") -> Update score | K24: =IF($C24<>"",INDIRECT("'"&$B24&"'!"&"$AD"&K$6+14),"") | L24: =IF($C24<>"",INDIRECT("'"&$B24&"'!"&"$AD"&L$6+14),"") | M24: =IF($C24<>"",INDIRECT("'"&$B24&"'!"&"$AD"&M$6+14),"") | N24: =IF($C24<>"",INDIRECT("'"&$B24&"'!"&"$AD"&N$6+14),"") | O24: =IF($C24<>"",INDIRECT("'"&$B24&"'!"&"$AD"&O$6+14),"") | P24: =IF($C24<>"",INDIRECT("'"&$B24&"'!"&"$AD"&P$6+14),"") | Q24: =IF($C24<>"",INDIRECT("'"&$B24&"'!"&"$AD"&Q$6+14),"") | R24: =IF($C24<>"",INDIRECT("'"&$B24&"'!"&"$AD"&R$6+14),"") | ... BF24: =IF($C24<>"",INDIRECT("'"&$B24&"'!"&"$AD"&BF$6+14),"") | BG24: =IF($C24<>"",INDIRECT("'"&$B24&"'!"&"$AD"&BG$6+17),"") | BH24: =IF($C24<>"",INDIRECT("'"&$B24&"'!"&"$AD"&BH$6+17),"") | BI24: =IF($C24<>"",INDIRECT("'"&$B24&"'!"&"$AD"&BI$6+17),"") | BJ24: =IF($C24<>"",INDIRECT("'"&$B24&"'!"&"$AD"&BJ$6+17),"") | BK24: =IF($C24<>"",INDIRECT("'"&$B24&"'!"&"$AD"&BK$6+17),"") | BL24: =IF($C24<>"",INDIRECT("'"&$B24&"'!"&"$AD"&BL$6+17),"") | BM24: =IF($C24<>"",INDIRECT("'"&$B24&"'!"&"$AD"&BM$6+17),"") | BN24: =IF($C24<>"",INDIRECT("'"&$B24&"'!"&"$AD"&BN$6+17),"") | ... BV24: =IF($C24<>"",INDIRECT("'"&$B24&"'!"&"$AD"&BV$6+17),"")

Sheet Player Scoreboard (2)
K5: Group Stages | BG5: Round of 16 | BO5: Quarter Final | BS5: Semifinal | BU5: 3rd Place | BV5: FINAL
K6: 1 | L6: 2 | M6: 3 | N6: 4 | O6: 5 | P6: 6 | Q6: 7 | R6: 8 | S6: 9 | T6: 10 | U6: 11 | V6: 12 | W6: 13 | X6: 14 | Y6: 15 | Z6: 16 | AA6: 17 | AB6: 18 | AC6: 19 | AD6: 20 | AE6: 21 | AF6: 22 | AG6: 23 | AH6: 24 | AI6: 25 | AJ6: 26 | AK6: 27 | AL6: 28 | AM6: 29 | AN6: 30 | AO6: 31 | AP6: 32 | AQ6: 33 | AR6: 34 | AS6: 35 | AT6: 36 | AU6: 37 | AV6: 38 | AW6: 39 | AX6: 40 | AY6: 41 | AZ6: 42 | BA6: 43 | BB6: 44 | BC6: 45 | BD6: 46 | BE6: 47 | BF6: 48 | BG6: 49 | BH6: 50 | BI6: 51 | BJ6: 52 | BK6: 53 | BL6: 54 | BM6: 55 | BN6: 56 | BO6: 57 | BP6: 58 | BQ6: 59 | BR6: 60 | BS6: 61 | BT6: 62 | BU6: 63 | BV6: 64
A7: No | B7: Sheet Name | C7: Player Name | D7: Total Point | E7: Total Correct Prediction | F7: Group Stages | H7: Knock Out Stages | J7: Max Score >> | K7: =Setup!D10 -> 100 | L7: =K7 -> 100 | M7: =L7 -> 100 | N7: =M7 -> 100 | O7: =N7 -> 100 | P7: =O7 -> 100 | Q7: =P7 -> 100 | R7: =Q7 -> 100 | S7: =R7 -> 100 | ... BF7: =BE7 -> 100 | BG7: =Setup!D20 -> 200 | BH7: =BG7 -> 200 | BI7: =BH7 -> 200 | BJ7: =BI7 -> 200 | BK7: =BJ7 -> 200 | BL7: =BK7 -> 200 | BM7: =BL7 -> 200 | BN7: =BM7 -> 200 | BO7: =Setup!E20 -> 400 | BP7: =BO7 -> 400 | BQ7: =BP7 -> 400 | BR7: =BQ7 -> 400 | BS7: =Setup!F20 -> 800 | BT7: =BS7 -> 800 | BU7: =Setup!G20 -> 800 | BV7: =Setup!H20 -> 1600
F8: Total Point | G8: Correct Prediction | H8: Total Point | I8: Correct Prediction | J8: Match >> | K8: =LEFT(OFFSET(Tournament!$H$15,K$6,0),3)&" vs "&LEFT(OFFSET(Tournament!$N$15,K$6,0),3) -> Bra vs Cro | L8: =LEFT(OFFSET(Tournament!$H$15,L$6,0),3)&" vs "&LEFT(OFFSET(Tournament!$N$15,L$6,0),3) -> Mex vs Cam | M8: =LEFT(OFFSET(Tournament!$H$15,M$6,0),3)&" vs "&LEFT(OFFSET(Tournament!$N$15,M$6,0),3) -> Spa vs Net | N8: =LEFT(OFFSET(Tournament!$H$15,N$6,0),3)&" vs "&LEFT(OFFSET(Tournament!$N$15,N$6,0),3) -> Chi vs Aus | O8: =LEFT(OFFSET(Tournament!$H$15,O$6,0),3)&" vs "&LEFT(OFFSET(Tournament!$N$15,O$6,0),3) -> Col vs Gre | P8: =LEFT(OFFSET(Tournament!$H$15,P$6,0),3)&" vs "&LEFT(OFFSET(Tournament!$N$15,P$6,0),3) -> Ivo vs Jap | Q8: =LEFT(OFFSET(Tournament!$H$15,Q$6,0),3)&" vs "&LEFT(OFFSET(Tournament!$N$15,Q$6,0),3) -> Uru vs Cos | R8: =LEFT(OFFSET(Tournament!$H$15,R$6,0),3)&" vs "&LEFT(OFFSET(Tournament!$N$15,R$6,0),3) -> Eng vs Ita | ... BF8: =LEFT(OFFSET(Tournament!$H$15,BF$6,0),3)&" vs "&LEFT(OFFSET(Tournament!$N$15,BF$6,0),3) -> Alg vs Rus | BG8: =LEFT(OFFSET(Tournament!$H$68,1,0),3)&" vs "&LEFT(OFFSET(Tournament!$N$68,1,0),3) -> Gro vs Gro | BH8: =LEFT(OFFSET(Tournament!$H$68,7,0),3)&" vs "&LEFT(OFFSET(Tournament!$N$68,7,0),3) -> Gro vs Gro | BI8: =LEFT(OFFSET(Tournament!$H$68,13,0),3)&" vs "&LEFT(OFFSET(Tournament!$N$68,13,0),3) -> Gro vs Gro | BJ8: =LEFT(OFFSET(Tournament!$H$68,19,0),3)&" vs "&LEFT(OFFSET(Tournament!$N$68,19,0),3) -> Gro vs Gro | BK8: =LEFT(OFFSET(Tournament!$H$68,25,0),3)&" vs "&LEFT(OFFSET(Tournament!$N$68,25,0),3) -> Gro vs Gro | BL8: =LEFT(OFFSET(Tournament!$H$68,31,0),3)&" vs "&LEFT(OFFSET(Tournament!$N$68,31,0),3) -> Gro vs Gro | BM8: =LEFT(OFFSET(Tournament!$H$68,37,0),3)&" vs "&LEFT(OFFSET(Tournament!$N$68,37,0),3) -> Gro vs Gro | BN8: =LEFT(OFFSET(Tournament!$H$68,43,0),3)&" vs "&LEFT(OFFSET(Tournament!$N$68,43,0),3) -> Gro vs Gro | BO8: =LEFT(OFFSET(Tournament!$Y$68,1,0),3)&" vs "&LEFT(OFFSET(Tournament!$AE$68,1,0),3) -> Mat vs Mat | BP8: =LEFT(OFFSET(Tournament!$Y$68,6,0),3)&" vs "&LEFT(OFFSET(Tournament!$AE$68,6,0),3) -> Mat vs Mat | BQ8: =LEFT(OFFSET(Tournament!$Y$68,11,0),3)&" vs "&LEFT(OFFSET(Tournament!$AE$68,11,0),3) -> Mat vs Mat | BR8: =LEFT(OFFSET(Tournament!$Y$68,16,0),3)&" vs "&LEFT(OFFSET(Tournament!$AE$68,16,0),3) -> Mat vs Mat | BS8: =LEFT(OFFSET(Tournament!$Y$91,1,0),3)&" vs "&LEFT(OFFSET(Tournament!$AE$91,1,0),3) -> Mat vs Mat | BT8: =LEFT(OFFSET(Tournament!$Y$91,6,0),3)&" vs "&LEFT(OFFSET(Tournament!$AE$91,6,0),3) -> Mat vs Mat | BU8: =LEFT(OFFSET(Tournament!$Y$104,1,0),3)&" vs "&LEFT(OFFSET(Tournament!$AE$104,1,0),3) -> Mat vs Mat | BV8: =LEFT(OFFSET(Tournament!$Y$112,1,0),3)&" vs "&LEFT(OFFSET(Tournament!$AE$112,1,0),3) -> Mat vs Mat
J9: Result (NT, ET, PSO) >> | K9: =LEFT(OFFSET(Tournament!$J$15,K$6,0),3)&" - "&LEFT(OFFSET(Tournament!$L$15,K$6,0),3) -> 3 - 1 | L9: =LEFT(OFFSET(Tournament!$J$15,L$6,0),3)&" - "&LEFT(OFFSET(Tournament!$L$15,L$6,0),3) -> 1 - 0 | M9: =LEFT(OFFSET(Tournament!$J$15,M$6,0),3)&" - "&LEFT(OFFSET(Tournament!$L$15,M$6,0),3) -> 1 - 5 | N9: =LEFT(OFFSET(Tournament!$J$15,N$6,0),3)&" - "&LEFT(OFFSET(Tournament!$L$15,N$6,0),3) -> 3 - 1 | O9: =LEFT(OFFSET(Tournament!$J$15,O$6,0),3)&" - "&LEFT(OFFSET(Tournament!$L$15,O$6,0),3) -> - | P9: =LEFT(OFFSET(Tournament!$J$15,P$6,0),3)&" - "&LEFT(OFFSET(Tournament!$L$15,P$6,0),3) -> - | Q9: =LEFT(OFFSET(Tournament!$J$15,Q$6,0),3)&" - "&LEFT(OFFSET(Tournament!$L$15,Q$6,0),3) -> - | R9: =LEFT(OFFSET(Tournament!$J$15,R$6,0),3)&" - "&LEFT(OFFSET(Tournament!$L$15,R$6,0),3) -> - | ... BF9: =LEFT(OFFSET(Tournament!$J$15,BF$6,0),3)&" - "&LEFT(OFFSET(Tournament!$L$15,BF$6,0),3) -> - | BG9: =LEFT(OFFSET(Player!$R$65,BG$6-48,0),3)&" - "&LEFT(OFFSET(Player!$T$65,BG$6-48,0),3) -> - | BH9: =LEFT(OFFSET(Player!$R$65,BH$6-48,0),3)&" - "&LEFT(OFFSET(Player!$T$65,BH$6-48,0),3) -> - | BI9: =LEFT(OFFSET(Player!$R$65,BI$6-48,0),3)&" - "&LEFT(OFFSET(Player!$T$65,BI$6-48,0),3) -> - | BJ9: =LEFT(OFFSET(Player!$R$65,BJ$6-48,0),3)&" - "&LEFT(OFFSET(Player!$T$65,BJ$6-48,0),3) -> - | BK9: =LEFT(OFFSET(Player!$R$65,BK$6-48,0),3)&" - "&LEFT(OFFSET(Player!$T$65,BK$6-48,0),3) -> - | BL9: =LEFT(OFFSET(Player!$R$65,BL$6-48,0),3)&" - "&LEFT(OFFSET(Player!$T$65,BL$6-48,0),3) -> - | BM9: =LEFT(OFFSET(Player!$R$65,BM$6-48,0),3)&" - "&LEFT(OFFSET(Player!$T$65,BM$6-48,0),3) -> - | BN9: =LEFT(OFFSET(Player!$R$65,BN$6-48,0),3)&" - "&LEFT(OFFSET(Player!$T$65,BN$6-48,0),3) -> - | ... BV9: =LEFT(OFFSET(Player!$R$65,BV$6-48,0),3)&" - "&LEFT(OFFSET(Player!$T$65,BV$6-48,0),3) -> -
A10: =IF('Player Scoreboard'!A10<>"",'Player Scoreboard'!A10,"") -> 1 | B10: Player | C10: =IF('Player Name'!C6<>"",'Player Name'!C6,"") -> John 1 | D10: =IF($C10<>"",'Player Scoreboard'!D10,"") -> 0 | E10: =IF($C10<>"",'Player Scoreboard'!E10,"") -> 0 | F10: =IF($C10<>"",'Player Scoreboard'!F10,"") -> 0 | G10: =IF($C10<>"",'Player Scoreboard'!G10,"") -> 0 | H10: =IF($C10<>"",'Player Scoreboard'!H10,"") -> 0 | I10: =IF($C10<>"",'Player Scoreboard'!I10,"") -> 0 | J10: =HYPERLINK("["&Setup!$C$5&"]'"&B10&"'!D4","Update score") -> Update score | K10: =IF($C10<>"",INDIRECT("'"&$B10&"'!"&"$i"&K$6+14)&" - "&INDIRECT("'"&$B10&"'!"&"$k"&K$6+14),"") -> - | L10: =IF($C10<>"",INDIRECT("'"&$B10&"'!"&"$i"&L$6+14)&" - "&INDIRECT("'"&$B10&"'!"&"$k"&L$6+14),"") -> - | M10: =IF($C10<>"",INDIRECT("'"&$B10&"'!"&"$i"&M$6+14)&" - "&INDIRECT("'"&$B10&"'!"&"$k"&M$6+14),"") -> - | N10: =IF($C10<>"",INDIRECT("'"&$B10&"'!"&"$i"&N$6+14)&" - "&INDIRECT("'"&$B10&"'!"&"$k"&N$6+14),"") -> - | O10: =IF($C10<>"",INDIRECT("'"&$B10&"'!"&"$i"&O$6+14)&" - "&INDIRECT("'"&$B10&"'!"&"$k"&O$6+14),"") -> - | P10: =IF($C10<>"",INDIRECT("'"&$B10&"'!"&"$i"&P$6+14)&" - "&INDIRECT("'"&$B10&"'!"&"$k"&P$6+14),"") -> - | Q10: =IF($C10<>"",INDIRECT("'"&$B10&"'!"&"$i"&Q$6+14)&" - "&INDIRECT("'"&$B10&"'!"&"$k"&Q$6+14),"") -> - | R10: =IF($C10<>"",INDIRECT("'"&$B10&"'!"&"$i"&R$6+14)&" - "&INDIRECT("'"&$B10&"'!"&"$k"&R$6+14),"") -> - | ... BF10: =IF($C10<>"",INDIRECT("'"&$B10&"'!"&"$i"&BF$6+14)&" - "&INDIRECT("'"&$B10&"'!"&"$k"&BF$6+14),"") -> - | BG10: =IF($C10<>"",INDIRECT("'"&$B10&"'!"&"$i"&BG$6+17)&" - "&INDIRECT("'"&$B10&"'!"&"$k"&BG$6+17),"") -> - | BH10: =IF($C10<>"",INDIRECT("'"&$B10&"'!"&"$i"&BH$6+17)&" - "&INDIRECT("'"&$B10&"'!"&"$k"&BH$6+17),"") -> - | BI10: =IF($C10<>"",INDIRECT("'"&$B10&"'!"&"$i"&BI$6+17)&" - "&INDIRECT("'"&$B10&"'!"&"$k"&BI$6+17),"") -> - | BJ10: =IF($C10<>"",INDIRECT("'"&$B10&"'!"&"$i"&BJ$6+17)&" - "&INDIRECT("'"&$B10&"'!"&"$k"&BJ$6+17),"") -> - | BK10: =IF($C10<>"",INDIRECT("'"&$B10&"'!"&"$i"&BK$6+17)&" - "&INDIRECT("'"&$B10&"'!"&"$k"&BK$6+17),"") -> - | BL10: =IF($C10<>"",INDIRECT("'"&$B10&"'!"&"$i"&BL$6+17)&" - "&INDIRECT("'"&$B10&"'!"&"$k"&BL$6+17),"") -> - | BM10: =IF($C10<>"",INDIRECT("'"&$B10&"'!"&"$i"&BM$6+17)&" - "&INDIRECT("'"&$B10&"'!"&"$k"&BM$6+17),"") -> - | BN10: =IF($C10<>"",INDIRECT("'"&$B10&"'!"&"$i"&BN$6+17)&" - "&INDIRECT("'"&$B10&"'!"&"$k"&BN$6+17),"") -> - | ... BV10: =IF($C10<>"",INDIRECT("'"&$B10&"'!"&"$i"&BV$6+17)&" - "&INDIRECT("'"&$B10&"'!"&"$k"&BV$6+17),"") -> -
A11: =IF('Player Scoreboard'!A11<>"",'Player Scoreboard'!A11,"") -> 2 | B11: Player (2) | C11: =IF('Player Name'!C7<>"",'Player Name'!C7,"") -> John 2 | D11: =IF($C11<>"",'Player Scoreboard'!D11,"") -> 0 | E11: =IF($C11<>"",'Player Scoreboard'!E11,"") -> 0 | F11: =IF($C11<>"",'Player Scoreboard'!F11,"") -> 0 | G11: =IF($C11<>"",'Player Scoreboard'!G11,"") -> 0 | H11: =IF($C11<>"",'Player Scoreboard'!H11,"") -> 0 | I11: =IF($C11<>"",'Player Scoreboard'!I11,"") -> 0 | J11: =HYPERLINK("["&Setup!$C$5&"]'"&B11&"'!D4","Update score") -> Update score | K11: =IF($C11<>"",INDIRECT("'"&$B11&"'!"&"$i"&K$6+14)&" - "&INDIRECT("'"&$B11&"'!"&"$k"&K$6+14),"") -> - | L11: =IF($C11<>"",INDIRECT("'"&$B11&"'!"&"$i"&L$6+14)&" - "&INDIRECT("'"&$B11&"'!"&"$k"&L$6+14),"") -> - | M11: =IF($C11<>"",INDIRECT("'"&$B11&"'!"&"$i"&M$6+14)&" - "&INDIRECT("'"&$B11&"'!"&"$k"&M$6+14),"") -> - | N11: =IF($C11<>"",INDIRECT("'"&$B11&"'!"&"$i"&N$6+14)&" - "&INDIRECT("'"&$B11&"'!"&"$k"&N$6+14),"") -> - | O11: =IF($C11<>"",INDIRECT("'"&$B11&"'!"&"$i"&O$6+14)&" - "&INDIRECT("'"&$B11&"'!"&"$k"&O$6+14),"") -> - | P11: =IF($C11<>"",INDIRECT("'"&$B11&"'!"&"$i"&P$6+14)&" - "&INDIRECT("'"&$B11&"'!"&"$k"&P$6+14),"") -> - | Q11: =IF($C11<>"",INDIRECT("'"&$B11&"'!"&"$i"&Q$6+14)&" - "&INDIRECT("'"&$B11&"'!"&"$k"&Q$6+14),"") -> - | R11: =IF($C11<>"",INDIRECT("'"&$B11&"'!"&"$i"&R$6+14)&" - "&INDIRECT("'"&$B11&"'!"&"$k"&R$6+14),"") -> - | ... BF11: =IF($C11<>"",INDIRECT("'"&$B11&"'!"&"$i"&BF$6+14)&" - "&INDIRECT("'"&$B11&"'!"&"$k"&BF$6+14),"") -> - | BG11: =IF($C11<>"",INDIRECT("'"&$B11&"'!"&"$i"&BG$6+17)&" - "&INDIRECT("'"&$B11&"'!"&"$k"&BG$6+17),"") -> - | BH11: =IF($C11<>"",INDIRECT("'"&$B11&"'!"&"$i"&BH$6+17)&" - "&INDIRECT("'"&$B11&"'!"&"$k"&BH$6+17),"") -> - | BI11: =IF($C11<>"",INDIRECT("'"&$B11&"'!"&"$i"&BI$6+17)&" - "&INDIRECT("'"&$B11&"'!"&"$k"&BI$6+17),"") -> - | BJ11: =IF($C11<>"",INDIRECT("'"&$B11&"'!"&"$i"&BJ$6+17)&" - "&INDIRECT("'"&$B11&"'!"&"$k"&BJ$6+17),"") -> - | BK11: =IF($C11<>"",INDIRECT("'"&$B11&"'!"&"$i"&BK$6+17)&" - "&INDIRECT("'"&$B11&"'!"&"$k"&BK$6+17),"") -> - | BL11: =IF($C11<>"",INDIRECT("'"&$B11&"'!"&"$i"&BL$6+17)&" - "&INDIRECT("'"&$B11&"'!"&"$k"&BL$6+17),"") -> - | BM11: =IF($C11<>"",INDIRECT("'"&$B11&"'!"&"$i"&BM$6+17)&" - "&INDIRECT("'"&$B11&"'!"&"$k"&BM$6+17),"") -> - | BN11: =IF($C11<>"",INDIRECT("'"&$B11&"'!"&"$i"&BN$6+17)&" - "&INDIRECT("'"&$B11&"'!"&"$k"&BN$6+17),"") -> - | ... BV11: =IF($C11<>"",INDIRECT("'"&$B11&"'!"&"$i"&BV$6+17)&" - "&INDIRECT("'"&$B11&"'!"&"$k"&BV$6+17),"") -> -
A12: =IF('Player Scoreboard'!A12<>"",'Player Scoreboard'!A12,"") -> 3 | B12: Player (3) | C12: =IF('Player Name'!C8<>"",'Player Name'!C8,"") -> John 3 | D12: =IF($C12<>"",'Player Scoreboard'!D12,"") -> 0 | E12: =IF($C12<>"",'Player Scoreboard'!E12,"") -> 0 | F12: =IF($C12<>"",'Player Scoreboard'!F12,"") -> 0 | G12: =IF($C12<>"",'Player Scoreboard'!G12,"") -> 0 | H12: =IF($C12<>"",'Player Scoreboard'!H12,"") -> 0 | I12: =IF($C12<>"",'Player Scoreboard'!I12,"") -> 0 | J12: =HYPERLINK("["&Setup!$C$5&"]'"&B12&"'!D4","Update score") -> Update score | K12: =IF($C12<>"",INDIRECT("'"&$B12&"'!"&"$i"&K$6+14)&" - "&INDIRECT("'"&$B12&"'!"&"$k"&K$6+14),"") -> - | L12: =IF($C12<>"",INDIRECT("'"&$B12&"'!"&"$i"&L$6+14)&" - "&INDIRECT("'"&$B12&"'!"&"$k"&L$6+14),"") -> - | M12: =IF($C12<>"",INDIRECT("'"&$B12&"'!"&"$i"&M$6+14)&" - "&INDIRECT("'"&$B12&"'!"&"$k"&M$6+14),"") -> - | N12: =IF($C12<>"",INDIRECT("'"&$B12&"'!"&"$i"&N$6+14)&" - "&INDIRECT("'"&$B12&"'!"&"$k"&N$6+14),"") -> - | O12: =IF($C12<>"",INDIRECT("'"&$B12&"'!"&"$i"&O$6+14)&" - "&INDIRECT("'"&$B12&"'!"&"$k"&O$6+14),"") -> - | P12: =IF($C12<>"",INDIRECT("'"&$B12&"'!"&"$i"&P$6+14)&" - "&INDIRECT("'"&$B12&"'!"&"$k"&P$6+14),"") -> - | Q12: =IF($C12<>"",INDIRECT("'"&$B12&"'!"&"$i"&Q$6+14)&" - "&INDIRECT("'"&$B12&"'!"&"$k"&Q$6+14),"") -> - | R12: =IF($C12<>"",INDIRECT("'"&$B12&"'!"&"$i"&R$6+14)&" - "&INDIRECT("'"&$B12&"'!"&"$k"&R$6+14),"") -> - | ... BF12: =IF($C12<>"",INDIRECT("'"&$B12&"'!"&"$i"&BF$6+14)&" - "&INDIRECT("'"&$B12&"'!"&"$k"&BF$6+14),"") -> - | BG12: =IF($C12<>"",INDIRECT("'"&$B12&"'!"&"$i"&BG$6+17)&" - "&INDIRECT("'"&$B12&"'!"&"$k"&BG$6+17),"") -> - | BH12: =IF($C12<>"",INDIRECT("'"&$B12&"'!"&"$i"&BH$6+17)&" - "&INDIRECT("'"&$B12&"'!"&"$k"&BH$6+17),"") -> - | BI12: =IF($C12<>"",INDIRECT("'"&$B12&"'!"&"$i"&BI$6+17)&" - "&INDIRECT("'"&$B12&"'!"&"$k"&BI$6+17),"") -> - | BJ12: =IF($C12<>"",INDIRECT("'"&$B12&"'!"&"$i"&BJ$6+17)&" - "&INDIRECT("'"&$B12&"'!"&"$k"&BJ$6+17),"") -> - | BK12: =IF($C12<>"",INDIRECT("'"&$B12&"'!"&"$i"&BK$6+17)&" - "&INDIRECT("'"&$B12&"'!"&"$k"&BK$6+17),"") -> - | BL12: =IF($C12<>"",INDIRECT("'"&$B12&"'!"&"$i"&BL$6+17)&" - "&INDIRECT("'"&$B12&"'!"&"$k"&BL$6+17),"") -> - | BM12: =IF($C12<>"",INDIRECT("'"&$B12&"'!"&"$i"&BM$6+17)&" - "&INDIRECT("'"&$B12&"'!"&"$k"&BM$6+17),"") -> - | BN12: =IF($C12<>"",INDIRECT("'"&$B12&"'!"&"$i"&BN$6+17)&" - "&INDIRECT("'"&$B12&"'!"&"$k"&BN$6+17),"") -> - | ... BV12: =IF($C12<>"",INDIRECT("'"&$B12&"'!"&"$i"&BV$6+17)&" - "&INDIRECT("'"&$B12&"'!"&"$k"&BV$6+17),"") -> -
A13: =IF('Player Scoreboard'!A13<>"",'Player Scoreboard'!A13,"") -> 4 | B13: Player (4) | C13: =IF('Player Name'!C9<>"",'Player Name'!C9,"") -> John 4 | D13: =IF($C13<>"",'Player Scoreboard'!D13,"") -> 0 | E13: =IF($C13<>"",'Player Scoreboard'!E13,"") -> 0 | F13: =IF($C13<>"",'Player Scoreboard'!F13,"") -> 0 | G13: =IF($C13<>"",'Player Scoreboard'!G13,"") -> 0 | H13: =IF($C13<>"",'Player Scoreboard'!H13,"") -> 0 | I13: =IF($C13<>"",'Player Scoreboard'!I13,"") -> 0 | J13: =HYPERLINK("["&Setup!$C$5&"]'"&B13&"'!D4","Update score") -> Update score | K13: =IF($C13<>"",INDIRECT("'"&$B13&"'!"&"$i"&K$6+14)&" - "&INDIRECT("'"&$B13&"'!"&"$k"&K$6+14),"") -> - | L13: =IF($C13<>"",INDIRECT("'"&$B13&"'!"&"$i"&L$6+14)&" - "&INDIRECT("'"&$B13&"'!"&"$k"&L$6+14),"") -> - | M13: =IF($C13<>"",INDIRECT("'"&$B13&"'!"&"$i"&M$6+14)&" - "&INDIRECT("'"&$B13&"'!"&"$k"&M$6+14),"") -> - | N13: =IF($C13<>"",INDIRECT("'"&$B13&"'!"&"$i"&N$6+14)&" - "&INDIRECT("'"&$B13&"'!"&"$k"&N$6+14),"") -> - | O13: =IF($C13<>"",INDIRECT("'"&$B13&"'!"&"$i"&O$6+14)&" - "&INDIRECT("'"&$B13&"'!"&"$k"&O$6+14),"") -> - | P13: =IF($C13<>"",INDIRECT("'"&$B13&"'!"&"$i"&P$6+14)&" - "&INDIRECT("'"&$B13&"'!"&"$k"&P$6+14),"") -> - | Q13: =IF($C13<>"",INDIRECT("'"&$B13&"'!"&"$i"&Q$6+14)&" - "&INDIRECT("'"&$B13&"'!"&"$k"&Q$6+14),"") -> - | R13: =IF($C13<>"",INDIRECT("'"&$B13&"'!"&"$i"&R$6+14)&" - "&INDIRECT("'"&$B13&"'!"&"$k"&R$6+14),"") -> - | ... BF13: =IF($C13<>"",INDIRECT("'"&$B13&"'!"&"$i"&BF$6+14)&" - "&INDIRECT("'"&$B13&"'!"&"$k"&BF$6+14),"") -> - | BG13: =IF($C13<>"",INDIRECT("'"&$B13&"'!"&"$i"&BG$6+17)&" - "&INDIRECT("'"&$B13&"'!"&"$k"&BG$6+17),"") -> - | BH13: =IF($C13<>"",INDIRECT("'"&$B13&"'!"&"$i"&BH$6+17)&" - "&INDIRECT("'"&$B13&"'!"&"$k"&BH$6+17),"") -> - | BI13: =IF($C13<>"",INDIRECT("'"&$B13&"'!"&"$i"&BI$6+17)&" - "&INDIRECT("'"&$B13&"'!"&"$k"&BI$6+17),"") -> - | BJ13: =IF($C13<>"",INDIRECT("'"&$B13&"'!"&"$i"&BJ$6+17)&" - "&INDIRECT("'"&$B13&"'!"&"$k"&BJ$6+17),"") -> - | BK13: =IF($C13<>"",INDIRECT("'"&$B13&"'!"&"$i"&BK$6+17)&" - "&INDIRECT("'"&$B13&"'!"&"$k"&BK$6+17),"") -> - | BL13: =IF($C13<>"",INDIRECT("'"&$B13&"'!"&"$i"&BL$6+17)&" - "&INDIRECT("'"&$B13&"'!"&"$k"&BL$6+17),"") -> - | BM13: =IF($C13<>"",INDIRECT("'"&$B13&"'!"&"$i"&BM$6+17)&" - "&INDIRECT("'"&$B13&"'!"&"$k"&BM$6+17),"") -> - | BN13: =IF($C13<>"",INDIRECT("'"&$B13&"'!"&"$i"&BN$6+17)&" - "&INDIRECT("'"&$B13&"'!"&"$k"&BN$6+17),"") -> - | ... BV13: =IF($C13<>"",INDIRECT("'"&$B13&"'!"&"$i"&BV$6+17)&" - "&INDIRECT("'"&$B13&"'!"&"$k"&BV$6+17),"") -> -
A14: =IF('Player Scoreboard'!A14<>"",'Player Scoreboard'!A14,"") -> 5 | B14: Player (5) | C14: =IF('Player Name'!C10<>"",'Player Name'!C10,"") -> John 5 | D14: =IF($C14<>"",'Player Scoreboard'!D14,"") -> 0 | E14: =IF($C14<>"",'Player Scoreboard'!E14,"") -> 0 | F14: =IF($C14<>"",'Player Scoreboard'!F14,"") -> 0 | G14: =IF($C14<>"",'Player Scoreboard'!G14,"") -> 0 | H14: =IF($C14<>"",'Player Scoreboard'!H14,"") -> 0 | I14: =IF($C14<>"",'Player Scoreboard'!I14,"") -> 0 | J14: =HYPERLINK("["&Setup!$C$5&"]'"&B14&"'!D4","Update score") -> Update score | K14: =IF($C14<>"",INDIRECT("'"&$B14&"'!"&"$i"&K$6+14)&" - "&INDIRECT("'"&$B14&"'!"&"$k"&K$6+14),"") -> - | L14: =IF($C14<>"",INDIRECT("'"&$B14&"'!"&"$i"&L$6+14)&" - "&INDIRECT("'"&$B14&"'!"&"$k"&L$6+14),"") -> - | M14: =IF($C14<>"",INDIRECT("'"&$B14&"'!"&"$i"&M$6+14)&" - "&INDIRECT("'"&$B14&"'!"&"$k"&M$6+14),"") -> - | N14: =IF($C14<>"",INDIRECT("'"&$B14&"'!"&"$i"&N$6+14)&" - "&INDIRECT("'"&$B14&"'!"&"$k"&N$6+14),"") -> - | O14: =IF($C14<>"",INDIRECT("'"&$B14&"'!"&"$i"&O$6+14)&" - "&INDIRECT("'"&$B14&"'!"&"$k"&O$6+14),"") -> - | P14: =IF($C14<>"",INDIRECT("'"&$B14&"'!"&"$i"&P$6+14)&" - "&INDIRECT("'"&$B14&"'!"&"$k"&P$6+14),"") -> - | Q14: =IF($C14<>"",INDIRECT("'"&$B14&"'!"&"$i"&Q$6+14)&" - "&INDIRECT("'"&$B14&"'!"&"$k"&Q$6+14),"") -> - | R14: =IF($C14<>"",INDIRECT("'"&$B14&"'!"&"$i"&R$6+14)&" - "&INDIRECT("'"&$B14&"'!"&"$k"&R$6+14),"") -> - | ... BF14: =IF($C14<>"",INDIRECT("'"&$B14&"'!"&"$i"&BF$6+14)&" - "&INDIRECT("'"&$B14&"'!"&"$k"&BF$6+14),"") -> - | BG14: =IF($C14<>"",INDIRECT("'"&$B14&"'!"&"$i"&BG$6+17)&" - "&INDIRECT("'"&$B14&"'!"&"$k"&BG$6+17),"") -> - | BH14: =IF($C14<>"",INDIRECT("'"&$B14&"'!"&"$i"&BH$6+17)&" - "&INDIRECT("'"&$B14&"'!"&"$k"&BH$6+17),"") -> - | BI14: =IF($C14<>"",INDIRECT("'"&$B14&"'!"&"$i"&BI$6+17)&" - "&INDIRECT("'"&$B14&"'!"&"$k"&BI$6+17),"") -> - | BJ14: =IF($C14<>"",INDIRECT("'"&$B14&"'!"&"$i"&BJ$6+17)&" - "&INDIRECT("'"&$B14&"'!"&"$k"&BJ$6+17),"") -> - | BK14: =IF($C14<>"",INDIRECT("'"&$B14&"'!"&"$i"&BK$6+17)&" - "&INDIRECT("'"&$B14&"'!"&"$k"&BK$6+17),"") -> - | BL14: =IF($C14<>"",INDIRECT("'"&$B14&"'!"&"$i"&BL$6+17)&" - "&INDIRECT("'"&$B14&"'!"&"$k"&BL$6+17),"") -> - | BM14: =IF($C14<>"",INDIRECT("'"&$B14&"'!"&"$i"&BM$6+17)&" - "&INDIRECT("'"&$B14&"'!"&"$k"&BM$6+17),"") -> - | BN14: =IF($C14<>"",INDIRECT("'"&$B14&"'!"&"$i"&BN$6+17)&" - "&INDIRECT("'"&$B14&"'!"&"$k"&BN$6+17),"") -> - | ... BV14: =IF($C14<>"",INDIRECT("'"&$B14&"'!"&"$i"&BV$6+17)&" - "&INDIRECT("'"&$B14&"'!"&"$k"&BV$6+17),"") -> -
A15: =IF('Player Scoreboard'!A15<>"",'Player Scoreboard'!A15,"") -> 6 | B15: Player (6) | C15: =IF('Player Name'!C11<>"",'Player Name'!C11,"") -> John 6 | D15: =IF($C15<>"",'Player Scoreboard'!D15,"") -> 0 | E15: =IF($C15<>"",'Player Scoreboard'!E15,"") -> 0 | F15: =IF($C15<>"",'Player Scoreboard'!F15,"") -> 0 | G15: =IF($C15<>"",'Player Scoreboard'!G15,"") -> 0 | H15: =IF($C15<>"",'Player Scoreboard'!H15,"") -> 0 | I15: =IF($C15<>"",'Player Scoreboard'!I15,"") -> 0 | J15: =HYPERLINK("["&Setup!$C$5&"]'"&B15&"'!D4","Update score") -> Update score | K15: =IF($C15<>"",INDIRECT("'"&$B15&"'!"&"$i"&K$6+14)&" - "&INDIRECT("'"&$B15&"'!"&"$k"&K$6+14),"") -> - | L15: =IF($C15<>"",INDIRECT("'"&$B15&"'!"&"$i"&L$6+14)&" - "&INDIRECT("'"&$B15&"'!"&"$k"&L$6+14),"") -> - | M15: =IF($C15<>"",INDIRECT("'"&$B15&"'!"&"$i"&M$6+14)&" - "&INDIRECT("'"&$B15&"'!"&"$k"&M$6+14),"") -> - | N15: =IF($C15<>"",INDIRECT("'"&$B15&"'!"&"$i"&N$6+14)&" - "&INDIRECT("'"&$B15&"'!"&"$k"&N$6+14),"") -> - | O15: =IF($C15<>"",INDIRECT("'"&$B15&"'!"&"$i"&O$6+14)&" - "&INDIRECT("'"&$B15&"'!"&"$k"&O$6+14),"") -> - | P15: =IF($C15<>"",INDIRECT("'"&$B15&"'!"&"$i"&P$6+14)&" - "&INDIRECT("'"&$B15&"'!"&"$k"&P$6+14),"") -> - | Q15: =IF($C15<>"",INDIRECT("'"&$B15&"'!"&"$i"&Q$6+14)&" - "&INDIRECT("'"&$B15&"'!"&"$k"&Q$6+14),"") -> - | R15: =IF($C15<>"",INDIRECT("'"&$B15&"'!"&"$i"&R$6+14)&" - "&INDIRECT("'"&$B15&"'!"&"$k"&R$6+14),"") -> - | ... BF15: =IF($C15<>"",INDIRECT("'"&$B15&"'!"&"$i"&BF$6+14)&" - "&INDIRECT("'"&$B15&"'!"&"$k"&BF$6+14),"") -> - | BG15: =IF($C15<>"",INDIRECT("'"&$B15&"'!"&"$i"&BG$6+17)&" - "&INDIRECT("'"&$B15&"'!"&"$k"&BG$6+17),"") -> - | BH15: =IF($C15<>"",INDIRECT("'"&$B15&"'!"&"$i"&BH$6+17)&" - "&INDIRECT("'"&$B15&"'!"&"$k"&BH$6+17),"") -> - | BI15: =IF($C15<>"",INDIRECT("'"&$B15&"'!"&"$i"&BI$6+17)&" - "&INDIRECT("'"&$B15&"'!"&"$k"&BI$6+17),"") -> - | BJ15: =IF($C15<>"",INDIRECT("'"&$B15&"'!"&"$i"&BJ$6+17)&" - "&INDIRECT("'"&$B15&"'!"&"$k"&BJ$6+17),"") -> - | BK15: =IF($C15<>"",INDIRECT("'"&$B15&"'!"&"$i"&BK$6+17)&" - "&INDIRECT("'"&$B15&"'!"&"$k"&BK$6+17),"") -> - | BL15: =IF($C15<>"",INDIRECT("'"&$B15&"'!"&"$i"&BL$6+17)&" - "&INDIRECT("'"&$B15&"'!"&"$k"&BL$6+17),"") -> - | BM15: =IF($C15<>"",INDIRECT("'"&$B15&"'!"&"$i"&BM$6+17)&" - "&INDIRECT("'"&$B15&"'!"&"$k"&BM$6+17),"") -> - | BN15: =IF($C15<>"",INDIRECT("'"&$B15&"'!"&"$i"&BN$6+17)&" - "&INDIRECT("'"&$B15&"'!"&"$k"&BN$6+17),"") -> - | ... BV15: =IF($C15<>"",INDIRECT("'"&$B15&"'!"&"$i"&BV$6+17)&" - "&INDIRECT("'"&$B15&"'!"&"$k"&BV$6+17),"") -> -
A16: =IF('Player Scoreboard'!A16<>"",'Player Scoreboard'!A16,"") -> 7 | B16: Player (7) | C16: =IF('Player Name'!C12<>"",'Player Name'!C12,"") -> John 7 | D16: =IF($C16<>"",'Player Scoreboard'!D16,"") -> 0 | E16: =IF($C16<>"",'Player Scoreboard'!E16,"") -> 0 | F16: =IF($C16<>"",'Player Scoreboard'!F16,"") -> 0 | G16: =IF($C16<>"",'Player Scoreboard'!G16,"") -> 0 | H16: =IF($C16<>"",'Player Scoreboard'!H16,"") -> 0 | I16: =IF($C16<>"",'Player Scoreboard'!I16,"") -> 0 | J16: =HYPERLINK("["&Setup!$C$5&"]'"&B16&"'!D4","Update score") -> Update score | K16: =IF($C16<>"",INDIRECT("'"&$B16&"'!"&"$i"&K$6+14)&" - "&INDIRECT("'"&$B16&"'!"&"$k"&K$6+14),"") -> - | L16: =IF($C16<>"",INDIRECT("'"&$B16&"'!"&"$i"&L$6+14)&" - "&INDIRECT("'"&$B16&"'!"&"$k"&L$6+14),"") -> - | M16: =IF($C16<>"",INDIRECT("'"&$B16&"'!"&"$i"&M$6+14)&" - "&INDIRECT("'"&$B16&"'!"&"$k"&M$6+14),"") -> - | N16: =IF($C16<>"",INDIRECT("'"&$B16&"'!"&"$i"&N$6+14)&" - "&INDIRECT("'"&$B16&"'!"&"$k"&N$6+14),"") -> - | O16: =IF($C16<>"",INDIRECT("'"&$B16&"'!"&"$i"&O$6+14)&" - "&INDIRECT("'"&$B16&"'!"&"$k"&O$6+14),"") -> - | P16: =IF($C16<>"",INDIRECT("'"&$B16&"'!"&"$i"&P$6+14)&" - "&INDIRECT("'"&$B16&"'!"&"$k"&P$6+14),"") -> - | Q16: =IF($C16<>"",INDIRECT("'"&$B16&"'!"&"$i"&Q$6+14)&" - "&INDIRECT("'"&$B16&"'!"&"$k"&Q$6+14),"") -> - | R16: =IF($C16<>"",INDIRECT("'"&$B16&"'!"&"$i"&R$6+14)&" - "&INDIRECT("'"&$B16&"'!"&"$k"&R$6+14),"") -> - | ... BF16: =IF($C16<>"",INDIRECT("'"&$B16&"'!"&"$i"&BF$6+14)&" - "&INDIRECT("'"&$B16&"'!"&"$k"&BF$6+14),"") -> - | BG16: =IF($C16<>"",INDIRECT("'"&$B16&"'!"&"$i"&BG$6+17)&" - "&INDIRECT("'"&$B16&"'!"&"$k"&BG$6+17),"") -> - | BH16: =IF($C16<>"",INDIRECT("'"&$B16&"'!"&"$i"&BH$6+17)&" - "&INDIRECT("'"&$B16&"'!"&"$k"&BH$6+17),"") -> - | BI16: =IF($C16<>"",INDIRECT("'"&$B16&"'!"&"$i"&BI$6+17)&" - "&INDIRECT("'"&$B16&"'!"&"$k"&BI$6+17),"") -> - | BJ16: =IF($C16<>"",INDIRECT("'"&$B16&"'!"&"$i"&BJ$6+17)&" - "&INDIRECT("'"&$B16&"'!"&"$k"&BJ$6+17),"") -> - | BK16: =IF($C16<>"",INDIRECT("'"&$B16&"'!"&"$i"&BK$6+17)&" - "&INDIRECT("'"&$B16&"'!"&"$k"&BK$6+17),"") -> - | BL16: =IF($C16<>"",INDIRECT("'"&$B16&"'!"&"$i"&BL$6+17)&" - "&INDIRECT("'"&$B16&"'!"&"$k"&BL$6+17),"") -> - | BM16: =IF($C16<>"",INDIRECT("'"&$B16&"'!"&"$i"&BM$6+17)&" - "&INDIRECT("'"&$B16&"'!"&"$k"&BM$6+17),"") -> - | BN16: =IF($C16<>"",INDIRECT("'"&$B16&"'!"&"$i"&BN$6+17)&" - "&INDIRECT("'"&$B16&"'!"&"$k"&BN$6+17),"") -> - | ... BV16: =IF($C16<>"",INDIRECT("'"&$B16&"'!"&"$i"&BV$6+17)&" - "&INDIRECT("'"&$B16&"'!"&"$k"&BV$6+17),"") -> -
A17: =IF('Player Scoreboard'!A17<>"",'Player Scoreboard'!A17,"") -> 8 | B17: Player (8) | C17: =IF('Player Name'!C13<>"",'Player Name'!C13,"") -> John 8 | D17: =IF($C17<>"",'Player Scoreboard'!D17,"") -> 0 | E17: =IF($C17<>"",'Player Scoreboard'!E17,"") -> 0 | F17: =IF($C17<>"",'Player Scoreboard'!F17,"") -> 0 | G17: =IF($C17<>"",'Player Scoreboard'!G17,"") -> 0 | H17: =IF($C17<>"",'Player Scoreboard'!H17,"") -> 0 | I17: =IF($C17<>"",'Player Scoreboard'!I17,"") -> 0 | J17: =HYPERLINK("["&Setup!$C$5&"]'"&B17&"'!D4","Update score") -> Update score | K17: =IF($C17<>"",INDIRECT("'"&$B17&"'!"&"$i"&K$6+14)&" - "&INDIRECT("'"&$B17&"'!"&"$k"&K$6+14),"") -> - | L17: =IF($C17<>"",INDIRECT("'"&$B17&"'!"&"$i"&L$6+14)&" - "&INDIRECT("'"&$B17&"'!"&"$k"&L$6+14),"") -> - | M17: =IF($C17<>"",INDIRECT("'"&$B17&"'!"&"$i"&M$6+14)&" - "&INDIRECT("'"&$B17&"'!"&"$k"&M$6+14),"") -> - | N17: =IF($C17<>"",INDIRECT("'"&$B17&"'!"&"$i"&N$6+14)&" - "&INDIRECT("'"&$B17&"'!"&"$k"&N$6+14),"") -> - | O17: =IF($C17<>"",INDIRECT("'"&$B17&"'!"&"$i"&O$6+14)&" - "&INDIRECT("'"&$B17&"'!"&"$k"&O$6+14),"") -> - | P17: =IF($C17<>"",INDIRECT("'"&$B17&"'!"&"$i"&P$6+14)&" - "&INDIRECT("'"&$B17&"'!"&"$k"&P$6+14),"") -> - | Q17: =IF($C17<>"",INDIRECT("'"&$B17&"'!"&"$i"&Q$6+14)&" - "&INDIRECT("'"&$B17&"'!"&"$k"&Q$6+14),"") -> - | R17: =IF($C17<>"",INDIRECT("'"&$B17&"'!"&"$i"&R$6+14)&" - "&INDIRECT("'"&$B17&"'!"&"$k"&R$6+14),"") -> - | ... BF17: =IF($C17<>"",INDIRECT("'"&$B17&"'!"&"$i"&BF$6+14)&" - "&INDIRECT("'"&$B17&"'!"&"$k"&BF$6+14),"") -> - | BG17: =IF($C17<>"",INDIRECT("'"&$B17&"'!"&"$i"&BG$6+17)&" - "&INDIRECT("'"&$B17&"'!"&"$k"&BG$6+17),"") -> - | BH17: =IF($C17<>"",INDIRECT("'"&$B17&"'!"&"$i"&BH$6+17)&" - "&INDIRECT("'"&$B17&"'!"&"$k"&BH$6+17),"") -> - | BI17: =IF($C17<>"",INDIRECT("'"&$B17&"'!"&"$i"&BI$6+17)&" - "&INDIRECT("'"&$B17&"'!"&"$k"&BI$6+17),"") -> - | BJ17: =IF($C17<>"",INDIRECT("'"&$B17&"'!"&"$i"&BJ$6+17)&" - "&INDIRECT("'"&$B17&"'!"&"$k"&BJ$6+17),"") -> - | BK17: =IF($C17<>"",INDIRECT("'"&$B17&"'!"&"$i"&BK$6+17)&" - "&INDIRECT("'"&$B17&"'!"&"$k"&BK$6+17),"") -> - | BL17: =IF($C17<>"",INDIRECT("'"&$B17&"'!"&"$i"&BL$6+17)&" - "&INDIRECT("'"&$B17&"'!"&"$k"&BL$6+17),"") -> - | BM17: =IF($C17<>"",INDIRECT("'"&$B17&"'!"&"$i"&BM$6+17)&" - "&INDIRECT("'"&$B17&"'!"&"$k"&BM$6+17),"") -> - | BN17: =IF($C17<>"",INDIRECT("'"&$B17&"'!"&"$i"&BN$6+17)&" - "&INDIRECT("'"&$B17&"'!"&"$k"&BN$6+17),"") -> - | ... BV17: =IF($C17<>"",INDIRECT("'"&$B17&"'!"&"$i"&BV$6+17)&" - "&INDIRECT("'"&$B17&"'!"&"$k"&BV$6+17),"") -> -
A18: =IF('Player Scoreboard'!A18<>"",'Player Scoreboard'!A18,"") -> 9 | B18: Player (9) | C18: =IF('Player Name'!C14<>"",'Player Name'!C14,"") -> John 9 | D18: =IF($C18<>"",'Player Scoreboard'!D18,"") -> 0 | E18: =IF($C18<>"",'Player Scoreboard'!E18,"") -> 0 | F18: =IF($C18<>"",'Player Scoreboard'!F18,"") -> 0 | G18: =IF($C18<>"",'Player Scoreboard'!G18,"") -> 0 | H18: =IF($C18<>"",'Player Scoreboard'!H18,"") -> 0 | I18: =IF($C18<>"",'Player Scoreboard'!I18,"") -> 0 | J18: =HYPERLINK("["&Setup!$C$5&"]'"&B18&"'!D4","Update score") -> Update score | K18: =IF($C18<>"",INDIRECT("'"&$B18&"'!"&"$i"&K$6+14)&" - "&INDIRECT("'"&$B18&"'!"&"$k"&K$6+14),"") -> - | L18: =IF($C18<>"",INDIRECT("'"&$B18&"'!"&"$i"&L$6+14)&" - "&INDIRECT("'"&$B18&"'!"&"$k"&L$6+14),"") -> - | M18: =IF($C18<>"",INDIRECT("'"&$B18&"'!"&"$i"&M$6+14)&" - "&INDIRECT("'"&$B18&"'!"&"$k"&M$6+14),"") -> - | N18: =IF($C18<>"",INDIRECT("'"&$B18&"'!"&"$i"&N$6+14)&" - "&INDIRECT("'"&$B18&"'!"&"$k"&N$6+14),"") -> - | O18: =IF($C18<>"",INDIRECT("'"&$B18&"'!"&"$i"&O$6+14)&" - "&INDIRECT("'"&$B18&"'!"&"$k"&O$6+14),"") -> - | P18: =IF($C18<>"",INDIRECT("'"&$B18&"'!"&"$i"&P$6+14)&" - "&INDIRECT("'"&$B18&"'!"&"$k"&P$6+14),"") -> - | Q18: =IF($C18<>"",INDIRECT("'"&$B18&"'!"&"$i"&Q$6+14)&" - "&INDIRECT("'"&$B18&"'!"&"$k"&Q$6+14),"") -> - | R18: =IF($C18<>"",INDIRECT("'"&$B18&"'!"&"$i"&R$6+14)&" - "&INDIRECT("'"&$B18&"'!"&"$k"&R$6+14),"") -> - | ... BF18: =IF($C18<>"",INDIRECT("'"&$B18&"'!"&"$i"&BF$6+14)&" - "&INDIRECT("'"&$B18&"'!"&"$k"&BF$6+14),"") -> - | BG18: =IF($C18<>"",INDIRECT("'"&$B18&"'!"&"$i"&BG$6+17)&" - "&INDIRECT("'"&$B18&"'!"&"$k"&BG$6+17),"") -> - | BH18: =IF($C18<>"",INDIRECT("'"&$B18&"'!"&"$i"&BH$6+17)&" - "&INDIRECT("'"&$B18&"'!"&"$k"&BH$6+17),"") -> - | BI18: =IF($C18<>"",INDIRECT("'"&$B18&"'!"&"$i"&BI$6+17)&" - "&INDIRECT("'"&$B18&"'!"&"$k"&BI$6+17),"") -> - | BJ18: =IF($C18<>"",INDIRECT("'"&$B18&"'!"&"$i"&BJ$6+17)&" - "&INDIRECT("'"&$B18&"'!"&"$k"&BJ$6+17),"") -> - | BK18: =IF($C18<>"",INDIRECT("'"&$B18&"'!"&"$i"&BK$6+17)&" - "&INDIRECT("'"&$B18&"'!"&"$k"&BK$6+17),"") -> - | BL18: =IF($C18<>"",INDIRECT("'"&$B18&"'!"&"$i"&BL$6+17)&" - "&INDIRECT("'"&$B18&"'!"&"$k"&BL$6+17),"") -> - | BM18: =IF($C18<>"",INDIRECT("'"&$B18&"'!"&"$i"&BM$6+17)&" - "&INDIRECT("'"&$B18&"'!"&"$k"&BM$6+17),"") -> - | BN18: =IF($C18<>"",INDIRECT("'"&$B18&"'!"&"$i"&BN$6+17)&" - "&INDIRECT("'"&$B18&"'!"&"$k"&BN$6+17),"") -> - | ... BV18: =IF($C18<>"",INDIRECT("'"&$B18&"'!"&"$i"&BV$6+17)&" - "&INDIRECT("'"&$B18&"'!"&"$k"&BV$6+17),"") -> -
A19: =IF('Player Scoreboard'!A19<>"",'Player Scoreboard'!A19,"") -> 10 | B19: Player (10) | C19: =IF('Player Name'!C15<>"",'Player Name'!C15,"") -> John 10 | D19: =IF($C19<>"",'Player Scoreboard'!D19,"") -> 0 | E19: =IF($C19<>"",'Player Scoreboard'!E19,"") -> 0 | F19: =IF($C19<>"",'Player Scoreboard'!F19,"") -> 0 | G19: =IF($C19<>"",'Player Scoreboard'!G19,"") -> 0 | H19: =IF($C19<>"",'Player Scoreboard'!H19,"") -> 0 | I19: =IF($C19<>"",'Player Scoreboard'!I19,"") -> 0 | J19: =HYPERLINK("["&Setup!$C$5&"]'"&B19&"'!D4","Update score") -> Update score | K19: =IF($C19<>"",INDIRECT("'"&$B19&"'!"&"$i"&K$6+14)&" - "&INDIRECT("'"&$B19&"'!"&"$k"&K$6+14),"") -> - | L19: =IF($C19<>"",INDIRECT("'"&$B19&"'!"&"$i"&L$6+14)&" - "&INDIRECT("'"&$B19&"'!"&"$k"&L$6+14),"") -> - | M19: =IF($C19<>"",INDIRECT("'"&$B19&"'!"&"$i"&M$6+14)&" - "&INDIRECT("'"&$B19&"'!"&"$k"&M$6+14),"") -> - | N19: =IF($C19<>"",INDIRECT("'"&$B19&"'!"&"$i"&N$6+14)&" - "&INDIRECT("'"&$B19&"'!"&"$k"&N$6+14),"") -> - | O19: =IF($C19<>"",INDIRECT("'"&$B19&"'!"&"$i"&O$6+14)&" - "&INDIRECT("'"&$B19&"'!"&"$k"&O$6+14),"") -> - | P19: =IF($C19<>"",INDIRECT("'"&$B19&"'!"&"$i"&P$6+14)&" - "&INDIRECT("'"&$B19&"'!"&"$k"&P$6+14),"") -> - | Q19: =IF($C19<>"",INDIRECT("'"&$B19&"'!"&"$i"&Q$6+14)&" - "&INDIRECT("'"&$B19&"'!"&"$k"&Q$6+14),"") -> - | R19: =IF($C19<>"",INDIRECT("'"&$B19&"'!"&"$i"&R$6+14)&" - "&INDIRECT("'"&$B19&"'!"&"$k"&R$6+14),"") -> - | ... BF19: =IF($C19<>"",INDIRECT("'"&$B19&"'!"&"$i"&BF$6+14)&" - "&INDIRECT("'"&$B19&"'!"&"$k"&BF$6+14),"") -> - | BG19: =IF($C19<>"",INDIRECT("'"&$B19&"'!"&"$i"&BG$6+17)&" - "&INDIRECT("'"&$B19&"'!"&"$k"&BG$6+17),"") -> - | BH19: =IF($C19<>"",INDIRECT("'"&$B19&"'!"&"$i"&BH$6+17)&" - "&INDIRECT("'"&$B19&"'!"&"$k"&BH$6+17),"") -> - | BI19: =IF($C19<>"",INDIRECT("'"&$B19&"'!"&"$i"&BI$6+17)&" - "&INDIRECT("'"&$B19&"'!"&"$k"&BI$6+17),"") -> - | BJ19: =IF($C19<>"",INDIRECT("'"&$B19&"'!"&"$i"&BJ$6+17)&" - "&INDIRECT("'"&$B19&"'!"&"$k"&BJ$6+17),"") -> - | BK19: =IF($C19<>"",INDIRECT("'"&$B19&"'!"&"$i"&BK$6+17)&" - "&INDIRECT("'"&$B19&"'!"&"$k"&BK$6+17),"") -> - | BL19: =IF($C19<>"",INDIRECT("'"&$B19&"'!"&"$i"&BL$6+17)&" - "&INDIRECT("'"&$B19&"'!"&"$k"&BL$6+17),"") -> - | BM19: =IF($C19<>"",INDIRECT("'"&$B19&"'!"&"$i"&BM$6+17)&" - "&INDIRECT("'"&$B19&"'!"&"$k"&BM$6+17),"") -> - | BN19: =IF($C19<>"",INDIRECT("'"&$B19&"'!"&"$i"&BN$6+17)&" - "&INDIRECT("'"&$B19&"'!"&"$k"&BN$6+17),"") -> - | ... BV19: =IF($C19<>"",INDIRECT("'"&$B19&"'!"&"$i"&BV$6+17)&" - "&INDIRECT("'"&$B19&"'!"&"$k"&BV$6+17),"") -> -
A20: =IF('Player Scoreboard'!A20<>"",'Player Scoreboard'!A20,"") -> 11 | B20: Player (11) | C20: =IF('Player Name'!C16<>"",'Player Name'!C16,"") -> John 11 | D20: =IF($C20<>"",'Player Scoreboard'!D20,"") -> 0 | E20: =IF($C20<>"",'Player Scoreboard'!E20,"") -> 0 | F20: =IF($C20<>"",'Player Scoreboard'!F20,"") -> 0 | G20: =IF($C20<>"",'Player Scoreboard'!G20,"") -> 0 | H20: =IF($C20<>"",'Player Scoreboard'!H20,"") -> 0 | I20: =IF($C20<>"",'Player Scoreboard'!I20,"") -> 0 | J20: =HYPERLINK("["&Setup!$C$5&"]'"&B20&"'!D4","Update score") -> Update score | K20: =IF($C20<>"",INDIRECT("'"&$B20&"'!"&"$i"&K$6+14)&" - "&INDIRECT("'"&$B20&"'!"&"$k"&K$6+14),"") -> - | L20: =IF($C20<>"",INDIRECT("'"&$B20&"'!"&"$i"&L$6+14)&" - "&INDIRECT("'"&$B20&"'!"&"$k"&L$6+14),"") -> - | M20: =IF($C20<>"",INDIRECT("'"&$B20&"'!"&"$i"&M$6+14)&" - "&INDIRECT("'"&$B20&"'!"&"$k"&M$6+14),"") -> - | N20: =IF($C20<>"",INDIRECT("'"&$B20&"'!"&"$i"&N$6+14)&" - "&INDIRECT("'"&$B20&"'!"&"$k"&N$6+14),"") -> - | O20: =IF($C20<>"",INDIRECT("'"&$B20&"'!"&"$i"&O$6+14)&" - "&INDIRECT("'"&$B20&"'!"&"$k"&O$6+14),"") -> - | P20: =IF($C20<>"",INDIRECT("'"&$B20&"'!"&"$i"&P$6+14)&" - "&INDIRECT("'"&$B20&"'!"&"$k"&P$6+14),"") -> - | Q20: =IF($C20<>"",INDIRECT("'"&$B20&"'!"&"$i"&Q$6+14)&" - "&INDIRECT("'"&$B20&"'!"&"$k"&Q$6+14),"") -> - | R20: =IF($C20<>"",INDIRECT("'"&$B20&"'!"&"$i"&R$6+14)&" - "&INDIRECT("'"&$B20&"'!"&"$k"&R$6+14),"") -> - | ... BF20: =IF($C20<>"",INDIRECT("'"&$B20&"'!"&"$i"&BF$6+14)&" - "&INDIRECT("'"&$B20&"'!"&"$k"&BF$6+14),"") -> - | BG20: =IF($C20<>"",INDIRECT("'"&$B20&"'!"&"$i"&BG$6+17)&" - "&INDIRECT("'"&$B20&"'!"&"$k"&BG$6+17),"") -> - | BH20: =IF($C20<>"",INDIRECT("'"&$B20&"'!"&"$i"&BH$6+17)&" - "&INDIRECT("'"&$B20&"'!"&"$k"&BH$6+17),"") -> - | BI20: =IF($C20<>"",INDIRECT("'"&$B20&"'!"&"$i"&BI$6+17)&" - "&INDIRECT("'"&$B20&"'!"&"$k"&BI$6+17),"") -> - | BJ20: =IF($C20<>"",INDIRECT("'"&$B20&"'!"&"$i"&BJ$6+17)&" - "&INDIRECT("'"&$B20&"'!"&"$k"&BJ$6+17),"") -> - | BK20: =IF($C20<>"",INDIRECT("'"&$B20&"'!"&"$i"&BK$6+17)&" - "&INDIRECT("'"&$B20&"'!"&"$k"&BK$6+17),"") -> - | BL20: =IF($C20<>"",INDIRECT("'"&$B20&"'!"&"$i"&BL$6+17)&" - "&INDIRECT("'"&$B20&"'!"&"$k"&BL$6+17),"") -> - | BM20: =IF($C20<>"",INDIRECT("'"&$B20&"'!"&"$i"&BM$6+17)&" - "&INDIRECT("'"&$B20&"'!"&"$k"&BM$6+17),"") -> - | BN20: =IF($C20<>"",INDIRECT("'"&$B20&"'!"&"$i"&BN$6+17)&" - "&INDIRECT("'"&$B20&"'!"&"$k"&BN$6+17),"") -> - | ... BV20: =IF($C20<>"",INDIRECT("'"&$B20&"'!"&"$i"&BV$6+17)&" - "&INDIRECT("'"&$B20&"'!"&"$k"&BV$6+17),"") -> -
A21: =IF('Player Scoreboard'!A21<>"",'Player Scoreboard'!A21,"") -> 12 | B21: Player (12) | C21: =IF('Player Name'!C17<>"",'Player Name'!C17,"") -> John 12 | D21: =IF($C21<>"",'Player Scoreboard'!D21,"") -> 0 | E21: =IF($C21<>"",'Player Scoreboard'!E21,"") -> 0 | F21: =IF($C21<>"",'Player Scoreboard'!F21,"") -> 0 | G21: =IF($C21<>"",'Player Scoreboard'!G21,"") -> 0 | H21: =IF($C21<>"",'Player Scoreboard'!H21,"") -> 0 | I21: =IF($C21<>"",'Player Scoreboard'!I21,"") -> 0 | J21: =HYPERLINK("["&Setup!$C$5&"]'"&B21&"'!D4","Update score") -> Update score | K21: =IF($C21<>"",INDIRECT("'"&$B21&"'!"&"$i"&K$6+14)&" - "&INDIRECT("'"&$B21&"'!"&"$k"&K$6+14),"") -> - | L21: =IF($C21<>"",INDIRECT("'"&$B21&"'!"&"$i"&L$6+14)&" - "&INDIRECT("'"&$B21&"'!"&"$k"&L$6+14),"") -> - | M21: =IF($C21<>"",INDIRECT("'"&$B21&"'!"&"$i"&M$6+14)&" - "&INDIRECT("'"&$B21&"'!"&"$k"&M$6+14),"") -> - | N21: =IF($C21<>"",INDIRECT("'"&$B21&"'!"&"$i"&N$6+14)&" - "&INDIRECT("'"&$B21&"'!"&"$k"&N$6+14),"") -> - | O21: =IF($C21<>"",INDIRECT("'"&$B21&"'!"&"$i"&O$6+14)&" - "&INDIRECT("'"&$B21&"'!"&"$k"&O$6+14),"") -> - | P21: =IF($C21<>"",INDIRECT("'"&$B21&"'!"&"$i"&P$6+14)&" - "&INDIRECT("'"&$B21&"'!"&"$k"&P$6+14),"") -> - | Q21: =IF($C21<>"",INDIRECT("'"&$B21&"'!"&"$i"&Q$6+14)&" - "&INDIRECT("'"&$B21&"'!"&"$k"&Q$6+14),"") -> - | R21: =IF($C21<>"",INDIRECT("'"&$B21&"'!"&"$i"&R$6+14)&" - "&INDIRECT("'"&$B21&"'!"&"$k"&R$6+14),"") -> - | ... BF21: =IF($C21<>"",INDIRECT("'"&$B21&"'!"&"$i"&BF$6+14)&" - "&INDIRECT("'"&$B21&"'!"&"$k"&BF$6+14),"") -> - | BG21: =IF($C21<>"",INDIRECT("'"&$B21&"'!"&"$i"&BG$6+17)&" - "&INDIRECT("'"&$B21&"'!"&"$k"&BG$6+17),"") -> - | BH21: =IF($C21<>"",INDIRECT("'"&$B21&"'!"&"$i"&BH$6+17)&" - "&INDIRECT("'"&$B21&"'!"&"$k"&BH$6+17),"") -> - | BI21: =IF($C21<>"",INDIRECT("'"&$B21&"'!"&"$i"&BI$6+17)&" - "&INDIRECT("'"&$B21&"'!"&"$k"&BI$6+17),"") -> - | BJ21: =IF($C21<>"",INDIRECT("'"&$B21&"'!"&"$i"&BJ$6+17)&" - "&INDIRECT("'"&$B21&"'!"&"$k"&BJ$6+17),"") -> - | BK21: =IF($C21<>"",INDIRECT("'"&$B21&"'!"&"$i"&BK$6+17)&" - "&INDIRECT("'"&$B21&"'!"&"$k"&BK$6+17),"") -> - | BL21: =IF($C21<>"",INDIRECT("'"&$B21&"'!"&"$i"&BL$6+17)&" - "&INDIRECT("'"&$B21&"'!"&"$k"&BL$6+17),"") -> - | BM21: =IF($C21<>"",INDIRECT("'"&$B21&"'!"&"$i"&BM$6+17)&" - "&INDIRECT("'"&$B21&"'!"&"$k"&BM$6+17),"") -> - | BN21: =IF($C21<>"",INDIRECT("'"&$B21&"'!"&"$i"&BN$6+17)&" - "&INDIRECT("'"&$B21&"'!"&"$k"&BN$6+17),"") -> - | ... BV21: =IF($C21<>"",INDIRECT("'"&$B21&"'!"&"$i"&BV$6+17)&" - "&INDIRECT("'"&$B21&"'!"&"$k"&BV$6+17),"") -> -
... A24: =IF('Player Scoreboard'!A24<>"",'Player Scoreboard'!A24,"") -> 15 | B24: Player (15) | C24: =IF('Player Name'!C20<>"",'Player Name'!C20,"") -> John 15 | D24: =IF($C24<>"",'Player Scoreboard'!D24,"") -> 0 | E24: =IF($C24<>"",'Player Scoreboard'!E24,"") -> 0 | F24: =IF($C24<>"",'Player Scoreboard'!F24,"") -> 0 | G24: =IF($C24<>"",'Player Scoreboard'!G24,"") -> 0 | H24: =IF($C24<>"",'Player Scoreboard'!H24,"") -> 0 | I24: =IF($C24<>"",'Player Scoreboard'!I24,"") -> 0 | J24: =HYPERLINK("["&Setup!$C$5&"]'"&B24&"'!D4","Update score") -> Update score | K24: =IF($C24<>"",INDIRECT("'"&$B24&"'!"&"$i"&K$6+14)&" - "&INDIRECT("'"&$B24&"'!"&"$k"&K$6+14),"") -> - | L24: =IF($C24<>"",INDIRECT("'"&$B24&"'!"&"$i"&L$6+14)&" - "&INDIRECT("'"&$B24&"'!"&"$k"&L$6+14),"") -> - | M24: =IF($C24<>"",INDIRECT("'"&$B24&"'!"&"$i"&M$6+14)&" - "&INDIRECT("'"&$B24&"'!"&"$k"&M$6+14),"") -> - | N24: =IF($C24<>"",INDIRECT("'"&$B24&"'!"&"$i"&N$6+14)&" - "&INDIRECT("'"&$B24&"'!"&"$k"&N$6+14),"") -> - | O24: =IF($C24<>"",INDIRECT("'"&$B24&"'!"&"$i"&O$6+14)&" - "&INDIRECT("'"&$B24&"'!"&"$k"&O$6+14),"") -> - | P24: =IF($C24<>"",INDIRECT("'"&$B24&"'!"&"$i"&P$6+14)&" - "&INDIRECT("'"&$B24&"'!"&"$k"&P$6+14),"") -> - | Q24: =IF($C24<>"",INDIRECT("'"&$B24&"'!"&"$i"&Q$6+14)&" - "&INDIRECT("'"&$B24&"'!"&"$k"&Q$6+14),"") -> - | R24: =IF($C24<>"",INDIRECT("'"&$B24&"'!"&"$i"&R$6+14)&" - "&INDIRECT("'"&$B24&"'!"&"$k"&R$6+14),"") -> - | ... BF24: =IF($C24<>"",INDIRECT("'"&$B24&"'!"&"$i"&BF$6+14)&" - "&INDIRECT("'"&$B24&"'!"&"$k"&BF$6+14),"") -> - | BG24: =IF($C24<>"",INDIRECT("'"&$B24&"'!"&"$i"&BG$6+17)&" - "&INDIRECT("'"&$B24&"'!"&"$k"&BG$6+17),"") -> - | BH24: =IF($C24<>"",INDIRECT("'"&$B24&"'!"&"$i"&BH$6+17)&" - "&INDIRECT("'"&$B24&"'!"&"$k"&BH$6+17),"") -> - | BI24: =IF($C24<>"",INDIRECT("'"&$B24&"'!"&"$i"&BI$6+17)&" - "&INDIRECT("'"&$B24&"'!"&"$k"&BI$6+17),"") -> - | BJ24: =IF($C24<>"",INDIRECT("'"&$B24&"'!"&"$i"&BJ$6+17)&" - "&INDIRECT("'"&$B24&"'!"&"$k"&BJ$6+17),"") -> - | BK24: =IF($C24<>"",INDIRECT("'"&$B24&"'!"&"$i"&BK$6+17)&" - "&INDIRECT("'"&$B24&"'!"&"$k"&BK$6+17),"") -> - | BL24: =IF($C24<>"",INDIRECT("'"&$B24&"'!"&"$i"&BL$6+17)&" - "&INDIRECT("'"&$B24&"'!"&"$k"&BL$6+17),"") -> - | BM24: =IF($C24<>"",INDIRECT("'"&$B24&"'!"&"$i"&BM$6+17)&" - "&INDIRECT("'"&$B24&"'!"&"$k"&BM$6+17),"") -> - | BN24: =IF($C24<>"",INDIRECT("'"&$B24&"'!"&"$i"&BN$6+17)&" - "&INDIRECT("'"&$B24&"'!"&"$k"&BN$6+17),"") -> - | ... BV24: =IF($C24<>"",INDIRECT("'"&$B24&"'!"&"$i"&BV$6+17)&" - "&INDIRECT("'"&$B24&"'!"&"$k"&BV$6+17),"") -> -

Sheet Dummy
B5: total | F5: group | J5: ko
B6: rank based score | C6: rank based total prediction | D6: rank based on # | E6: final rank | F6: rank based score | G6: rank based total prediction | H6: rank based on # | I6: final rank | J6: rank based score | K6: rank based total prediction | L6: rank based on # | M6: final rank
A7: =IF('Player Scoreboard'!C10<>"",'Player Scoreboard'!A10,"") -> 1 | B7: =IF('Player Scoreboard'!$C10<>"",RANK('Player Scoreboard'!$D10,'Player Scoreboard'!$D$10:$D$24),"") -> 1 | C7: =SUMPRODUCT(($B$7:$B$21=$B7)*('Player Scoreboard'!$E$10:$E$24>'Player Scoreboard'!$E10)) -> 0 | D7: =SUMPRODUCT(($B$7:$B$21=$B7)*($C$7:$C$21=$C7)*($A$7:$A$21<$A7)) -> 0 | E7: =B7+C7+D7 -> 1 | F7: =IF('Player Scoreboard'!$C10<>"",RANK('Player Scoreboard'!$F10,'Player Scoreboard'!$F$10:$F$24),"") -> 1 | G7: =SUMPRODUCT(($F$7:$F$21=$F7)*('Player Scoreboard'!$G$10:$G$24>'Player Scoreboard'!$G10)) -> 0 | H7: =SUMPRODUCT(($F$7:$F$21=$F7)*($G$7:$G$21=$G7)*($A$7:$A$21<$A7)) -> 0 | I7: =F7+G7+H7 -> 1 | J7: =IF('Player Scoreboard'!$C10<>"",RANK('Player Scoreboard'!$H10,'Player Scoreboard'!$H$10:$H$24),"") -> 1 | K7: =SUMPRODUCT(($J$7:$J$21=$J7)*('Player Scoreboard'!$I$10:$I$24>'Player Scoreboard'!$I10)) -> 0 | L7: =SUMPRODUCT(($J$7:$J$21=$J7)*($K$7:$K$21=$K7)*($A$7:$A$21<$A7)) -> 0 | M7: =J7+K7+L7 -> 1 | N7: ='Player Scoreboard'!C10 -> John 1
A8: =IF('Player Scoreboard'!C11<>"",'Player Scoreboard'!A11,"") -> 2 | B8: =IF('Player Scoreboard'!C11<>"",RANK('Player Scoreboard'!D11,'Player Scoreboard'!$D$10:$D$24),"") -> 1 | C8: =SUMPRODUCT(($B$7:$B$21=$B8)*('Player Scoreboard'!$E$10:$E$24>'Player Scoreboard'!$E11)) -> 0 | D8: =SUMPRODUCT(($B$7:$B$21=$B8)*($C$7:$C$21=$C8)*($A$7:$A$21<$A8)) -> 1 | E8: =B8+C8+D8 -> 2 | F8: =IF('Player Scoreboard'!$C11<>"",RANK('Player Scoreboard'!$F11,'Player Scoreboard'!$F$10:$F$24),"") -> 1 | G8: =SUMPRODUCT(($F$7:$F$21=$F8)*('Player Scoreboard'!$G$10:$G$24>'Player Scoreboard'!$G11)) -> 0 | H8: =SUMPRODUCT(($F$7:$F$21=$F8)*($G$7:$G$21=$G8)*($A$7:$A$21<$A8)) -> 1 | I8: =F8+G8+H8 -> 2 | J8: =IF('Player Scoreboard'!$C11<>"",RANK('Player Scoreboard'!$H11,'Player Scoreboard'!$H$10:$H$24),"") -> 1 | K8: =SUMPRODUCT(($J$7:$J$21=$J8)*('Player Scoreboard'!$I$10:$I$24>'Player Scoreboard'!$I11)) -> 0 | L8: =SUMPRODUCT(($J$7:$J$21=$J8)*($K$7:$K$21=$K8)*($A$7:$A$21<$A8)) -> 1 | M8: =J8+K8+L8 -> 2 | N8: ='Player Scoreboard'!C11 -> John 2
A9: =IF('Player Scoreboard'!C12<>"",'Player Scoreboard'!A12,"") -> 3 | B9: =IF('Player Scoreboard'!C12<>"",RANK('Player Scoreboard'!D12,'Player Scoreboard'!$D$10:$D$24),"") -> 1 | C9: =SUMPRODUCT(($B$7:$B$21=$B9)*('Player Scoreboard'!$E$10:$E$24>'Player Scoreboard'!$E12)) -> 0 | D9: =SUMPRODUCT(($B$7:$B$21=$B9)*($C$7:$C$21=$C9)*($A$7:$A$21<$A9)) -> 2 | E9: =B9+C9+D9 -> 3 | F9: =IF('Player Scoreboard'!$C12<>"",RANK('Player Scoreboard'!$F12,'Player Scoreboard'!$F$10:$F$24),"") -> 1 | G9: =SUMPRODUCT(($F$7:$F$21=$F9)*('Player Scoreboard'!$G$10:$G$24>'Player Scoreboard'!$G12)) -> 0 | H9: =SUMPRODUCT(($F$7:$F$21=$F9)*($G$7:$G$21=$G9)*($A$7:$A$21<$A9)) -> 2 | I9: =F9+G9+H9 -> 3 | J9: =IF('Player Scoreboard'!$C12<>"",RANK('Player Scoreboard'!$H12,'Player Scoreboard'!$H$10:$H$24),"") -> 1 | K9: =SUMPRODUCT(($J$7:$J$21=$J9)*('Player Scoreboard'!$I$10:$I$24>'Player Scoreboard'!$I12)) -> 0 | L9: =SUMPRODUCT(($J$7:$J$21=$J9)*($K$7:$K$21=$K9)*($A$7:$A$21<$A9)) -> 2 | M9: =J9+K9+L9 -> 3 | N9: ='Player Scoreboard'!C12 -> John 3
A10: =IF('Player Scoreboard'!C13<>"",'Player Scoreboard'!A13,"") -> 4 | B10: =IF('Player Scoreboard'!C13<>"",RANK('Player Scoreboard'!D13,'Player Scoreboard'!$D$10:$D$24),"") -> 1 | C10: =SUMPRODUCT(($B$7:$B$21=$B10)*('Player Scoreboard'!$E$10:$E$24>'Player Scoreboard'!$E13)) -> 0 | D10: =SUMPRODUCT(($B$7:$B$21=$B10)*($C$7:$C$21=$C10)*($A$7:$A$21<$A10)) -> 3 | E10: =B10+C10+D10 -> 4 | F10: =IF('Player Scoreboard'!$C13<>"",RANK('Player Scoreboard'!$F13,'Player Scoreboard'!$F$10:$F$24),"") -> 1 | G10: =SUMPRODUCT(($F$7:$F$21=$F10)*('Player Scoreboard'!$G$10:$G$24>'Player Scoreboard'!$G13)) -> 0 | H10: =SUMPRODUCT(($F$7:$F$21=$F10)*($G$7:$G$21=$G10)*($A$7:$A$21<$A10)) -> 3 | I10: =F10+G10+H10 -> 4 | J10: =IF('Player Scoreboard'!$C13<>"",RANK('Player Scoreboard'!$H13,'Player Scoreboard'!$H$10:$H$24),"") -> 1 | K10: =SUMPRODUCT(($J$7:$J$21=$J10)*('Player Scoreboard'!$I$10:$I$24>'Player Scoreboard'!$I13)) -> 0 | L10: =SUMPRODUCT(($J$7:$J$21=$J10)*($K$7:$K$21=$K10)*($A$7:$A$21<$A10)) -> 3 | M10: =J10+K10+L10 -> 4 | N10: ='Player Scoreboard'!C13 -> John 4
A11: =IF('Player Scoreboard'!C14<>"",'Player Scoreboard'!A14,"") -> 5 | B11: =IF('Player Scoreboard'!C14<>"",RANK('Player Scoreboard'!D14,'Player Scoreboard'!$D$10:$D$24),"") -> 1 | C11: =SUMPRODUCT(($B$7:$B$21=$B11)*('Player Scoreboard'!$E$10:$E$24>'Player Scoreboard'!$E14)) -> 0 | D11: =SUMPRODUCT(($B$7:$B$21=$B11)*($C$7:$C$21=$C11)*($A$7:$A$21<$A11)) -> 4 | E11: =B11+C11+D11 -> 5 | F11: =IF('Player Scoreboard'!$C14<>"",RANK('Player Scoreboard'!$F14,'Player Scoreboard'!$F$10:$F$24),"") -> 1 | G11: =SUMPRODUCT(($F$7:$F$21=$F11)*('Player Scoreboard'!$G$10:$G$24>'Player Scoreboard'!$G14)) -> 0 | H11: =SUMPRODUCT(($F$7:$F$21=$F11)*($G$7:$G$21=$G11)*($A$7:$A$21<$A11)) -> 4 | I11: =F11+G11+H11 -> 5 | J11: =IF('Player Scoreboard'!$C14<>"",RANK('Player Scoreboard'!$H14,'Player Scoreboard'!$H$10:$H$24),"") -> 1 | K11: =SUMPRODUCT(($J$7:$J$21=$J11)*('Player Scoreboard'!$I$10:$I$24>'Player Scoreboard'!$I14)) -> 0 | L11: =SUMPRODUCT(($J$7:$J$21=$J11)*($K$7:$K$21=$K11)*($A$7:$A$21<$A11)) -> 4 | M11: =J11+K11+L11 -> 5 | N11: ='Player Scoreboard'!C14 -> John 5
A12: =IF('Player Scoreboard'!C15<>"",'Player Scoreboard'!A15,"") -> 6 | B12: =IF('Player Scoreboard'!C15<>"",RANK('Player Scoreboard'!D15,'Player Scoreboard'!$D$10:$D$24),"") -> 1 | C12: =SUMPRODUCT(($B$7:$B$21=$B12)*('Player Scoreboard'!$E$10:$E$24>'Player Scoreboard'!$E15)) -> 0 | D12: =SUMPRODUCT(($B$7:$B$21=$B12)*($C$7:$C$21=$C12)*($A$7:$A$21<$A12)) -> 5 | E12: =B12+C12+D12 -> 6 | F12: =IF('Player Scoreboard'!$C15<>"",RANK('Player Scoreboard'!$F15,'Player Scoreboard'!$F$10:$F$24),"") -> 1 | G12: =SUMPRODUCT(($F$7:$F$21=$F12)*('Player Scoreboard'!$G$10:$G$24>'Player Scoreboard'!$G15)) -> 0 | H12: =SUMPRODUCT(($F$7:$F$21=$F12)*($G$7:$G$21=$G12)*($A$7:$A$21<$A12)) -> 5 | I12: =F12+G12+H12 -> 6 | J12: =IF('Player Scoreboard'!$C15<>"",RANK('Player Scoreboard'!$H15,'Player Scoreboard'!$H$10:$H$24),"") -> 1 | K12: =SUMPRODUCT(($J$7:$J$21=$J12)*('Player Scoreboard'!$I$10:$I$24>'Player Scoreboard'!$I15)) -> 0 | L12: =SUMPRODUCT(($J$7:$J$21=$J12)*($K$7:$K$21=$K12)*($A$7:$A$21<$A12)) -> 5 | M12: =J12+K12+L12 -> 6 | N12: ='Player Scoreboard'!C15 -> John 6
A13: =IF('Player Scoreboard'!C16<>"",'Player Scoreboard'!A16,"") -> 7 | B13: =IF('Player Scoreboard'!C16<>"",RANK('Player Scoreboard'!D16,'Player Scoreboard'!$D$10:$D$24),"") -> 1 | C13: =SUMPRODUCT(($B$7:$B$21=$B13)*('Player Scoreboard'!$E$10:$E$24>'Player Scoreboard'!$E16)) -> 0 | D13: =SUMPRODUCT(($B$7:$B$21=$B13)*($C$7:$C$21=$C13)*($A$7:$A$21<$A13)) -> 6 | E13: =B13+C13+D13 -> 7 | F13: =IF('Player Scoreboard'!$C16<>"",RANK('Player Scoreboard'!$F16,'Player Scoreboard'!$F$10:$F$24),"") -> 1 | G13: =SUMPRODUCT(($F$7:$F$21=$F13)*('Player Scoreboard'!$G$10:$G$24>'Player Scoreboard'!$G16)) -> 0 | H13: =SUMPRODUCT(($F$7:$F$21=$F13)*($G$7:$G$21=$G13)*($A$7:$A$21<$A13)) -> 6 | I13: =F13+G13+H13 -> 7 | J13: =IF('Player Scoreboard'!$C16<>"",RANK('Player Scoreboard'!$H16,'Player Scoreboard'!$H$10:$H$24),"") -> 1 | K13: =SUMPRODUCT(($J$7:$J$21=$J13)*('Player Scoreboard'!$I$10:$I$24>'Player Scoreboard'!$I16)) -> 0 | L13: =SUMPRODUCT(($J$7:$J$21=$J13)*($K$7:$K$21=$K13)*($A$7:$A$21<$A13)) -> 6 | M13: =J13+K13+L13 -> 7 | N13: ='Player Scoreboard'!C16 -> John 7
A14: =IF('Player Scoreboard'!C17<>"",'Player Scoreboard'!A17,"") -> 8 | B14: =IF('Player Scoreboard'!C17<>"",RANK('Player Scoreboard'!D17,'Player Scoreboard'!$D$10:$D$24),"") -> 1 | C14: =SUMPRODUCT(($B$7:$B$21=$B14)*('Player Scoreboard'!$E$10:$E$24>'Player Scoreboard'!$E17)) -> 0 | D14: =SUMPRODUCT(($B$7:$B$21=$B14)*($C$7:$C$21=$C14)*($A$7:$A$21<$A14)) -> 7 | E14: =B14+C14+D14 -> 8 | F14: =IF('Player Scoreboard'!$C17<>"",RANK('Player Scoreboard'!$F17,'Player Scoreboard'!$F$10:$F$24),"") -> 1 | G14: =SUMPRODUCT(($F$7:$F$21=$F14)*('Player Scoreboard'!$G$10:$G$24>'Player Scoreboard'!$G17)) -> 0 | H14: =SUMPRODUCT(($F$7:$F$21=$F14)*($G$7:$G$21=$G14)*($A$7:$A$21<$A14)) -> 7 | I14: =F14+G14+H14 -> 8 | J14: =IF('Player Scoreboard'!$C17<>"",RANK('Player Scoreboard'!$H17,'Player Scoreboard'!$H$10:$H$24),"") -> 1 | K14: =SUMPRODUCT(($J$7:$J$21=$J14)*('Player Scoreboard'!$I$10:$I$24>'Player Scoreboard'!$I17)) -> 0 | L14: =SUMPRODUCT(($J$7:$J$21=$J14)*($K$7:$K$21=$K14)*($A$7:$A$21<$A14)) -> 7 | M14: =J14+K14+L14 -> 8 | N14: ='Player Scoreboard'!C17 -> John 8
A15: =IF('Player Scoreboard'!C18<>"",'Player Scoreboard'!A18,"") -> 9 | B15: =IF('Player Scoreboard'!C18<>"",RANK('Player Scoreboard'!D18,'Player Scoreboard'!$D$10:$D$24),"") -> 1 | C15: =SUMPRODUCT(($B$7:$B$21=$B15)*('Player Scoreboard'!$E$10:$E$24>'Player Scoreboard'!$E18)) -> 0 | D15: =SUMPRODUCT(($B$7:$B$21=$B15)*($C$7:$C$21=$C15)*($A$7:$A$21<$A15)) -> 8 | E15: =B15+C15+D15 -> 9 | F15: =IF('Player Scoreboard'!$C18<>"",RANK('Player Scoreboard'!$F18,'Player Scoreboard'!$F$10:$F$24),"") -> 1 | G15: =SUMPRODUCT(($F$7:$F$21=$F15)*('Player Scoreboard'!$G$10:$G$24>'Player Scoreboard'!$G18)) -> 0 | H15: =SUMPRODUCT(($F$7:$F$21=$F15)*($G$7:$G$21=$G15)*($A$7:$A$21<$A15)) -> 8 | I15: =F15+G15+H15 -> 9 | J15: =IF('Player Scoreboard'!$C18<>"",RANK('Player Scoreboard'!$H18,'Player Scoreboard'!$H$10:$H$24),"") -> 1 | K15: =SUMPRODUCT(($J$7:$J$21=$J15)*('Player Scoreboard'!$I$10:$I$24>'Player Scoreboard'!$I18)) -> 0 | L15: =SUMPRODUCT(($J$7:$J$21=$J15)*($K$7:$K$21=$K15)*($A$7:$A$21<$A15)) -> 8 | M15: =J15+K15+L15 -> 9 | N15: ='Player Scoreboard'!C18 -> John 9
A16: =IF('Player Scoreboard'!C19<>"",'Player Scoreboard'!A19,"") -> 10 | B16: =IF('Player Scoreboard'!C19<>"",RANK('Player Scoreboard'!D19,'Player Scoreboard'!$D$10:$D$24),"") -> 1 | C16: =SUMPRODUCT(($B$7:$B$21=$B16)*('Player Scoreboard'!$E$10:$E$24>'Player Scoreboard'!$E19)) -> 0 | D16: =SUMPRODUCT(($B$7:$B$21=$B16)*($C$7:$C$21=$C16)*($A$7:$A$21<$A16)) -> 9 | E16: =B16+C16+D16 -> 10 | F16: =IF('Player Scoreboard'!$C19<>"",RANK('Player Scoreboard'!$F19,'Player Scoreboard'!$F$10:$F$24),"") -> 1 | G16: =SUMPRODUCT(($F$7:$F$21=$F16)*('Player Scoreboard'!$G$10:$G$24>'Player Scoreboard'!$G19)) -> 0 | H16: =SUMPRODUCT(($F$7:$F$21=$F16)*($G$7:$G$21=$G16)*($A$7:$A$21<$A16)) -> 9 | I16: =F16+G16+H16 -> 10 | J16: =IF('Player Scoreboard'!$C19<>"",RANK('Player Scoreboard'!$H19,'Player Scoreboard'!$H$10:$H$24),"") -> 1 | K16: =SUMPRODUCT(($J$7:$J$21=$J16)*('Player Scoreboard'!$I$10:$I$24>'Player Scoreboard'!$I19)) -> 0 | L16: =SUMPRODUCT(($J$7:$J$21=$J16)*($K$7:$K$21=$K16)*($A$7:$A$21<$A16)) -> 9 | M16: =J16+K16+L16 -> 10 | N16: ='Player Scoreboard'!C19 -> John 10
A17: =IF('Player Scoreboard'!C20<>"",'Player Scoreboard'!A20,"") -> 11 | B17: =IF('Player Scoreboard'!C20<>"",RANK('Player Scoreboard'!D20,'Player Scoreboard'!$D$10:$D$24),"") -> 1 | C17: =SUMPRODUCT(($B$7:$B$21=$B17)*('Player Scoreboard'!$E$10:$E$24>'Player Scoreboard'!$E20)) -> 0 | D17: =SUMPRODUCT(($B$7:$B$21=$B17)*($C$7:$C$21=$C17)*($A$7:$A$21<$A17)) -> 10 | E17: =B17+C17+D17 -> 11 | F17: =IF('Player Scoreboard'!$C20<>"",RANK('Player Scoreboard'!$F20,'Player Scoreboard'!$F$10:$F$24),"") -> 1 | G17: =SUMPRODUCT(($F$7:$F$21=$F17)*('Player Scoreboard'!$G$10:$G$24>'Player Scoreboard'!$G20)) -> 0 | H17: =SUMPRODUCT(($F$7:$F$21=$F17)*($G$7:$G$21=$G17)*($A$7:$A$21<$A17)) -> 10 | I17: =F17+G17+H17 -> 11 | J17: =IF('Player Scoreboard'!$C20<>"",RANK('Player Scoreboard'!$H20,'Player Scoreboard'!$H$10:$H$24),"") -> 1 | K17: =SUMPRODUCT(($J$7:$J$21=$J17)*('Player Scoreboard'!$I$10:$I$24>'Player Scoreboard'!$I20)) -> 0 | L17: =SUMPRODUCT(($J$7:$J$21=$J17)*($K$7:$K$21=$K17)*($A$7:$A$21<$A17)) -> 10 | M17: =J17+K17+L17 -> 11 | N17: ='Player Scoreboard'!C20 -> John 11
A18: =IF('Player Scoreboard'!C21<>"",'Player Scoreboard'!A21,"") -> 12 | B18: =IF('Player Scoreboard'!C21<>"",RANK('Player Scoreboard'!D21,'Player Scoreboard'!$D$10:$D$24),"") -> 1 | C18: =SUMPRODUCT(($B$7:$B$21=$B18)*('Player Scoreboard'!$E$10:$E$24>'Player Scoreboard'!$E21)) -> 0 | D18: =SUMPRODUCT(($B$7:$B$21=$B18)*($C$7:$C$21=$C18)*($A$7:$A$21<$A18)) -> 11 | E18: =B18+C18+D18 -> 12 | F18: =IF('Player Scoreboard'!$C21<>"",RANK('Player Scoreboard'!$F21,'Player Scoreboard'!$F$10:$F$24),"") -> 1 | G18: =SUMPRODUCT(($F$7:$F$21=$F18)*('Player Scoreboard'!$G$10:$G$24>'Player Scoreboard'!$G21)) -> 0 | H18: =SUMPRODUCT(($F$7:$F$21=$F18)*($G$7:$G$21=$G18)*($A$7:$A$21<$A18)) -> 11 | I18: =F18+G18+H18 -> 12 | J18: =IF('Player Scoreboard'!$C21<>"",RANK('Player Scoreboard'!$H21,'Player Scoreboard'!$H$10:$H$24),"") -> 1 | K18: =SUMPRODUCT(($J$7:$J$21=$J18)*('Player Scoreboard'!$I$10:$I$24>'Player Scoreboard'!$I21)) -> 0 | L18: =SUMPRODUCT(($J$7:$J$21=$J18)*($K$7:$K$21=$K18)*($A$7:$A$21<$A18)) -> 11 | M18: =J18+K18+L18 -> 12 | N18: ='Player Scoreboard'!C21 -> John 12
A19: =IF('Player Scoreboard'!C22<>"",'Player Scoreboard'!A22,"") -> 13 | B19: =IF('Player Scoreboard'!C22<>"",RANK('Player Scoreboard'!D22,'Player Scoreboard'!$D$10:$D$24),"") -> 1 | C19: =SUMPRODUCT(($B$7:$B$21=$B19)*('Player Scoreboard'!$E$10:$E$24>'Player Scoreboard'!$E22)) -> 0 | D19: =SUMPRODUCT(($B$7:$B$21=$B19)*($C$7:$C$21=$C19)*($A$7:$A$21<$A19)) -> 12 | E19: =B19+C19+D19 -> 13 | F19: =IF('Player Scoreboard'!$C22<>"",RANK('Player Scoreboard'!$F22,'Player Scoreboard'!$F$10:$F$24),"") -> 1 | G19: =SUMPRODUCT(($F$7:$F$21=$F19)*('Player Scoreboard'!$G$10:$G$24>'Player Scoreboard'!$G22)) -> 0 | H19: =SUMPRODUCT(($F$7:$F$21=$F19)*($G$7:$G$21=$G19)*($A$7:$A$21<$A19)) -> 12 | I19: =F19+G19+H19 -> 13 | J19: =IF('Player Scoreboard'!$C22<>"",RANK('Player Scoreboard'!$H22,'Player Scoreboard'!$H$10:$H$24),"") -> 1 | K19: =SUMPRODUCT(($J$7:$J$21=$J19)*('Player Scoreboard'!$I$10:$I$24>'Player Scoreboard'!$I22)) -> 0 | L19: =SUMPRODUCT(($J$7:$J$21=$J19)*($K$7:$K$21=$K19)*($A$7:$A$21<$A19)) -> 12 | M19: =J19+K19+L19 -> 13 | N19: ='Player Scoreboard'!C22 -> John 13
... A21: =IF('Player Scoreboard'!C24<>"",'Player Scoreboard'!A24,"") -> 15 | B21: =IF('Player Scoreboard'!C24<>"",RANK('Player Scoreboard'!D24,'Player Scoreboard'!$D$10:$D$24),"") -> 1 | C21: =SUMPRODUCT(($B$7:$B$21=$B21)*('Player Scoreboard'!$E$10:$E$24>'Player Scoreboard'!$E24)) -> 0 | D21: =SUMPRODUCT(($B$7:$B$21=$B21)*($C$7:$C$21=$C21)*($A$7:$A$21<$A21)) -> 14 | E21: =B21+C21+D21 -> 15 | F21: =IF('Player Scoreboard'!$C24<>"",RANK('Player Scoreboard'!$F24,'Player Scoreboard'!$F$10:$F$24),"") -> 1 | G21: =SUMPRODUCT(($F$7:$F$21=$F21)*('Player Scoreboard'!$G$10:$G$24>'Player Scoreboard'!$G24)) -> 0 | H21: =SUMPRODUCT(($F$7:$F$21=$F21)*($G$7:$G$21=$G21)*($A$7:$A$21<$A21)) -> 14 | I21: =F21+G21+H21 -> 15 | J21: =IF('Player Scoreboard'!$C24<>"",RANK('Player Scoreboard'!$H24,'Player Scoreboard'!$H$10:$H$24),"") -> 1 | K21: =SUMPRODUCT(($J$7:$J$21=$J21)*('Player Scoreboard'!$I$10:$I$24>'Player Scoreboard'!$I24)) -> 0 | L21: =SUMPRODUCT(($J$7:$J$21=$J21)*($K$7:$K$21=$K21)*($A$7:$A$21<$A21)) -> 14 | M21: =J21+K21+L21 -> 15 | N21: ='Player Scoreboard'!C24 -> John 15

Sheet Player Leaderboard
A5: Position | B5: Player Name | C5: Total Point | D5: Total Correct Prediction | E5: Group Stages | G5: Knock Out Stages | I5: Point per Match
E6: Total Point | F6: Total Correct Prediction | G6: Total Point | H6: Total Correct Prediction | I6: 1 | J6: =I6+1 -> 2 | K6: =J6+1 -> 3 | L6: =K6+1 -> 4 | M6: =L6+1 -> 5 | N6: =M6+1 -> 6 | O6: =N6+1 -> 7 | P6: =O6+1 -> 8 | Q6: =P6+1 -> 9 | ... BT6: =BS6+1 -> 64
I7: ='Player Scoreboard'!K7 -> 100 | J7: ='Player Scoreboard'!L7 -> 100 | K7: ='Player Scoreboard'!M7 -> 100 | L7: ='Player Scoreboard'!N7 -> 100 | M7: ='Player Scoreboard'!O7 -> 100 | N7: ='Player Scoreboard'!P7 -> 100 | O7: ='Player Scoreboard'!Q7 -> 100 | P7: ='Player Scoreboard'!R7 -> 100 | ... BT7: ='Player Scoreboard'!BV7 -> 1600
I8: =SUM(J7:BT7) -> 11900 | J8: =I8-J7 -> 11800 | K8: =J8-K7 -> 11700 | L8: =K8-L7 -> 11600 | M8: =L8-M7 -> 11500 | N8: =M8-N7 -> 11400 | O8: =N8-O7 -> 11300 | P8: =O8-P7 -> 11200 | Q8: =P8-Q7 -> 11100 | ... BT8: =BS8-BT7 -> 0
A9: =IF('Player Name'!C6<>"",1,"") -> 1 | B9: =IF(A9<>"",VLOOKUP(A9,Dummy!$E$7:$N$106,10,FALSE),"") -> John 1 | C9: =IF($A9<>"",E9+G9,"") -> 0 | D9: =IF($A9<>"",F9+H9,"") -> 0 | E9: =IF($A9<>"",VLOOKUP($B9,'Player Scoreboard'!$C$10:$F$24,4,FALSE),"") -> 0 | F9: =IF($A9<>"",VLOOKUP($B9,'Player Scoreboard'!$C$10:$G$24,5,FALSE),"") -> 0 | G9: =IF($A9<>"",VLOOKUP($B9,'Player Scoreboard'!$C$10:$H$24,6,FALSE),"") -> 0 | H9: =IF($A9<>"",VLOOKUP($B9,'Player Scoreboard'!$C$10:$I$24,7,FALSE),"") -> 0 | I9: =IF($A9<>"",VLOOKUP($B9,'Player Scoreboard'!$C$10:$BV$24,I$6+8,FALSE),"") | J9: =IF($A9<>"",VLOOKUP($B9,'Player Scoreboard'!$C$10:$BV$24,J$6+8,FALSE),"") | K9: =IF($A9<>"",VLOOKUP($B9,'Player Scoreboard'!$C$10:$BV$24,K$6+8,FALSE),"") | L9: =IF($A9<>"",VLOOKUP($B9,'Player Scoreboard'!$C$10:$BV$24,L$6+8,FALSE),"") | M9: =IF($A9<>"",VLOOKUP($B9,'Player Scoreboard'!$C$10:$BV$24,M$6+8,FALSE),"") | N9: =IF($A9<>"",VLOOKUP($B9,'Player Scoreboard'!$C$10:$BV$24,N$6+8,FALSE),"") | O9: =IF($A9<>"",VLOOKUP($B9,'Player Scoreboard'!$C$10:$BV$24,O$6+8,FALSE),"") | P9: =IF($A9<>"",VLOOKUP($B9,'Player Scoreboard'!$C$10:$BV$24,P$6+8,FALSE),"") | ... BT9: =IF($A9<>"",VLOOKUP($B9,'Player Scoreboard'!$C$10:$BV$24,BT$6+8,FALSE),"")
A10: =IF('Player Name'!C7<>"",A9+1,"") -> 2 | B10: =IF(A10<>"",VLOOKUP(A10,Dummy!$E$7:$N$106,10,FALSE),"") -> John 2 | C10: =IF($A10<>"",E10+G10,"") -> 0 | D10: =IF($A10<>"",F10+H10,"") -> 0 | E10: =IF($A10<>"",VLOOKUP($B10,'Player Scoreboard'!$C$10:$F$24,4,FALSE),"") -> 0 | F10: =IF($A10<>"",VLOOKUP($B10,'Player Scoreboard'!$C$10:$G$24,5,FALSE),"") -> 0 | G10: =IF($A10<>"",VLOOKUP($B10,'Player Scoreboard'!$C$10:$H$24,6,FALSE),"") -> 0 | H10: =IF($A10<>"",VLOOKUP($B10,'Player Scoreboard'!$C$10:$I$24,7,FALSE),"") -> 0 | I10: =IF($A10<>"",VLOOKUP($B10,'Player Scoreboard'!$C$10:$BV$24,I$6+8,FALSE),"") | J10: =IF($A10<>"",VLOOKUP($B10,'Player Scoreboard'!$C$10:$BV$24,J$6+8,FALSE),"") | K10: =IF($A10<>"",VLOOKUP($B10,'Player Scoreboard'!$C$10:$BV$24,K$6+8,FALSE),"") | L10: =IF($A10<>"",VLOOKUP($B10,'Player Scoreboard'!$C$10:$BV$24,L$6+8,FALSE),"") | M10: =IF($A10<>"",VLOOKUP($B10,'Player Scoreboard'!$C$10:$BV$24,M$6+8,FALSE),"") | N10: =IF($A10<>"",VLOOKUP($B10,'Player Scoreboard'!$C$10:$BV$24,N$6+8,FALSE),"") | O10: =IF($A10<>"",VLOOKUP($B10,'Player Scoreboard'!$C$10:$BV$24,O$6+8,FALSE),"") | P10: =IF($A10<>"",VLOOKUP($B10,'Player Scoreboard'!$C$10:$BV$24,P$6+8,FALSE),"") | ... BT10: =IF($A10<>"",VLOOKUP($B10,'Player Scoreboard'!$C$10:$BV$24,BT$6+8,FALSE),"")
A11: =IF('Player Name'!C8<>"",A10+1,"") -> 3 | B11: =IF(A11<>"",VLOOKUP(A11,Dummy!$E$7:$N$106,10,FALSE),"") -> John 3 | C11: =IF($A11<>"",E11+G11,"") -> 0 | D11: =IF($A11<>"",F11+H11,"") -> 0 | E11: =IF($A11<>"",VLOOKUP($B11,'Player Scoreboard'!$C$10:$F$24,4,FALSE),"") -> 0 | F11: =IF($A11<>"",VLOOKUP($B11,'Player Scoreboard'!$C$10:$G$24,5,FALSE),"") -> 0 | G11: =IF($A11<>"",VLOOKUP($B11,'Player Scoreboard'!$C$10:$H$24,6,FALSE),"") -> 0 | H11: =IF($A11<>"",VLOOKUP($B11,'Player Scoreboard'!$C$10:$I$24,7,FALSE),"") -> 0 | I11: =IF($A11<>"",VLOOKUP($B11,'Player Scoreboard'!$C$10:$BV$24,I$6+8,FALSE),"") | J11: =IF($A11<>"",VLOOKUP($B11,'Player Scoreboard'!$C$10:$BV$24,J$6+8,FALSE),"") | K11: =IF($A11<>"",VLOOKUP($B11,'Player Scoreboard'!$C$10:$BV$24,K$6+8,FALSE),"") | L11: =IF($A11<>"",VLOOKUP($B11,'Player Scoreboard'!$C$10:$BV$24,L$6+8,FALSE),"") | M11: =IF($A11<>"",VLOOKUP($B11,'Player Scoreboard'!$C$10:$BV$24,M$6+8,FALSE),"") | N11: =IF($A11<>"",VLOOKUP($B11,'Player Scoreboard'!$C$10:$BV$24,N$6+8,FALSE),"") | O11: =IF($A11<>"",VLOOKUP($B11,'Player Scoreboard'!$C$10:$BV$24,O$6+8,FALSE),"") | P11: =IF($A11<>"",VLOOKUP($B11,'Player Scoreboard'!$C$10:$BV$24,P$6+8,FALSE),"") | ... BT11: =IF($A11<>"",VLOOKUP($B11,'Player Scoreboard'!$C$10:$BV$24,BT$6+8,FALSE),"")
A12: =IF('Player Name'!C9<>"",A11+1,"") -> 4 | B12: =IF(A12<>"",VLOOKUP(A12,Dummy!$E$7:$N$106,10,FALSE),"") -> John 4 | C12: =IF($A12<>"",E12+G12,"") -> 0 | D12: =IF($A12<>"",F12+H12,"") -> 0 | E12: =IF($A12<>"",VLOOKUP($B12,'Player Scoreboard'!$C$10:$F$24,4,FALSE),"") -> 0 | F12: =IF($A12<>"",VLOOKUP($B12,'Player Scoreboard'!$C$10:$G$24,5,FALSE),"") -> 0 | G12: =IF($A12<>"",VLOOKUP($B12,'Player Scoreboard'!$C$10:$H$24,6,FALSE),"") -> 0 | H12: =IF($A12<>"",VLOOKUP($B12,'Player Scoreboard'!$C$10:$I$24,7,FALSE),"") -> 0 | I12: =IF($A12<>"",VLOOKUP($B12,'Player Scoreboard'!$C$10:$BV$24,I$6+8,FALSE),"") | J12: =IF($A12<>"",VLOOKUP($B12,'Player Scoreboard'!$C$10:$BV$24,J$6+8,FALSE),"") | K12: =IF($A12<>"",VLOOKUP($B12,'Player Scoreboard'!$C$10:$BV$24,K$6+8,FALSE),"") | L12: =IF($A12<>"",VLOOKUP($B12,'Player Scoreboard'!$C$10:$BV$24,L$6+8,FALSE),"") | M12: =IF($A12<>"",VLOOKUP($B12,'Player Scoreboard'!$C$10:$BV$24,M$6+8,FALSE),"") | N12: =IF($A12<>"",VLOOKUP($B12,'Player Scoreboard'!$C$10:$BV$24,N$6+8,FALSE),"") | O12: =IF($A12<>"",VLOOKUP($B12,'Player Scoreboard'!$C$10:$BV$24,O$6+8,FALSE),"") | P12: =IF($A12<>"",VLOOKUP($B12,'Player Scoreboard'!$C$10:$BV$24,P$6+8,FALSE),"") | ... BT12: =IF($A12<>"",VLOOKUP($B12,'Player Scoreboard'!$C$10:$BV$24,BT$6+8,FALSE),"")
A13: =IF('Player Name'!C10<>"",A12+1,"") -> 5 | B13: =IF(A13<>"",VLOOKUP(A13,Dummy!$E$7:$N$106,10,FALSE),"") -> John 5 | C13: =IF($A13<>"",E13+G13,"") -> 0 | D13: =IF($A13<>"",F13+H13,"") -> 0 | E13: =IF($A13<>"",VLOOKUP($B13,'Player Scoreboard'!$C$10:$F$24,4,FALSE),"") -> 0 | F13: =IF($A13<>"",VLOOKUP($B13,'Player Scoreboard'!$C$10:$G$24,5,FALSE),"") -> 0 | G13: =IF($A13<>"",VLOOKUP($B13,'Player Scoreboard'!$C$10:$H$24,6,FALSE),"") -> 0 | H13: =IF($A13<>"",VLOOKUP($B13,'Player Scoreboard'!$C$10:$I$24,7,FALSE),"") -> 0 | I13: =IF($A13<>"",VLOOKUP($B13,'Player Scoreboard'!$C$10:$BV$24,I$6+8,FALSE),"") | J13: =IF($A13<>"",VLOOKUP($B13,'Player Scoreboard'!$C$10:$BV$24,J$6+8,FALSE),"") | K13: =IF($A13<>"",VLOOKUP($B13,'Player Scoreboard'!$C$10:$BV$24,K$6+8,FALSE),"") | L13: =IF($A13<>"",VLOOKUP($B13,'Player Scoreboard'!$C$10:$BV$24,L$6+8,FALSE),"") | M13: =IF($A13<>"",VLOOKUP($B13,'Player Scoreboard'!$C$10:$BV$24,M$6+8,FALSE),"") | N13: =IF($A13<>"",VLOOKUP($B13,'Player Scoreboard'!$C$10:$BV$24,N$6+8,FALSE),"") | O13: =IF($A13<>"",VLOOKUP($B13,'Player Scoreboard'!$C$10:$BV$24,O$6+8,FALSE),"") | P13: =IF($A13<>"",VLOOKUP($B13,'Player Scoreboard'!$C$10:$BV$24,P$6+8,FALSE),"") | ... BT13: =IF($A13<>"",VLOOKUP($B13,'Player Scoreboard'!$C$10:$BV$24,BT$6+8,FALSE),"")
A14: =IF('Player Name'!C11<>"",A13+1,"") -> 6 | B14: =IF(A14<>"",VLOOKUP(A14,Dummy!$E$7:$N$106,10,FALSE),"") -> John 6 | C14: =IF($A14<>"",E14+G14,"") -> 0 | D14: =IF($A14<>"",F14+H14,"") -> 0 | E14: =IF($A14<>"",VLOOKUP($B14,'Player Scoreboard'!$C$10:$F$24,4,FALSE),"") -> 0 | F14: =IF($A14<>"",VLOOKUP($B14,'Player Scoreboard'!$C$10:$G$24,5,FALSE),"") -> 0 | G14: =IF($A14<>"",VLOOKUP($B14,'Player Scoreboard'!$C$10:$H$24,6,FALSE),"") -> 0 | H14: =IF($A14<>"",VLOOKUP($B14,'Player Scoreboard'!$C$10:$I$24,7,FALSE),"") -> 0 | I14: =IF($A14<>"",VLOOKUP($B14,'Player Scoreboard'!$C$10:$BV$24,I$6+8,FALSE),"") | J14: =IF($A14<>"",VLOOKUP($B14,'Player Scoreboard'!$C$10:$BV$24,J$6+8,FALSE),"") | K14: =IF($A14<>"",VLOOKUP($B14,'Player Scoreboard'!$C$10:$BV$24,K$6+8,FALSE),"") | L14: =IF($A14<>"",VLOOKUP($B14,'Player Scoreboard'!$C$10:$BV$24,L$6+8,FALSE),"") | M14: =IF($A14<>"",VLOOKUP($B14,'Player Scoreboard'!$C$10:$BV$24,M$6+8,FALSE),"") | N14: =IF($A14<>"",VLOOKUP($B14,'Player Scoreboard'!$C$10:$BV$24,N$6+8,FALSE),"") | O14: =IF($A14<>"",VLOOKUP($B14,'Player Scoreboard'!$C$10:$BV$24,O$6+8,FALSE),"") | P14: =IF($A14<>"",VLOOKUP($B14,'Player Scoreboard'!$C$10:$BV$24,P$6+8,FALSE),"") | ... BT14: =IF($A14<>"",VLOOKUP($B14,'Player Scoreboard'!$C$10:$BV$24,BT$6+8,FALSE),"")
A15: =IF('Player Name'!C12<>"",A14+1,"") -> 7 | B15: =IF(A15<>"",VLOOKUP(A15,Dummy!$E$7:$N$106,10,FALSE),"") -> John 7 | C15: =IF($A15<>"",E15+G15,"") -> 0 | D15: =IF($A15<>"",F15+H15,"") -> 0 | E15: =IF($A15<>"",VLOOKUP($B15,'Player Scoreboard'!$C$10:$F$24,4,FALSE),"") -> 0 | F15: =IF($A15<>"",VLOOKUP($B15,'Player Scoreboard'!$C$10:$G$24,5,FALSE),"") -> 0 | G15: =IF($A15<>"",VLOOKUP($B15,'Player Scoreboard'!$C$10:$H$24,6,FALSE),"") -> 0 | H15: =IF($A15<>"",VLOOKUP($B15,'Player Scoreboard'!$C$10:$I$24,7,FALSE),"") -> 0 | I15: =IF($A15<>"",VLOOKUP($B15,'Player Scoreboard'!$C$10:$BV$24,I$6+8,FALSE),"") | J15: =IF($A15<>"",VLOOKUP($B15,'Player Scoreboard'!$C$10:$BV$24,J$6+8,FALSE),"") | K15: =IF($A15<>"",VLOOKUP($B15,'Player Scoreboard'!$C$10:$BV$24,K$6+8,FALSE),"") | L15: =IF($A15<>"",VLOOKUP($B15,'Player Scoreboard'!$C$10:$BV$24,L$6+8,FALSE),"") | M15: =IF($A15<>"",VLOOKUP($B15,'Player Scoreboard'!$C$10:$BV$24,M$6+8,FALSE),"") | N15: =IF($A15<>"",VLOOKUP($B15,'Player Scoreboard'!$C$10:$BV$24,N$6+8,FALSE),"") | O15: =IF($A15<>"",VLOOKUP($B15,'Player Scoreboard'!$C$10:$BV$24,O$6+8,FALSE),"") | P15: =IF($A15<>"",VLOOKUP($B15,'Player Scoreboard'!$C$10:$BV$24,P$6+8,FALSE),"") | ... BT15: =IF($A15<>"",VLOOKUP($B15,'Player Scoreboard'!$C$10:$BV$24,BT$6+8,FALSE),"")
A16: =IF('Player Name'!C13<>"",A15+1,"") -> 8 | B16: =IF(A16<>"",VLOOKUP(A16,Dummy!$E$7:$N$106,10,FALSE),"") -> John 8 | C16: =IF($A16<>"",E16+G16,"") -> 0 | D16: =IF($A16<>"",F16+H16,"") -> 0 | E16: =IF($A16<>"",VLOOKUP($B16,'Player Scoreboard'!$C$10:$F$24,4,FALSE),"") -> 0 | F16: =IF($A16<>"",VLOOKUP($B16,'Player Scoreboard'!$C$10:$G$24,5,FALSE),"") -> 0 | G16: =IF($A16<>"",VLOOKUP($B16,'Player Scoreboard'!$C$10:$H$24,6,FALSE),"") -> 0 | H16: =IF($A16<>"",VLOOKUP($B16,'Player Scoreboard'!$C$10:$I$24,7,FALSE),"") -> 0 | I16: =IF($A16<>"",VLOOKUP($B16,'Player Scoreboard'!$C$10:$BV$24,I$6+8,FALSE),"") | J16: =IF($A16<>"",VLOOKUP($B16,'Player Scoreboard'!$C$10:$BV$24,J$6+8,FALSE),"") | K16: =IF($A16<>"",VLOOKUP($B16,'Player Scoreboard'!$C$10:$BV$24,K$6+8,FALSE),"") | L16: =IF($A16<>"",VLOOKUP($B16,'Player Scoreboard'!$C$10:$BV$24,L$6+8,FALSE),"") | M16: =IF($A16<>"",VLOOKUP($B16,'Player Scoreboard'!$C$10:$BV$24,M$6+8,FALSE),"") | N16: =IF($A16<>"",VLOOKUP($B16,'Player Scoreboard'!$C$10:$BV$24,N$6+8,FALSE),"") | O16: =IF($A16<>"",VLOOKUP($B16,'Player Scoreboard'!$C$10:$BV$24,O$6+8,FALSE),"") | P16: =IF($A16<>"",VLOOKUP($B16,'Player Scoreboard'!$C$10:$BV$24,P$6+8,FALSE),"") | ... BT16: =IF($A16<>"",VLOOKUP($B16,'Player Scoreboard'!$C$10:$BV$24,BT$6+8,FALSE),"")
A17: =IF('Player Name'!C14<>"",A16+1,"") -> 9 | B17: =IF(A17<>"",VLOOKUP(A17,Dummy!$E$7:$N$106,10,FALSE),"") -> John 9 | C17: =IF($A17<>"",E17+G17,"") -> 0 | D17: =IF($A17<>"",F17+H17,"") -> 0 | E17: =IF($A17<>"",VLOOKUP($B17,'Player Scoreboard'!$C$10:$F$24,4,FALSE),"") -> 0 | F17: =IF($A17<>"",VLOOKUP($B17,'Player Scoreboard'!$C$10:$G$24,5,FALSE),"") -> 0 | G17: =IF($A17<>"",VLOOKUP($B17,'Player Scoreboard'!$C$10:$H$24,6,FALSE),"") -> 0 | H17: =IF($A17<>"",VLOOKUP($B17,'Player Scoreboard'!$C$10:$I$24,7,FALSE),"") -> 0 | I17: =IF($A17<>"",VLOOKUP($B17,'Player Scoreboard'!$C$10:$BV$24,I$6+8,FALSE),"") | J17: =IF($A17<>"",VLOOKUP($B17,'Player Scoreboard'!$C$10:$BV$24,J$6+8,FALSE),"") | K17: =IF($A17<>"",VLOOKUP($B17,'Player Scoreboard'!$C$10:$BV$24,K$6+8,FALSE),"") | L17: =IF($A17<>"",VLOOKUP($B17,'Player Scoreboard'!$C$10:$BV$24,L$6+8,FALSE),"") | M17: =IF($A17<>"",VLOOKUP($B17,'Player Scoreboard'!$C$10:$BV$24,M$6+8,FALSE),"") | N17: =IF($A17<>"",VLOOKUP($B17,'Player Scoreboard'!$C$10:$BV$24,N$6+8,FALSE),"") | O17: =IF($A17<>"",VLOOKUP($B17,'Player Scoreboard'!$C$10:$BV$24,O$6+8,FALSE),"") | P17: =IF($A17<>"",VLOOKUP($B17,'Player Scoreboard'!$C$10:$BV$24,P$6+8,FALSE),"") | ... BT17: =IF($A17<>"",VLOOKUP($B17,'Player Scoreboard'!$C$10:$BV$24,BT$6+8,FALSE),"")
A18: =IF('Player Name'!C15<>"",A17+1,"") -> 10 | B18: =IF(A18<>"",VLOOKUP(A18,Dummy!$E$7:$N$106,10,FALSE),"") -> John 10 | C18: =IF($A18<>"",E18+G18,"") -> 0 | D18: =IF($A18<>"",F18+H18,"") -> 0 | E18: =IF($A18<>"",VLOOKUP($B18,'Player Scoreboard'!$C$10:$F$24,4,FALSE),"") -> 0 | F18: =IF($A18<>"",VLOOKUP($B18,'Player Scoreboard'!$C$10:$G$24,5,FALSE),"") -> 0 | G18: =IF($A18<>"",VLOOKUP($B18,'Player Scoreboard'!$C$10:$H$24,6,FALSE),"") -> 0 | H18: =IF($A18<>"",VLOOKUP($B18,'Player Scoreboard'!$C$10:$I$24,7,FALSE),"") -> 0 | I18: =IF($A18<>"",VLOOKUP($B18,'Player Scoreboard'!$C$10:$BV$24,I$6+8,FALSE),"") | J18: =IF($A18<>"",VLOOKUP($B18,'Player Scoreboard'!$C$10:$BV$24,J$6+8,FALSE),"") | K18: =IF($A18<>"",VLOOKUP($B18,'Player Scoreboard'!$C$10:$BV$24,K$6+8,FALSE),"") | L18: =IF($A18<>"",VLOOKUP($B18,'Player Scoreboard'!$C$10:$BV$24,L$6+8,FALSE),"") | M18: =IF($A18<>"",VLOOKUP($B18,'Player Scoreboard'!$C$10:$BV$24,M$6+8,FALSE),"") | N18: =IF($A18<>"",VLOOKUP($B18,'Player Scoreboard'!$C$10:$BV$24,N$6+8,FALSE),"") | O18: =IF($A18<>"",VLOOKUP($B18,'Player Scoreboard'!$C$10:$BV$24,O$6+8,FALSE),"") | P18: =IF($A18<>"",VLOOKUP($B18,'Player Scoreboard'!$C$10:$BV$24,P$6+8,FALSE),"") | ... BT18: =IF($A18<>"",VLOOKUP($B18,'Player Scoreboard'!$C$10:$BV$24,BT$6+8,FALSE),"")
A19: =IF('Player Name'!C16<>"",A18+1,"") -> 11 | B19: =IF(A19<>"",VLOOKUP(A19,Dummy!$E$7:$N$106,10,FALSE),"") -> John 11 | C19: =IF($A19<>"",E19+G19,"") -> 0 | D19: =IF($A19<>"",F19+H19,"") -> 0 | E19: =IF($A19<>"",VLOOKUP($B19,'Player Scoreboard'!$C$10:$F$24,4,FALSE),"") -> 0 | F19: =IF($A19<>"",VLOOKUP($B19,'Player Scoreboard'!$C$10:$G$24,5,FALSE),"") -> 0 | G19: =IF($A19<>"",VLOOKUP($B19,'Player Scoreboard'!$C$10:$H$24,6,FALSE),"") -> 0 | H19: =IF($A19<>"",VLOOKUP($B19,'Player Scoreboard'!$C$10:$I$24,7,FALSE),"") -> 0 | I19: =IF($A19<>"",VLOOKUP($B19,'Player Scoreboard'!$C$10:$BV$24,I$6+8,FALSE),"") | J19: =IF($A19<>"",VLOOKUP($B19,'Player Scoreboard'!$C$10:$BV$24,J$6+8,FALSE),"") | K19: =IF($A19<>"",VLOOKUP($B19,'Player Scoreboard'!$C$10:$BV$24,K$6+8,FALSE),"") | L19: =IF($A19<>"",VLOOKUP($B19,'Player Scoreboard'!$C$10:$BV$24,L$6+8,FALSE),"") | M19: =IF($A19<>"",VLOOKUP($B19,'Player Scoreboard'!$C$10:$BV$24,M$6+8,FALSE),"") | N19: =IF($A19<>"",VLOOKUP($B19,'Player Scoreboard'!$C$10:$BV$24,N$6+8,FALSE),"") | O19: =IF($A19<>"",VLOOKUP($B19,'Player Scoreboard'!$C$10:$BV$24,O$6+8,FALSE),"") | P19: =IF($A19<>"",VLOOKUP($B19,'Player Scoreboard'!$C$10:$BV$24,P$6+8,FALSE),"") | ... BT19: =IF($A19<>"",VLOOKUP($B19,'Player Scoreboard'!$C$10:$BV$24,BT$6+8,FALSE),"")
A20: =IF('Player Name'!C17<>"",A19+1,"") -> 12 | B20: =IF(A20<>"",VLOOKUP(A20,Dummy!$E$7:$N$106,10,FALSE),"") -> John 12 | C20: =IF($A20<>"",E20+G20,"") -> 0 | D20: =IF($A20<>"",F20+H20,"") -> 0 | E20: =IF($A20<>"",VLOOKUP($B20,'Player Scoreboard'!$C$10:$F$24,4,FALSE),"") -> 0 | F20: =IF($A20<>"",VLOOKUP($B20,'Player Scoreboard'!$C$10:$G$24,5,FALSE),"") -> 0 | G20: =IF($A20<>"",VLOOKUP($B20,'Player Scoreboard'!$C$10:$H$24,6,FALSE),"") -> 0 | H20: =IF($A20<>"",VLOOKUP($B20,'Player Scoreboard'!$C$10:$I$24,7,FALSE),"") -> 0 | I20: =IF($A20<>"",VLOOKUP($B20,'Player Scoreboard'!$C$10:$BV$24,I$6+8,FALSE),"") | J20: =IF($A20<>"",VLOOKUP($B20,'Player Scoreboard'!$C$10:$BV$24,J$6+8,FALSE),"") | K20: =IF($A20<>"",VLOOKUP($B20,'Player Scoreboard'!$C$10:$BV$24,K$6+8,FALSE),"") | L20: =IF($A20<>"",VLOOKUP($B20,'Player Scoreboard'!$C$10:$BV$24,L$6+8,FALSE),"") | M20: =IF($A20<>"",VLOOKUP($B20,'Player Scoreboard'!$C$10:$BV$24,M$6+8,FALSE),"") | N20: =IF($A20<>"",VLOOKUP($B20,'Player Scoreboard'!$C$10:$BV$24,N$6+8,FALSE),"") | O20: =IF($A20<>"",VLOOKUP($B20,'Player Scoreboard'!$C$10:$BV$24,O$6+8,FALSE),"") | P20: =IF($A20<>"",VLOOKUP($B20,'Player Scoreboard'!$C$10:$BV$24,P$6+8,FALSE),"") | ... BT20: =IF($A20<>"",VLOOKUP($B20,'Player Scoreboard'!$C$10:$BV$24,BT$6+8,FALSE),"")
A21: =IF('Player Name'!C18<>"",A20+1,"") -> 13 | B21: =IF(A21<>"",VLOOKUP(A21,Dummy!$E$7:$N$106,10,FALSE),"") -> John 13 | C21: =IF($A21<>"",E21+G21,"") -> 0 | D21: =IF($A21<>"",F21+H21,"") -> 0 | E21: =IF($A21<>"",VLOOKUP($B21,'Player Scoreboard'!$C$10:$F$24,4,FALSE),"") -> 0 | F21: =IF($A21<>"",VLOOKUP($B21,'Player Scoreboard'!$C$10:$G$24,5,FALSE),"") -> 0 | G21: =IF($A21<>"",VLOOKUP($B21,'Player Scoreboard'!$C$10:$H$24,6,FALSE),"") -> 0 | H21: =IF($A21<>"",VLOOKUP($B21,'Player Scoreboard'!$C$10:$I$24,7,FALSE),"") -> 0 | I21: =IF($A21<>"",VLOOKUP($B21,'Player Scoreboard'!$C$10:$BV$24,I$6+8,FALSE),"") | J21: =IF($A21<>"",VLOOKUP($B21,'Player Scoreboard'!$C$10:$BV$24,J$6+8,FALSE),"") | K21: =IF($A21<>"",VLOOKUP($B21,'Player Scoreboard'!$C$10:$BV$24,K$6+8,FALSE),"") | L21: =IF($A21<>"",VLOOKUP($B21,'Player Scoreboard'!$C$10:$BV$24,L$6+8,FALSE),"") | M21: =IF($A21<>"",VLOOKUP($B21,'Player Scoreboard'!$C$10:$BV$24,M$6+8,FALSE),"") | N21: =IF($A21<>"",VLOOKUP($B21,'Player Scoreboard'!$C$10:$BV$24,N$6+8,FALSE),"") | O21: =IF($A21<>"",VLOOKUP($B21,'Player Scoreboard'!$C$10:$BV$24,O$6+8,FALSE),"") | P21: =IF($A21<>"",VLOOKUP($B21,'Player Scoreboard'!$C$10:$BV$24,P$6+8,FALSE),"") | ... BT21: =IF($A21<>"",VLOOKUP($B21,'Player Scoreboard'!$C$10:$BV$24,BT$6+8,FALSE),"")
... A23: =IF('Player Name'!C20<>"",A22+1,"") -> 15 | B23: =IF(A23<>"",VLOOKUP(A23,Dummy!$E$7:$N$106,10,FALSE),"") -> John 15 | C23: =IF($A23<>"",E23+G23,"") -> 0 | D23: =IF($A23<>"",F23+H23,"") -> 0 | E23: =IF($A23<>"",VLOOKUP($B23,'Player Scoreboard'!$C$10:$F$24,4,FALSE),"") -> 0 | F23: =IF($A23<>"",VLOOKUP($B23,'Player Scoreboard'!$C$10:$G$24,5,FALSE),"") -> 0 | G23: =IF($A23<>"",VLOOKUP($B23,'Player Scoreboard'!$C$10:$H$24,6,FALSE),"") -> 0 | H23: =IF($A23<>"",VLOOKUP($B23,'Player Scoreboard'!$C$10:$I$24,7,FALSE),"") -> 0 | I23: =IF($A23<>"",VLOOKUP($B23,'Player Scoreboard'!$C$10:$BV$24,I$6+8,FALSE),"") | J23: =IF($A23<>"",VLOOKUP($B23,'Player Scoreboard'!$C$10:$BV$24,J$6+8,FALSE),"") | K23: =IF($A23<>"",VLOOKUP($B23,'Player Scoreboard'!$C$10:$BV$24,K$6+8,FALSE),"") | L23: =IF($A23<>"",VLOOKUP($B23,'Player Scoreboard'!$C$10:$BV$24,L$6+8,FALSE),"") | M23: =IF($A23<>"",VLOOKUP($B23,'Player Scoreboard'!$C$10:$BV$24,M$6+8,FALSE),"") | N23: =IF($A23<>"",VLOOKUP($B23,'Player Scoreboard'!$C$10:$BV$24,N$6+8,FALSE),"") | O23: =IF($A23<>"",VLOOKUP($B23,'Player Scoreboard'!$C$10:$BV$24,O$6+8,FALSE),"") | P23: =IF($A23<>"",VLOOKUP($B23,'Player Scoreboard'!$C$10:$BV$24,P$6+8,FALSE),"") | ... BT23: =IF($A23<>"",VLOOKUP($B23,'Player Scoreboard'!$C$10:$BV$24,BT$6+8,FALSE),"")

Sheet Player Leaderboard - Group
A5: Group Stages | E5: Point per Match
A6: Position | B6: Player Name | C6: Total Point | D6: Total Correct Prediction | E6: 1 | F6: =E6+1 -> 2 | G6: =F6+1 -> 3 | H6: =G6+1 -> 4 | I6: =H6+1 -> 5 | J6: =I6+1 -> 6 | K6: =J6+1 -> 7 | L6: =K6+1 -> 8 | M6: =L6+1 -> 9 | ... AZ6: =AY6+1 -> 48
E7: ='Player Scoreboard'!K7 -> 100 | F7: ='Player Scoreboard'!L7 -> 100 | G7: ='Player Scoreboard'!M7 -> 100 | H7: ='Player Scoreboard'!N7 -> 100 | I7: ='Player Scoreboard'!O7 -> 100 | J7: ='Player Scoreboard'!P7 -> 100 | K7: ='Player Scoreboard'!Q7 -> 100 | L7: ='Player Scoreboard'!R7 -> 100 | ... AZ7: ='Player Scoreboard'!BF7 -> 100
E8: =SUM(F7:AZ7) -> 4700 | F8: =E8-F7 -> 4600 | G8: =F8-G7 -> 4500 | H8: =G8-H7 -> 4400 | I8: =H8-I7 -> 4300 | J8: =I8-J7 -> 4200 | K8: =J8-K7 -> 4100 | L8: =K8-L7 -> 4000 | M8: =L8-M7 -> 3900 | ... AZ8: =AY8-AZ7 -> 0
A9: =IF('Player Name'!C6<>"",1,"") -> 1 | B9: =IF(A9<>"",VLOOKUP(A9,Dummy!$I$7:$N$106,6,FALSE),"") -> John 1 | C9: =IF($A9<>"",VLOOKUP($B9,'Player Scoreboard'!$C$10:$F$24,4,FALSE),"") -> 0 | D9: =IF($A9<>"",VLOOKUP($B9,'Player Scoreboard'!$C$10:$G$24,5,FALSE),"") -> 0 | E9: =IF($A9<>"",VLOOKUP($B9,'Player Scoreboard'!$C$10:$BV$24,E$6+8,FALSE),"") | F9: =IF($A9<>"",VLOOKUP($B9,'Player Scoreboard'!$C$10:$BV$24,F$6+8,FALSE),"") | G9: =IF($A9<>"",VLOOKUP($B9,'Player Scoreboard'!$C$10:$BV$24,G$6+8,FALSE),"") | H9: =IF($A9<>"",VLOOKUP($B9,'Player Scoreboard'!$C$10:$BV$24,H$6+8,FALSE),"") | I9: =IF($A9<>"",VLOOKUP($B9,'Player Scoreboard'!$C$10:$BV$24,I$6+8,FALSE),"") | J9: =IF($A9<>"",VLOOKUP($B9,'Player Scoreboard'!$C$10:$BV$24,J$6+8,FALSE),"") | K9: =IF($A9<>"",VLOOKUP($B9,'Player Scoreboard'!$C$10:$BV$24,K$6+8,FALSE),"") | L9: =IF($A9<>"",VLOOKUP($B9,'Player Scoreboard'!$C$10:$BV$24,L$6+8,FALSE),"") | ... AZ9: =IF($A9<>"",VLOOKUP($B9,'Player Scoreboard'!$C$10:$BV$24,AZ$6+8,FALSE),"")
A10: =IF('Player Name'!C7<>"",A9+1,"") -> 2 | B10: =IF(A10<>"",VLOOKUP(A10,Dummy!$I$7:$N$106,6,FALSE),"") -> John 2 | C10: =IF($A10<>"",VLOOKUP($B10,'Player Scoreboard'!$C$10:$F$24,4,FALSE),"") -> 0 | D10: =IF($A10<>"",VLOOKUP($B10,'Player Scoreboard'!$C$10:$G$24,5,FALSE),"") -> 0 | E10: =IF($A10<>"",VLOOKUP($B10,'Player Scoreboard'!$C$10:$BV$24,E$6+8,FALSE),"") | F10: =IF($A10<>"",VLOOKUP($B10,'Player Scoreboard'!$C$10:$BV$24,F$6+8,FALSE),"") | G10: =IF($A10<>"",VLOOKUP($B10,'Player Scoreboard'!$C$10:$BV$24,G$6+8,FALSE),"") | H10: =IF($A10<>"",VLOOKUP($B10,'Player Scoreboard'!$C$10:$BV$24,H$6+8,FALSE),"") | I10: =IF($A10<>"",VLOOKUP($B10,'Player Scoreboard'!$C$10:$BV$24,I$6+8,FALSE),"") | J10: =IF($A10<>"",VLOOKUP($B10,'Player Scoreboard'!$C$10:$BV$24,J$6+8,FALSE),"") | K10: =IF($A10<>"",VLOOKUP($B10,'Player Scoreboard'!$C$10:$BV$24,K$6+8,FALSE),"") | L10: =IF($A10<>"",VLOOKUP($B10,'Player Scoreboard'!$C$10:$BV$24,L$6+8,FALSE),"") | ... AZ10: =IF($A10<>"",VLOOKUP($B10,'Player Scoreboard'!$C$10:$BV$24,AZ$6+8,FALSE),"")
A11: =IF('Player Name'!C8<>"",A10+1,"") -> 3 | B11: =IF(A11<>"",VLOOKUP(A11,Dummy!$I$7:$N$106,6,FALSE),"") -> John 3 | C11: =IF($A11<>"",VLOOKUP($B11,'Player Scoreboard'!$C$10:$F$24,4,FALSE),"") -> 0 | D11: =IF($A11<>"",VLOOKUP($B11,'Player Scoreboard'!$C$10:$G$24,5,FALSE),"") -> 0 | E11: =IF($A11<>"",VLOOKUP($B11,'Player Scoreboard'!$C$10:$BV$24,E$6+8,FALSE),"") | F11: =IF($A11<>"",VLOOKUP($B11,'Player Scoreboard'!$C$10:$BV$24,F$6+8,FALSE),"") | G11: =IF($A11<>"",VLOOKUP($B11,'Player Scoreboard'!$C$10:$BV$24,G$6+8,FALSE),"") | H11: =IF($A11<>"",VLOOKUP($B11,'Player Scoreboard'!$C$10:$BV$24,H$6+8,FALSE),"") | I11: =IF($A11<>"",VLOOKUP($B11,'Player Scoreboard'!$C$10:$BV$24,I$6+8,FALSE),"") | J11: =IF($A11<>"",VLOOKUP($B11,'Player Scoreboard'!$C$10:$BV$24,J$6+8,FALSE),"") | K11: =IF($A11<>"",VLOOKUP($B11,'Player Scoreboard'!$C$10:$BV$24,K$6+8,FALSE),"") | L11: =IF($A11<>"",VLOOKUP($B11,'Player Scoreboard'!$C$10:$BV$24,L$6+8,FALSE),"") | ... AZ11: =IF($A11<>"",VLOOKUP($B11,'Player Scoreboard'!$C$10:$BV$24,AZ$6+8,FALSE),"")
A12: =IF('Player Name'!C9<>"",A11+1,"") -> 4 | B12: =IF(A12<>"",VLOOKUP(A12,Dummy!$I$7:$N$106,6,FALSE),"") -> John 4 | C12: =IF($A12<>"",VLOOKUP($B12,'Player Scoreboard'!$C$10:$F$24,4,FALSE),"") -> 0 | D12: =IF($A12<>"",VLOOKUP($B12,'Player Scoreboard'!$C$10:$G$24,5,FALSE),"") -> 0 | E12: =IF($A12<>"",VLOOKUP($B12,'Player Scoreboard'!$C$10:$BV$24,E$6+8,FALSE),"") | F12: =IF($A12<>"",VLOOKUP($B12,'Player Scoreboard'!$C$10:$BV$24,F$6+8,FALSE),"") | G12: =IF($A12<>"",VLOOKUP($B12,'Player Scoreboard'!$C$10:$BV$24,G$6+8,FALSE),"") | H12: =IF($A12<>"",VLOOKUP($B12,'Player Scoreboard'!$C$10:$BV$24,H$6+8,FALSE),"") | I12: =IF($A12<>"",VLOOKUP($B12,'Player Scoreboard'!$C$10:$BV$24,I$6+8,FALSE),"") | J12: =IF($A12<>"",VLOOKUP($B12,'Player Scoreboard'!$C$10:$BV$24,J$6+8,FALSE),"") | K12: =IF($A12<>"",VLOOKUP($B12,'Player Scoreboard'!$C$10:$BV$24,K$6+8,FALSE),"") | L12: =IF($A12<>"",VLOOKUP($B12,'Player Scoreboard'!$C$10:$BV$24,L$6+8,FALSE),"") | ... AZ12: =IF($A12<>"",VLOOKUP($B12,'Player Scoreboard'!$C$10:$BV$24,AZ$6+8,FALSE),"")
A13: =IF('Player Name'!C10<>"",A12+1,"") -> 5 | B13: =IF(A13<>"",VLOOKUP(A13,Dummy!$I$7:$N$106,6,FALSE),"") -> John 5 | C13: =IF($A13<>"",VLOOKUP($B13,'Player Scoreboard'!$C$10:$F$24,4,FALSE),"") -> 0 | D13: =IF($A13<>"",VLOOKUP($B13,'Player Scoreboard'!$C$10:$G$24,5,FALSE),"") -> 0 | E13: =IF($A13<>"",VLOOKUP($B13,'Player Scoreboard'!$C$10:$BV$24,E$6+8,FALSE),"") | F13: =IF($A13<>"",VLOOKUP($B13,'Player Scoreboard'!$C$10:$BV$24,F$6+8,FALSE),"") | G13: =IF($A13<>"",VLOOKUP($B13,'Player Scoreboard'!$C$10:$BV$24,G$6+8,FALSE),"") | H13: =IF($A13<>"",VLOOKUP($B13,'Player Scoreboard'!$C$10:$BV$24,H$6+8,FALSE),"") | I13: =IF($A13<>"",VLOOKUP($B13,'Player Scoreboard'!$C$10:$BV$24,I$6+8,FALSE),"") | J13: =IF($A13<>"",VLOOKUP($B13,'Player Scoreboard'!$C$10:$BV$24,J$6+8,FALSE),"") | K13: =IF($A13<>"",VLOOKUP($B13,'Player Scoreboard'!$C$10:$BV$24,K$6+8,FALSE),"") | L13: =IF($A13<>"",VLOOKUP($B13,'Player Scoreboard'!$C$10:$BV$24,L$6+8,FALSE),"") | ... AZ13: =IF($A13<>"",VLOOKUP($B13,'Player Scoreboard'!$C$10:$BV$24,AZ$6+8,FALSE),"")
A14: =IF('Player Name'!C11<>"",A13+1,"") -> 6 | B14: =IF(A14<>"",VLOOKUP(A14,Dummy!$I$7:$N$106,6,FALSE),"") -> John 6 | C14: =IF($A14<>"",VLOOKUP($B14,'Player Scoreboard'!$C$10:$F$24,4,FALSE),"") -> 0 | D14: =IF($A14<>"",VLOOKUP($B14,'Player Scoreboard'!$C$10:$G$24,5,FALSE),"") -> 0 | E14: =IF($A14<>"",VLOOKUP($B14,'Player Scoreboard'!$C$10:$BV$24,E$6+8,FALSE),"") | F14: =IF($A14<>"",VLOOKUP($B14,'Player Scoreboard'!$C$10:$BV$24,F$6+8,FALSE),"") | G14: =IF($A14<>"",VLOOKUP($B14,'Player Scoreboard'!$C$10:$BV$24,G$6+8,FALSE),"") | H14: =IF($A14<>"",VLOOKUP($B14,'Player Scoreboard'!$C$10:$BV$24,H$6+8,FALSE),"") | I14: =IF($A14<>"",VLOOKUP($B14,'Player Scoreboard'!$C$10:$BV$24,I$6+8,FALSE),"") | J14: =IF($A14<>"",VLOOKUP($B14,'Player Scoreboard'!$C$10:$BV$24,J$6+8,FALSE),"") | K14: =IF($A14<>"",VLOOKUP($B14,'Player Scoreboard'!$C$10:$BV$24,K$6+8,FALSE),"") | L14: =IF($A14<>"",VLOOKUP($B14,'Player Scoreboard'!$C$10:$BV$24,L$6+8,FALSE),"") | ... AZ14: =IF($A14<>"",VLOOKUP($B14,'Player Scoreboard'!$C$10:$BV$24,AZ$6+8,FALSE),"")
A15: =IF('Player Name'!C12<>"",A14+1,"") -> 7 | B15: =IF(A15<>"",VLOOKUP(A15,Dummy!$I$7:$N$106,6,FALSE),"") -> John 7 | C15: =IF($A15<>"",VLOOKUP($B15,'Player Scoreboard'!$C$10:$F$24,4,FALSE),"") -> 0 | D15: =IF($A15<>"",VLOOKUP($B15,'Player Scoreboard'!$C$10:$G$24,5,FALSE),"") -> 0 | E15: =IF($A15<>"",VLOOKUP($B15,'Player Scoreboard'!$C$10:$BV$24,E$6+8,FALSE),"") | F15: =IF($A15<>"",VLOOKUP($B15,'Player Scoreboard'!$C$10:$BV$24,F$6+8,FALSE),"") | G15: =IF($A15<>"",VLOOKUP($B15,'Player Scoreboard'!$C$10:$BV$24,G$6+8,FALSE),"") | H15: =IF($A15<>"",VLOOKUP($B15,'Player Scoreboard'!$C$10:$BV$24,H$6+8,FALSE),"") | I15: =IF($A15<>"",VLOOKUP($B15,'Player Scoreboard'!$C$10:$BV$24,I$6+8,FALSE),"") | J15: =IF($A15<>"",VLOOKUP($B15,'Player Scoreboard'!$C$10:$BV$24,J$6+8,FALSE),"") | K15: =IF($A15<>"",VLOOKUP($B15,'Player Scoreboard'!$C$10:$BV$24,K$6+8,FALSE),"") | L15: =IF($A15<>"",VLOOKUP($B15,'Player Scoreboard'!$C$10:$BV$24,L$6+8,FALSE),"") | ... AZ15: =IF($A15<>"",VLOOKUP($B15,'Player Scoreboard'!$C$10:$BV$24,AZ$6+8,FALSE),"")
A16: =IF('Player Name'!C13<>"",A15+1,"") -> 8 | B16: =IF(A16<>"",VLOOKUP(A16,Dummy!$I$7:$N$106,6,FALSE),"") -> John 8 | C16: =IF($A16<>"",VLOOKUP($B16,'Player Scoreboard'!$C$10:$F$24,4,FALSE),"") -> 0 | D16: =IF($A16<>"",VLOOKUP($B16,'Player Scoreboard'!$C$10:$G$24,5,FALSE),"") -> 0 | E16: =IF($A16<>"",VLOOKUP($B16,'Player Scoreboard'!$C$10:$BV$24,E$6+8,FALSE),"") | F16: =IF($A16<>"",VLOOKUP($B16,'Player Scoreboard'!$C$10:$BV$24,F$6+8,FALSE),"") | G16: =IF($A16<>"",VLOOKUP($B16,'Player Scoreboard'!$C$10:$BV$24,G$6+8,FALSE),"") | H16: =IF($A16<>"",VLOOKUP($B16,'Player Scoreboard'!$C$10:$BV$24,H$6+8,FALSE),"") | I16: =IF($A16<>"",VLOOKUP($B16,'Player Scoreboard'!$C$10:$BV$24,I$6+8,FALSE),"") | J16: =IF($A16<>"",VLOOKUP($B16,'Player Scoreboard'!$C$10:$BV$24,J$6+8,FALSE),"") | K16: =IF($A16<>"",VLOOKUP($B16,'Player Scoreboard'!$C$10:$BV$24,K$6+8,FALSE),"") | L16: =IF($A16<>"",VLOOKUP($B16,'Player Scoreboard'!$C$10:$BV$24,L$6+8,FALSE),"") | ... AZ16: =IF($A16<>"",VLOOKUP($B16,'Player Scoreboard'!$C$10:$BV$24,AZ$6+8,FALSE),"")
A17: =IF('Player Name'!C14<>"",A16+1,"") -> 9 | B17: =IF(A17<>"",VLOOKUP(A17,Dummy!$I$7:$N$106,6,FALSE),"") -> John 9 | C17: =IF($A17<>"",VLOOKUP($B17,'Player Scoreboard'!$C$10:$F$24,4,FALSE),"") -> 0 | D17: =IF($A17<>"",VLOOKUP($B17,'Player Scoreboard'!$C$10:$G$24,5,FALSE),"") -> 0 | E17: =IF($A17<>"",VLOOKUP($B17,'Player Scoreboard'!$C$10:$BV$24,E$6+8,FALSE),"") | F17: =IF($A17<>"",VLOOKUP($B17,'Player Scoreboard'!$C$10:$BV$24,F$6+8,FALSE),"") | G17: =IF($A17<>"",VLOOKUP($B17,'Player Scoreboard'!$C$10:$BV$24,G$6+8,FALSE),"") | H17: =IF($A17<>"",VLOOKUP($B17,'Player Scoreboard'!$C$10:$BV$24,H$6+8,FALSE),"") | I17: =IF($A17<>"",VLOOKUP($B17,'Player Scoreboard'!$C$10:$BV$24,I$6+8,FALSE),"") | J17: =IF($A17<>"",VLOOKUP($B17,'Player Scoreboard'!$C$10:$BV$24,J$6+8,FALSE),"") | K17: =IF($A17<>"",VLOOKUP($B17,'Player Scoreboard'!$C$10:$BV$24,K$6+8,FALSE),"") | L17: =IF($A17<>"",VLOOKUP($B17,'Player Scoreboard'!$C$10:$BV$24,L$6+8,FALSE),"") | ... AZ17: =IF($A17<>"",VLOOKUP($B17,'Player Scoreboard'!$C$10:$BV$24,AZ$6+8,FALSE),"")
A18: =IF('Player Name'!C15<>"",A17+1,"") -> 10 | B18: =IF(A18<>"",VLOOKUP(A18,Dummy!$I$7:$N$106,6,FALSE),"") -> John 10 | C18: =IF($A18<>"",VLOOKUP($B18,'Player Scoreboard'!$C$10:$F$24,4,FALSE),"") -> 0 | D18: =IF($A18<>"",VLOOKUP($B18,'Player Scoreboard'!$C$10:$G$24,5,FALSE),"") -> 0 | E18: =IF($A18<>"",VLOOKUP($B18,'Player Scoreboard'!$C$10:$BV$24,E$6+8,FALSE),"") | F18: =IF($A18<>"",VLOOKUP($B18,'Player Scoreboard'!$C$10:$BV$24,F$6+8,FALSE),"") | G18: =IF($A18<>"",VLOOKUP($B18,'Player Scoreboard'!$C$10:$BV$24,G$6+8,FALSE),"") | H18: =IF($A18<>"",VLOOKUP($B18,'Player Scoreboard'!$C$10:$BV$24,H$6+8,FALSE),"") | I18: =IF($A18<>"",VLOOKUP($B18,'Player Scoreboard'!$C$10:$BV$24,I$6+8,FALSE),"") | J18: =IF($A18<>"",VLOOKUP($B18,'Player Scoreboard'!$C$10:$BV$24,J$6+8,FALSE),"") | K18: =IF($A18<>"",VLOOKUP($B18,'Player Scoreboard'!$C$10:$BV$24,K$6+8,FALSE),"") | L18: =IF($A18<>"",VLOOKUP($B18,'Player Scoreboard'!$C$10:$BV$24,L$6+8,FALSE),"") | ... AZ18: =IF($A18<>"",VLOOKUP($B18,'Player Scoreboard'!$C$10:$BV$24,AZ$6+8,FALSE),"")
A19: =IF('Player Name'!C16<>"",A18+1,"") -> 11 | B19: =IF(A19<>"",VLOOKUP(A19,Dummy!$I$7:$N$106,6,FALSE),"") -> John 11 | C19: =IF($A19<>"",VLOOKUP($B19,'Player Scoreboard'!$C$10:$F$24,4,FALSE),"") -> 0 | D19: =IF($A19<>"",VLOOKUP($B19,'Player Scoreboard'!$C$10:$G$24,5,FALSE),"") -> 0 | E19: =IF($A19<>"",VLOOKUP($B19,'Player Scoreboard'!$C$10:$BV$24,E$6+8,FALSE),"") | F19: =IF($A19<>"",VLOOKUP($B19,'Player Scoreboard'!$C$10:$BV$24,F$6+8,FALSE),"") | G19: =IF($A19<>"",VLOOKUP($B19,'Player Scoreboard'!$C$10:$BV$24,G$6+8,FALSE),"") | H19: =IF($A19<>"",VLOOKUP($B19,'Player Scoreboard'!$C$10:$BV$24,H$6+8,FALSE),"") | I19: =IF($A19<>"",VLOOKUP($B19,'Player Scoreboard'!$C$10:$BV$24,I$6+8,FALSE),"") | J19: =IF($A19<>"",VLOOKUP($B19,'Player Scoreboard'!$C$10:$BV$24,J$6+8,FALSE),"") | K19: =IF($A19<>"",VLOOKUP($B19,'Player Scoreboard'!$C$10:$BV$24,K$6+8,FALSE),"") | L19: =IF($A19<>"",VLOOKUP($B19,'Player Scoreboard'!$C$10:$BV$24,L$6+8,FALSE),"") | ... AZ19: =IF($A19<>"",VLOOKUP($B19,'Player Scoreboard'!$C$10:$BV$24,AZ$6+8,FALSE),"")
A20: =IF('Player Name'!C17<>"",A19+1,"") -> 12 | B20: =IF(A20<>"",VLOOKUP(A20,Dummy!$I$7:$N$106,6,FALSE),"") -> John 12 | C20: =IF($A20<>"",VLOOKUP($B20,'Player Scoreboard'!$C$10:$F$24,4,FALSE),"") -> 0 | D20: =IF($A20<>"",VLOOKUP($B20,'Player Scoreboard'!$C$10:$G$24,5,FALSE),"") -> 0 | E20: =IF($A20<>"",VLOOKUP($B20,'Player Scoreboard'!$C$10:$BV$24,E$6+8,FALSE),"") | F20: =IF($A20<>"",VLOOKUP($B20,'Player Scoreboard'!$C$10:$BV$24,F$6+8,FALSE),"") | G20: =IF($A20<>"",VLOOKUP($B20,'Player Scoreboard'!$C$10:$BV$24,G$6+8,FALSE),"") | H20: =IF($A20<>"",VLOOKUP($B20,'Player Scoreboard'!$C$10:$BV$24,H$6+8,FALSE),"") | I20: =IF($A20<>"",VLOOKUP($B20,'Player Scoreboard'!$C$10:$BV$24,I$6+8,FALSE),"") | J20: =IF($A20<>"",VLOOKUP($B20,'Player Scoreboard'!$C$10:$BV$24,J$6+8,FALSE),"") | K20: =IF($A20<>"",VLOOKUP($B20,'Player Scoreboard'!$C$10:$BV$24,K$6+8,FALSE),"") | L20: =IF($A20<>"",VLOOKUP($B20,'Player Scoreboard'!$C$10:$BV$24,L$6+8,FALSE),"") | ... AZ20: =IF($A20<>"",VLOOKUP($B20,'Player Scoreboard'!$C$10:$BV$24,AZ$6+8,FALSE),"")
A21: =IF('Player Name'!C18<>"",A20+1,"") -> 13 | B21: =IF(A21<>"",VLOOKUP(A21,Dummy!$I$7:$N$106,6,FALSE),"") -> John 13 | C21: =IF($A21<>"",VLOOKUP($B21,'Player Scoreboard'!$C$10:$F$24,4,FALSE),"") -> 0 | D21: =IF($A21<>"",VLOOKUP($B21,'Player Scoreboard'!$C$10:$G$24,5,FALSE),"") -> 0 | E21: =IF($A21<>"",VLOOKUP($B21,'Player Scoreboard'!$C$10:$BV$24,E$6+8,FALSE),"") | F21: =IF($A21<>"",VLOOKUP($B21,'Player Scoreboard'!$C$10:$BV$24,F$6+8,FALSE),"") | G21: =IF($A21<>"",VLOOKUP($B21,'Player Scoreboard'!$C$10:$BV$24,G$6+8,FALSE),"") | H21: =IF($A21<>"",VLOOKUP($B21,'Player Scoreboard'!$C$10:$BV$24,H$6+8,FALSE),"") | I21: =IF($A21<>"",VLOOKUP($B21,'Player Scoreboard'!$C$10:$BV$24,I$6+8,FALSE),"") | J21: =IF($A21<>"",VLOOKUP($B21,'Player Scoreboard'!$C$10:$BV$24,J$6+8,FALSE),"") | K21: =IF($A21<>"",VLOOKUP($B21,'Player Scoreboard'!$C$10:$BV$24,K$6+8,FALSE),"") | L21: =IF($A21<>"",VLOOKUP($B21,'Player Scoreboard'!$C$10:$BV$24,L$6+8,FALSE),"") | ... AZ21: =IF($A21<>"",VLOOKUP($B21,'Player Scoreboard'!$C$10:$BV$24,AZ$6+8,FALSE),"")
... A23: =IF('Player Name'!C20<>"",A22+1,"") -> 15 | B23: =IF(A23<>"",VLOOKUP(A23,Dummy!$I$7:$N$106,6,FALSE),"") -> John 15 | C23: =IF($A23<>"",VLOOKUP($B23,'Player Scoreboard'!$C$10:$F$24,4,FALSE),"") -> 0 | D23: =IF($A23<>"",VLOOKUP($B23,'Player Scoreboard'!$C$10:$G$24,5,FALSE),"") -> 0 | E23: =IF($A23<>"",VLOOKUP($B23,'Player Scoreboard'!$C$10:$BV$24,E$6+8,FALSE),"") | F23: =IF($A23<>"",VLOOKUP($B23,'Player Scoreboard'!$C$10:$BV$24,F$6+8,FALSE),"") | G23: =IF($A23<>"",VLOOKUP($B23,'Player Scoreboard'!$C$10:$BV$24,G$6+8,FALSE),"") | H23: =IF($A23<>"",VLOOKUP($B23,'Player Scoreboard'!$C$10:$BV$24,H$6+8,FALSE),"") | I23: =IF($A23<>"",VLOOKUP($B23,'Player Scoreboard'!$C$10:$BV$24,I$6+8,FALSE),"") | J23: =IF($A23<>"",VLOOKUP($B23,'Player Scoreboard'!$C$10:$BV$24,J$6+8,FALSE),"") | K23: =IF($A23<>"",VLOOKUP($B23,'Player Scoreboard'!$C$10:$BV$24,K$6+8,FALSE),"") | L23: =IF($A23<>"",VLOOKUP($B23,'Player Scoreboard'!$C$10:$BV$24,L$6+8,FALSE),"") | ... AZ23: =IF($A23<>"",VLOOKUP($B23,'Player Scoreboard'!$C$10:$BV$24,AZ$6+8,FALSE),"")

Sheet Player Leaderboard - KO
A5: Knock Out Stages | E5: Point per Match
A6: Position | B6: Player Name | C6: Total Point | D6: Total Correct Prediction | E6: 49 | F6: =E6+1 -> 50 | G6: =F6+1 -> 51 | H6: =G6+1 -> 52 | I6: =H6+1 -> 53 | J6: =I6+1 -> 54 | K6: =J6+1 -> 55 | L6: =K6+1 -> 56 | M6: =L6+1 -> 57 | ... T6: =S6+1 -> 64
E7: ='Player Scoreboard'!BG7 -> 200 | F7: ='Player Scoreboard'!BH7 -> 200 | G7: ='Player Scoreboard'!BI7 -> 200 | H7: ='Player Scoreboard'!BJ7 -> 200 | I7: ='Player Scoreboard'!BK7 -> 200 | J7: ='Player Scoreboard'!BL7 -> 200 | K7: ='Player Scoreboard'!BM7 -> 200 | L7: ='Player Scoreboard'!BN7 -> 200 | ... T7: ='Player Scoreboard'!BV7 -> 1600
E8: =SUM(E7:T7)-E7 -> 7000 | F8: =E8-F7 -> 6800 | G8: =F8-G7 -> 6600 | H8: =G8-H7 -> 6400 | I8: =H8-I7 -> 6200 | J8: =I8-J7 -> 6000 | K8: =J8-K7 -> 5800 | L8: =K8-L7 -> 5600 | M8: =L8-M7 -> 5200 | ... T8: =S8-T7 -> 0
A9: =IF('Player Name'!C6<>"",1,"") -> 1 | B9: =IF(A9<>"",VLOOKUP(A9,Dummy!$M$7:$N$106,2,FALSE),"") -> John 1 | C9: =IF($A9<>"",VLOOKUP($B9,'Player Scoreboard'!$C$10:$H$24,6,FALSE),"") -> 0 | D9: =IF($A9<>"",VLOOKUP($B9,'Player Scoreboard'!$C$10:$I$24,7,FALSE),"") -> 0 | E9: =IF($A9<>"",VLOOKUP($B9,'Player Scoreboard'!$C$10:$BV$24,E$6+8,FALSE),"") | F9: =IF($A9<>"",VLOOKUP($B9,'Player Scoreboard'!$C$10:$BV$24,F$6+8,FALSE),"") | G9: =IF($A9<>"",VLOOKUP($B9,'Player Scoreboard'!$C$10:$BV$24,G$6+8,FALSE),"") | H9: =IF($A9<>"",VLOOKUP($B9,'Player Scoreboard'!$C$10:$BV$24,H$6+8,FALSE),"") | I9: =IF($A9<>"",VLOOKUP($B9,'Player Scoreboard'!$C$10:$BV$24,I$6+8,FALSE),"") | J9: =IF($A9<>"",VLOOKUP($B9,'Player Scoreboard'!$C$10:$BV$24,J$6+8,FALSE),"") | K9: =IF($A9<>"",VLOOKUP($B9,'Player Scoreboard'!$C$10:$BV$24,K$6+8,FALSE),"") | L9: =IF($A9<>"",VLOOKUP($B9,'Player Scoreboard'!$C$10:$BV$24,L$6+8,FALSE),"") | ... T9: =IF($A9<>"",VLOOKUP($B9,'Player Scoreboard'!$C$10:$BV$24,T$6+8,FALSE),"")
A10: =IF('Player Name'!C7<>"",A9+1,"") -> 2 | B10: =IF(A10<>"",VLOOKUP(A10,Dummy!$M$7:$N$106,2,FALSE),"") -> John 2 | C10: =IF($A10<>"",VLOOKUP($B10,'Player Scoreboard'!$C$10:$H$24,6,FALSE),"") -> 0 | D10: =IF($A10<>"",VLOOKUP($B10,'Player Scoreboard'!$C$10:$I$24,7,FALSE),"") -> 0 | E10: =IF($A10<>"",VLOOKUP($B10,'Player Scoreboard'!$C$10:$BV$24,E$6+8,FALSE),"") | F10: =IF($A10<>"",VLOOKUP($B10,'Player Scoreboard'!$C$10:$BV$24,F$6+8,FALSE),"") | G10: =IF($A10<>"",VLOOKUP($B10,'Player Scoreboard'!$C$10:$BV$24,G$6+8,FALSE),"") | H10: =IF($A10<>"",VLOOKUP($B10,'Player Scoreboard'!$C$10:$BV$24,H$6+8,FALSE),"") | I10: =IF($A10<>"",VLOOKUP($B10,'Player Scoreboard'!$C$10:$BV$24,I$6+8,FALSE),"") | J10: =IF($A10<>"",VLOOKUP($B10,'Player Scoreboard'!$C$10:$BV$24,J$6+8,FALSE),"") | K10: =IF($A10<>"",VLOOKUP($B10,'Player Scoreboard'!$C$10:$BV$24,K$6+8,FALSE),"") | L10: =IF($A10<>"",VLOOKUP($B10,'Player Scoreboard'!$C$10:$BV$24,L$6+8,FALSE),"") | ... T10: =IF($A10<>"",VLOOKUP($B10,'Player Scoreboard'!$C$10:$BV$24,T$6+8,FALSE),"")
A11: =IF('Player Name'!C8<>"",A10+1,"") -> 3 | B11: =IF(A11<>"",VLOOKUP(A11,Dummy!$M$7:$N$106,2,FALSE),"") -> John 3 | C11: =IF($A11<>"",VLOOKUP($B11,'Player Scoreboard'!$C$10:$H$24,6,FALSE),"") -> 0 | D11: =IF($A11<>"",VLOOKUP($B11,'Player Scoreboard'!$C$10:$I$24,7,FALSE),"") -> 0 | E11: =IF($A11<>"",VLOOKUP($B11,'Player Scoreboard'!$C$10:$BV$24,E$6+8,FALSE),"") | F11: =IF($A11<>"",VLOOKUP($B11,'Player Scoreboard'!$C$10:$BV$24,F$6+8,FALSE),"") | G11: =IF($A11<>"",VLOOKUP($B11,'Player Scoreboard'!$C$10:$BV$24,G$6+8,FALSE),"") | H11: =IF($A11<>"",VLOOKUP($B11,'Player Scoreboard'!$C$10:$BV$24,H$6+8,FALSE),"") | I11: =IF($A11<>"",VLOOKUP($B11,'Player Scoreboard'!$C$10:$BV$24,I$6+8,FALSE),"") | J11: =IF($A11<>"",VLOOKUP($B11,'Player Scoreboard'!$C$10:$BV$24,J$6+8,FALSE),"") | K11: =IF($A11<>"",VLOOKUP($B11,'Player Scoreboard'!$C$10:$BV$24,K$6+8,FALSE),"") | L11: =IF($A11<>"",VLOOKUP($B11,'Player Scoreboard'!$C$10:$BV$24,L$6+8,FALSE),"") | ... T11: =IF($A11<>"",VLOOKUP($B11,'Player Scoreboard'!$C$10:$BV$24,T$6+8,FALSE),"")
A12: =IF('Player Name'!C9<>"",A11+1,"") -> 4 | B12: =IF(A12<>"",VLOOKUP(A12,Dummy!$M$7:$N$106,2,FALSE),"") -> John 4 | C12: =IF($A12<>"",VLOOKUP($B12,'Player Scoreboard'!$C$10:$H$24,6,FALSE),"") -> 0 | D12: =IF($A12<>"",VLOOKUP($B12,'Player Scoreboard'!$C$10:$I$24,7,FALSE),"") -> 0 | E12: =IF($A12<>"",VLOOKUP($B12,'Player Scoreboard'!$C$10:$BV$24,E$6+8,FALSE),"") | F12: =IF($A12<>"",VLOOKUP($B12,'Player Scoreboard'!$C$10:$BV$24,F$6+8,FALSE),"") | G12: =IF($A12<>"",VLOOKUP($B12,'Player Scoreboard'!$C$10:$BV$24,G$6+8,FALSE),"") | H12: =IF($A12<>"",VLOOKUP($B12,'Player Scoreboard'!$C$10:$BV$24,H$6+8,FALSE),"") | I12: =IF($A12<>"",VLOOKUP($B12,'Player Scoreboard'!$C$10:$BV$24,I$6+8,FALSE),"") | J12: =IF($A12<>"",VLOOKUP($B12,'Player Scoreboard'!$C$10:$BV$24,J$6+8,FALSE),"") | K12: =IF($A12<>"",VLOOKUP($B12,'Player Scoreboard'!$C$10:$BV$24,K$6+8,FALSE),"") | L12: =IF($A12<>"",VLOOKUP($B12,'Player Scoreboard'!$C$10:$BV$24,L$6+8,FALSE),"") | ... T12: =IF($A12<>"",VLOOKUP($B12,'Player Scoreboard'!$C$10:$BV$24,T$6+8,FALSE),"")
A13: =IF('Player Name'!C10<>"",A12+1,"") -> 5 | B13: =IF(A13<>"",VLOOKUP(A13,Dummy!$M$7:$N$106,2,FALSE),"") -> John 5 | C13: =IF($A13<>"",VLOOKUP($B13,'Player Scoreboard'!$C$10:$H$24,6,FALSE),"") -> 0 | D13: =IF($A13<>"",VLOOKUP($B13,'Player Scoreboard'!$C$10:$I$24,7,FALSE),"") -> 0 | E13: =IF($A13<>"",VLOOKUP($B13,'Player Scoreboard'!$C$10:$BV$24,E$6+8,FALSE),"") | F13: =IF($A13<>"",VLOOKUP($B13,'Player Scoreboard'!$C$10:$BV$24,F$6+8,FALSE),"") | G13: =IF($A13<>"",VLOOKUP($B13,'Player Scoreboard'!$C$10:$BV$24,G$6+8,FALSE),"") | H13: =IF($A13<>"",VLOOKUP($B13,'Player Scoreboard'!$C$10:$BV$24,H$6+8,FALSE),"") | I13: =IF($A13<>"",VLOOKUP($B13,'Player Scoreboard'!$C$10:$BV$24,I$6+8,FALSE),"") | J13: =IF($A13<>"",VLOOKUP($B13,'Player Scoreboard'!$C$10:$BV$24,J$6+8,FALSE),"") | K13: =IF($A13<>"",VLOOKUP($B13,'Player Scoreboard'!$C$10:$BV$24,K$6+8,FALSE),"") | L13: =IF($A13<>"",VLOOKUP($B13,'Player Scoreboard'!$C$10:$BV$24,L$6+8,FALSE),"") | ... T13: =IF($A13<>"",VLOOKUP($B13,'Player Scoreboard'!$C$10:$BV$24,T$6+8,FALSE),"")
A14: =IF('Player Name'!C11<>"",A13+1,"") -> 6 | B14: =IF(A14<>"",VLOOKUP(A14,Dummy!$M$7:$N$106,2,FALSE),"") -> John 6 | C14: =IF($A14<>"",VLOOKUP($B14,'Player Scoreboard'!$C$10:$H$24,6,FALSE),"") -> 0 | D14: =IF($A14<>"",VLOOKUP($B14,'Player Scoreboard'!$C$10:$I$24,7,FALSE),"") -> 0 | E14: =IF($A14<>"",VLOOKUP($B14,'Player Scoreboard'!$C$10:$BV$24,E$6+8,FALSE),"") | F14: =IF($A14<>"",VLOOKUP($B14,'Player Scoreboard'!$C$10:$BV$24,F$6+8,FALSE),"") | G14: =IF($A14<>"",VLOOKUP($B14,'Player Scoreboard'!$C$10:$BV$24,G$6+8,FALSE),"") | H14: =IF($A14<>"",VLOOKUP($B14,'Player Scoreboard'!$C$10:$BV$24,H$6+8,FALSE),"") | I14: =IF($A14<>"",VLOOKUP($B14,'Player Scoreboard'!$C$10:$BV$24,I$6+8,FALSE),"") | J14: =IF($A14<>"",VLOOKUP($B14,'Player Scoreboard'!$C$10:$BV$24,J$6+8,FALSE),"") | K14: =IF($A14<>"",VLOOKUP($B14,'Player Scoreboard'!$C$10:$BV$24,K$6+8,FALSE),"") | L14: =IF($A14<>"",VLOOKUP($B14,'Player Scoreboard'!$C$10:$BV$24,L$6+8,FALSE),"") | ... T14: =IF($A14<>"",VLOOKUP($B14,'Player Scoreboard'!$C$10:$BV$24,T$6+8,FALSE),"")
A15: =IF('Player Name'!C12<>"",A14+1,"") -> 7 | B15: =IF(A15<>"",VLOOKUP(A15,Dummy!$M$7:$N$106,2,FALSE),"") -> John 7 | C15: =IF($A15<>"",VLOOKUP($B15,'Player Scoreboard'!$C$10:$H$24,6,FALSE),"") -> 0 | D15: =IF($A15<>"",VLOOKUP($B15,'Player Scoreboard'!$C$10:$I$24,7,FALSE),"") -> 0 | E15: =IF($A15<>"",VLOOKUP($B15,'Player Scoreboard'!$C$10:$BV$24,E$6+8,FALSE),"") | F15: =IF($A15<>"",VLOOKUP($B15,'Player Scoreboard'!$C$10:$BV$24,F$6+8,FALSE),"") | G15: =IF($A15<>"",VLOOKUP($B15,'Player Scoreboard'!$C$10:$BV$24,G$6+8,FALSE),"") | H15: =IF($A15<>"",VLOOKUP($B15,'Player Scoreboard'!$C$10:$BV$24,H$6+8,FALSE),"") | I15: =IF($A15<>"",VLOOKUP($B15,'Player Scoreboard'!$C$10:$BV$24,I$6+8,FALSE),"") | J15: =IF($A15<>"",VLOOKUP($B15,'Player Scoreboard'!$C$10:$BV$24,J$6+8,FALSE),"") | K15: =IF($A15<>"",VLOOKUP($B15,'Player Scoreboard'!$C$10:$BV$24,K$6+8,FALSE),"") | L15: =IF($A15<>"",VLOOKUP($B15,'Player Scoreboard'!$C$10:$BV$24,L$6+8,FALSE),"") | ... T15: =IF($A15<>"",VLOOKUP($B15,'Player Scoreboard'!$C$10:$BV$24,T$6+8,FALSE),"")
A16: =IF('Player Name'!C13<>"",A15+1,"") -> 8 | B16: =IF(A16<>"",VLOOKUP(A16,Dummy!$M$7:$N$106,2,FALSE),"") -> John 8 | C16: =IF($A16<>"",VLOOKUP($B16,'Player Scoreboard'!$C$10:$H$24,6,FALSE),"") -> 0 | D16: =IF($A16<>"",VLOOKUP($B16,'Player Scoreboard'!$C$10:$I$24,7,FALSE),"") -> 0 | E16: =IF($A16<>"",VLOOKUP($B16,'Player Scoreboard'!$C$10:$BV$24,E$6+8,FALSE),"") | F16: =IF($A16<>"",VLOOKUP($B16,'Player Scoreboard'!$C$10:$BV$24,F$6+8,FALSE),"") | G16: =IF($A16<>"",VLOOKUP($B16,'Player Scoreboard'!$C$10:$BV$24,G$6+8,FALSE),"") | H16: =IF($A16<>"",VLOOKUP($B16,'Player Scoreboard'!$C$10:$BV$24,H$6+8,FALSE),"") | I16: =IF($A16<>"",VLOOKUP($B16,'Player Scoreboard'!$C$10:$BV$24,I$6+8,FALSE),"") | J16: =IF($A16<>"",VLOOKUP($B16,'Player Scoreboard'!$C$10:$BV$24,J$6+8,FALSE),"") | K16: =IF($A16<>"",VLOOKUP($B16,'Player Scoreboard'!$C$10:$BV$24,K$6+8,FALSE),"") | L16: =IF($A16<>"",VLOOKUP($B16,'Player Scoreboard'!$C$10:$BV$24,L$6+8,FALSE),"") | ... T16: =IF($A16<>"",VLOOKUP($B16,'Player Scoreboard'!$C$10:$BV$24,T$6+8,FALSE),"")
A17: =IF('Player Name'!C14<>"",A16+1,"") -> 9 | B17: =IF(A17<>"",VLOOKUP(A17,Dummy!$M$7:$N$106,2,FALSE),"") -> John 9 | C17: =IF($A17<>"",VLOOKUP($B17,'Player Scoreboard'!$C$10:$H$24,6,FALSE),"") -> 0 | D17: =IF($A17<>"",VLOOKUP($B17,'Player Scoreboard'!$C$10:$I$24,7,FALSE),"") -> 0 | E17: =IF($A17<>"",VLOOKUP($B17,'Player Scoreboard'!$C$10:$BV$24,E$6+8,FALSE),"") | F17: =IF($A17<>"",VLOOKUP($B17,'Player Scoreboard'!$C$10:$BV$24,F$6+8,FALSE),"") | G17: =IF($A17<>"",VLOOKUP($B17,'Player Scoreboard'!$C$10:$BV$24,G$6+8,FALSE),"") | H17: =IF($A17<>"",VLOOKUP($B17,'Player Scoreboard'!$C$10:$BV$24,H$6+8,FALSE),"") | I17: =IF($A17<>"",VLOOKUP($B17,'Player Scoreboard'!$C$10:$BV$24,I$6+8,FALSE),"") | J17: =IF($A17<>"",VLOOKUP($B17,'Player Scoreboard'!$C$10:$BV$24,J$6+8,FALSE),"") | K17: =IF($A17<>"",VLOOKUP($B17,'Player Scoreboard'!$C$10:$BV$24,K$6+8,FALSE),"") | L17: =IF($A17<>"",VLOOKUP($B17,'Player Scoreboard'!$C$10:$BV$24,L$6+8,FALSE),"") | ... T17: =IF($A17<>"",VLOOKUP($B17,'Player Scoreboard'!$C$10:$BV$24,T$6+8,FALSE),"")
A18: =IF('Player Name'!C15<>"",A17+1,"") -> 10 | B18: =IF(A18<>"",VLOOKUP(A18,Dummy!$M$7:$N$106,2,FALSE),"") -> John 10 | C18: =IF($A18<>"",VLOOKUP($B18,'Player Scoreboard'!$C$10:$H$24,6,FALSE),"") -> 0 | D18: =IF($A18<>"",VLOOKUP($B18,'Player Scoreboard'!$C$10:$I$24,7,FALSE),"") -> 0 | E18: =IF($A18<>"",VLOOKUP($B18,'Player Scoreboard'!$C$10:$BV$24,E$6+8,FALSE),"") | F18: =IF($A18<>"",VLOOKUP($B18,'Player Scoreboard'!$C$10:$BV$24,F$6+8,FALSE),"") | G18: =IF($A18<>"",VLOOKUP($B18,'Player Scoreboard'!$C$10:$BV$24,G$6+8,FALSE),"") | H18: =IF($A18<>"",VLOOKUP($B18,'Player Scoreboard'!$C$10:$BV$24,H$6+8,FALSE),"") | I18: =IF($A18<>"",VLOOKUP($B18,'Player Scoreboard'!$C$10:$BV$24,I$6+8,FALSE),"") | J18: =IF($A18<>"",VLOOKUP($B18,'Player Scoreboard'!$C$10:$BV$24,J$6+8,FALSE),"") | K18: =IF($A18<>"",VLOOKUP($B18,'Player Scoreboard'!$C$10:$BV$24,K$6+8,FALSE),"") | L18: =IF($A18<>"",VLOOKUP($B18,'Player Scoreboard'!$C$10:$BV$24,L$6+8,FALSE),"") | ... T18: =IF($A18<>"",VLOOKUP($B18,'Player Scoreboard'!$C$10:$BV$24,T$6+8,FALSE),"")
A19: =IF('Player Name'!C16<>"",A18+1,"") -> 11 | B19: =IF(A19<>"",VLOOKUP(A19,Dummy!$M$7:$N$106,2,FALSE),"") -> John 11 | C19: =IF($A19<>"",VLOOKUP($B19,'Player Scoreboard'!$C$10:$H$24,6,FALSE),"") -> 0 | D19: =IF($A19<>"",VLOOKUP($B19,'Player Scoreboard'!$C$10:$I$24,7,FALSE),"") -> 0 | E19: =IF($A19<>"",VLOOKUP($B19,'Player Scoreboard'!$C$10:$BV$24,E$6+8,FALSE),"") | F19: =IF($A19<>"",VLOOKUP($B19,'Player Scoreboard'!$C$10:$BV$24,F$6+8,FALSE),"") | G19: =IF($A19<>"",VLOOKUP($B19,'Player Scoreboard'!$C$10:$BV$24,G$6+8,FALSE),"") | H19: =IF($A19<>"",VLOOKUP($B19,'Player Scoreboard'!$C$10:$BV$24,H$6+8,FALSE),"") | I19: =IF($A19<>"",VLOOKUP($B19,'Player Scoreboard'!$C$10:$BV$24,I$6+8,FALSE),"") | J19: =IF($A19<>"",VLOOKUP($B19,'Player Scoreboard'!$C$10:$BV$24,J$6+8,FALSE),"") | K19: =IF($A19<>"",VLOOKUP($B19,'Player Scoreboard'!$C$10:$BV$24,K$6+8,FALSE),"") | L19: =IF($A19<>"",VLOOKUP($B19,'Player Scoreboard'!$C$10:$BV$24,L$6+8,FALSE),"") | ... T19: =IF($A19<>"",VLOOKUP($B19,'Player Scoreboard'!$C$10:$BV$24,T$6+8,FALSE),"")
A20: =IF('Player Name'!C17<>"",A19+1,"") -> 12 | B20: =IF(A20<>"",VLOOKUP(A20,Dummy!$M$7:$N$106,2,FALSE),"") -> John 12 | C20: =IF($A20<>"",VLOOKUP($B20,'Player Scoreboard'!$C$10:$H$24,6,FALSE),"") -> 0 | D20: =IF($A20<>"",VLOOKUP($B20,'Player Scoreboard'!$C$10:$I$24,7,FALSE),"") -> 0 | E20: =IF($A20<>"",VLOOKUP($B20,'Player Scoreboard'!$C$10:$BV$24,E$6+8,FALSE),"") | F20: =IF($A20<>"",VLOOKUP($B20,'Player Scoreboard'!$C$10:$BV$24,F$6+8,FALSE),"") | G20: =IF($A20<>"",VLOOKUP($B20,'Player Scoreboard'!$C$10:$BV$24,G$6+8,FALSE),"") | H20: =IF($A20<>"",VLOOKUP($B20,'Player Scoreboard'!$C$10:$BV$24,H$6+8,FALSE),"") | I20: =IF($A20<>"",VLOOKUP($B20,'Player Scoreboard'!$C$10:$BV$24,I$6+8,FALSE),"") | J20: =IF($A20<>"",VLOOKUP($B20,'Player Scoreboard'!$C$10:$BV$24,J$6+8,FALSE),"") | K20: =IF($A20<>"",VLOOKUP($B20,'Player Scoreboard'!$C$10:$BV$24,K$6+8,FALSE),"") | L20: =IF($A20<>"",VLOOKUP($B20,'Player Scoreboard'!$C$10:$BV$24,L$6+8,FALSE),"") | ... T20: =IF($A20<>"",VLOOKUP($B20,'Player Scoreboard'!$C$10:$BV$24,T$6+8,FALSE),"")
A21: =IF('Player Name'!C18<>"",A20+1,"") -> 13 | B21: =IF(A21<>"",VLOOKUP(A21,Dummy!$M$7:$N$106,2,FALSE),"") -> John 13 | C21: =IF($A21<>"",VLOOKUP($B21,'Player Scoreboard'!$C$10:$H$24,6,FALSE),"") -> 0 | D21: =IF($A21<>"",VLOOKUP($B21,'Player Scoreboard'!$C$10:$I$24,7,FALSE),"") -> 0 | E21: =IF($A21<>"",VLOOKUP($B21,'Player Scoreboard'!$C$10:$BV$24,E$6+8,FALSE),"") | F21: =IF($A21<>"",VLOOKUP($B21,'Player Scoreboard'!$C$10:$BV$24,F$6+8,FALSE),"") | G21: =IF($A21<>"",VLOOKUP($B21,'Player Scoreboard'!$C$10:$BV$24,G$6+8,FALSE),"") | H21: =IF($A21<>"",VLOOKUP($B21,'Player Scoreboard'!$C$10:$BV$24,H$6+8,FALSE),"") | I21: =IF($A21<>"",VLOOKUP($B21,'Player Scoreboard'!$C$10:$BV$24,I$6+8,FALSE),"") | J21: =IF($A21<>"",VLOOKUP($B21,'Player Scoreboard'!$C$10:$BV$24,J$6+8,FALSE),"") | K21: =IF($A21<>"",VLOOKUP($B21,'Player Scoreboard'!$C$10:$BV$24,K$6+8,FALSE),"") | L21: =IF($A21<>"",VLOOKUP($B21,'Player Scoreboard'!$C$10:$BV$24,L$6+8,FALSE),"") | ... T21: =IF($A21<>"",VLOOKUP($B21,'Player Scoreboard'!$C$10:$BV$24,T$6+8,FALSE),"")
... A23: =IF('Player Name'!C20<>"",A22+1,"") -> 15 | B23: =IF(A23<>"",VLOOKUP(A23,Dummy!$M$7:$N$106,2,FALSE),"") -> John 15 | C23: =IF($A23<>"",VLOOKUP($B23,'Player Scoreboard'!$C$10:$H$24,6,FALSE),"") -> 0 | D23: =IF($A23<>"",VLOOKUP($B23,'Player Scoreboard'!$C$10:$I$24,7,FALSE),"") -> 0 | E23: =IF($A23<>"",VLOOKUP($B23,'Player Scoreboard'!$C$10:$BV$24,E$6+8,FALSE),"") | F23: =IF($A23<>"",VLOOKUP($B23,'Player Scoreboard'!$C$10:$BV$24,F$6+8,FALSE),"") | G23: =IF($A23<>"",VLOOKUP($B23,'Player Scoreboard'!$C$10:$BV$24,G$6+8,FALSE),"") | H23: =IF($A23<>"",VLOOKUP($B23,'Player Scoreboard'!$C$10:$BV$24,H$6+8,FALSE),"") | I23: =IF($A23<>"",VLOOKUP($B23,'Player Scoreboard'!$C$10:$BV$24,I$6+8,FALSE),"") | J23: =IF($A23<>"",VLOOKUP($B23,'Player Scoreboard'!$C$10:$BV$24,J$6+8,FALSE),"") | K23: =IF($A23<>"",VLOOKUP($B23,'Player Scoreboard'!$C$10:$BV$24,K$6+8,FALSE),"") | L23: =IF($A23<>"",VLOOKUP($B23,'Player Scoreboard'!$C$10:$BV$24,L$6+8,FALSE),"") | ... T23: =IF($A23<>"",VLOOKUP($B23,'Player Scoreboard'!$C$10:$BV$24,T$6+8,FALSE),"")

Sheet Tournament
C4: =INDEX(Language!$A$1:$AV$115,MATCH("Language",Language!$B$1:$B$115,0),MATCH($G$4,Language!$A$1:$AU$1,0)) -> Language | F4: : | G4: English | N4: =INDEX(Language!$A$1:$AV$115,MATCH("Visit exceltemplate.net for more templates and updates",Language!$B$1:$B$115,0),MATCH($G$4,Language!$A$1:$AU$1,0)) -> Visit exceltemplate.net for more templates and updates
DC5: r musadya
C6: =INDEX(Language!$A$1:$AV$115,MATCH("Timezone",Language!$B$1:$B$115,0),MATCH($G$4,Language!$A$1:$AU$1,0)) -> Timezone | F6: : | G6: Brasilia
B8: =INDEX(Language!$A$1:$AV$115,MATCH("World Cup 2014 Schedule and Scoresheet",Language!$B$1:$B$115,0),MATCH($G$4,Language!$A$1:$AU$1,0)) -> World Cup 2014 Schedule and Scoresheet
B10: =INDEX(Language!$A$1:$AV$115,MATCH("Group Stages",Language!$B$1:$B$115,0),MATCH($G$4,Language!$A$1:$AU$1,0)) -> Group Stages
C12: =INDEX(Language!$A$1:$AV$115,MATCH("Matches",Language!$B$1:$B$115,0),MATCH($G$4,Language!$A$1:$AU$1,0)) -> Matches | R12: =INDEX(Language!$A$1:$AV$115,MATCH("Standings",Language!$B$1:$B$115,0),MATCH(Tournament!$G$4,Language!$A$1:$AU$1,0)) -> Standings
D14: =INDEX(Language!$A$1:$AV$115,MATCH("Match #",Language!$B$1:$B$115,0),MATCH($G$4,Language!$A$1:$AU$1,0)) -> Match # | E14: =INDEX(Language!$A$1:$AV$115,MATCH("Group",Language!$B$1:$B$115,0),MATCH($G$4,Language!$A$1:$AU$1,0)) -> Group | F14: =INDEX(Language!$A$1:$AV$115,MATCH("Date",Language!$B$1:$B$115,0),MATCH($G$4,Language!$A$1:$AU$1,0)) -> Date | G14: =INDEX(Language!$A$1:$AV$115,MATCH("Time",Language!$B$1:$B$115,0),MATCH($G$4,Language!$A$1:$AU$1,0)) -> Time | H14: =INDEX(Language!$A$1:$AV$115,MATCH("Country",Language!$B$1:$B$115,0),MATCH($G$4,Language!$A$1:$AU$1,0)) -> Country | J14: =INDEX(Language!$A$1:$AV$115,MATCH("Score",Language!$B$1:$B$115,0),MATCH($G$4,Language!$A$1:$AU$1,0)) -> Score | N14: =INDEX(Language!$A$1:$AV$115,MATCH("Country",Language!$B$1:$B$115,0),MATCH($G$4,Language!$A$1:$AU$1,0)) -> Country | S14: =INDEX(Language!$A$1:$AV$115,MATCH("Group A",Language!$B$1:$B$115,0),MATCH(Tournament!$G$4,Language!$A$1:$AU$1,0)) -> Group A | V14: P | W14: W | X14: D | Y14: L | AA14: F - A | AC14: Pt | AF14: A | AJ14: Country | AK14: Draw Result
S15: 1 | T15: =VLOOKUP(1,'Dummy Table'!O4:P7,2,FALSE) -> Brazil | V15: =SUM(W15:Y15) -> 1 | W15: =SUMIF('Dummy Table'!B$4:B$7,Tournament!T15,'Dummy Table'!C$4:C$7) -> 1 | X15: =SUMIF('Dummy Table'!B$4:B$7,Tournament!T15,'Dummy Table'!D$4:D$7) -> 0 | Y15: =SUMIF('Dummy Table'!B$4:B$7,Tournament!T15,'Dummy Table'!E$4:E$7) -> 0 | AA15: =CONCATENATE(SUMIF('Dummy Table'!B$4:B$7,Tournament!T15,'Dummy Table'!F$4:F$7)," - ",SUMIF('Dummy Table'!B$4:B$7,Tournament!T15,'Dummy Table'!G$4:G$7)) -> 3 - 1 | AC15: =SUMIF('Dummy Table'!B$4:B$7,Tournament!T15,'Dummy Table'!I$4:I$7) -> 3 | AJ15: =IF(SUM('Dummy Table'!AM$4:AM$7)>0,IF(ISNA(VLOOKUP(1,'Dummy Table'!AM$4:AN$7,2,FALSE)),"",VLOOKUP(1,'Dummy Table'!AM$4:AN$7,2,FALSE)),"")
D16: 1 | E16: A | F16: =G16 -> 41802.708 | G16: ='Countries and Timezone'!R2 -> 41802.708 | H16: =INDEX(Language!$A$1:$AX$115,MATCH('Countries and Timezone'!$AG$7,Language!$B$1:$B$115,0),MATCH($G$4,Language!$A$1:$AW$1,0)) -> Brazil | J16: 3 | K16: - | L16: 1 | N16: =INDEX(Language!$A$1:$AX$115,MATCH('Countries and Timezone'!$AG$8,Language!$B$1:$B$115,0),MATCH($G$4,Language!$A$1:$AW$1,0)) -> Croatia | S16: 2 | T16: =VLOOKUP(2,'Dummy Table'!O4:P7,2,FALSE) -> Mexico | V16: =SUM(W16:Y16) -> 1 | W16: =SUMIF('Dummy Table'!B$4:B$7,Tournament!T16,'Dummy Table'!C$4:C$7) -> 1 | X16: =SUMIF('Dummy Table'!B$4:B$7,Tournament!T16,'Dummy Table'!D$4:D$7) -> 0 | Y16: =SUMIF('Dummy Table'!B$4:B$7,Tournament!T16,'Dummy Table'!E$4:E$7) -> 0 | AA16: =CONCATENATE(SUMIF('Dummy Table'!B$4:B$7,Tournament!T16,'Dummy Table'!F$4:F$7)," - ",SUMIF('Dummy Table'!B$4:B$7,Tournament!T16,'Dummy Table'!G$4:G$7)) -> 1 - 0 | AC16: =SUMIF('Dummy Table'!B$4:B$7,Tournament!T16,'Dummy Table'!I$4:I$7) -> 3 | AJ16: =IF(SUM('Dummy Table'!AM$4:AM$7)>0,IF(ISNA(VLOOKUP(2,'Dummy Table'!AM$4:AN$7,2,FALSE)),"",VLOOKUP(2,'Dummy Table'!AM$4:AN$7,2,FALSE)),"") | AK16: rm
D17: 2 | E17: A | F17: =G17 -> 41803.542 | G17: ='Countries and Timezone'!R3 -> 41803.542 | H17: =INDEX(Language!$A$1:$AX$115,MATCH('Countries and Timezone'!$AG$9,Language!$B$1:$B$115,0),MATCH($G$4,Language!$A$1:$AW$1,0)) -> Mexico | J17: 1 | K17: - | L17: 0 | N17: =INDEX(Language!$A$1:$AX$115,MATCH('Countries and Timezone'!$AG$10,Language!$B$1:$B$115,0),MATCH($G$4,Language!$A$1:$AW$1,0)) -> Cameroon | S17: 3 | T17: =VLOOKUP(3,'Dummy Table'!O4:P7,2,FALSE) -> Cameroon | V17: =SUM(W17:Y17) -> 1 | W17: =SUMIF('Dummy Table'!B$4:B$7,Tournament!T17,'Dummy Table'!C$4:C$7) -> 0 | X17: =SUMIF('Dummy Table'!B$4:B$7,Tournament!T17,'Dummy Table'!D$4:D$7) -> 0 | Y17: =SUMIF('Dummy Table'!B$4:B$7,Tournament!T17,'Dummy Table'!E$4:E$7) -> 1 | AA17: =CONCATENATE(SUMIF('Dummy Table'!B$4:B$7,Tournament!T17,'Dummy Table'!F$4:F$7)," - ",SUMIF('Dummy Table'!B$4:B$7,Tournament!T17,'Dummy Table'!G$4:G$7)) -> 0 - 1 | AC17: =SUMIF('Dummy Table'!B$4:B$7,Tournament!T17,'Dummy Table'!I$4:I$7) -> 0 | AJ17: =IF(SUM('Dummy Table'!AM$4:AM$7)>0,IF(ISNA(VLOOKUP(3,'Dummy Table'!AM$4:AN$7,2,FALSE)),"",VLOOKUP(3,'Dummy Table'!AM$4:AN$7,2,FALSE)),"")
D18: 3 | E18: B | F18: =G18 -> 41803.667 | G18: ='Countries and Timezone'!R4 -> 41803.667 | H18: =INDEX(Language!$A$1:$AX$115,MATCH('Countries and Timezone'!$AG$11,Language!$B$1:$B$115,0),MATCH($G$4,Language!$A$1:$AW$1,0)) -> Spain | J18: 1 | K18: - | L18: 5 | N18: =INDEX(Language!$A$1:$AX$115,MATCH('Countries and Timezone'!$AG$12,Language!$B$1:$B$115,0),MATCH($G$4,Language!$A$1:$AW$1,0)) -> Netherlands | S18: 4 | T18: =VLOOKUP(4,'Dummy Table'!O4:P7,2,FALSE) -> Croatia | V18: =SUM(W18:Y18) -> 1 | W18: =SUMIF('Dummy Table'!B$4:B$7,Tournament!T18,'Dummy Table'!C$4:C$7) -> 0 | X18: =SUMIF('Dummy Table'!B$4:B$7,Tournament!T18,'Dummy Table'!D$4:D$7) -> 0 | Y18: =SUMIF('Dummy Table'!B$4:B$7,Tournament!T18,'Dummy Table'!E$4:E$7) -> 1 | AA18: =CONCATENATE(SUMIF('Dummy Table'!B$4:B$7,Tournament!T18,'Dummy Table'!F$4:F$7)," - ",SUMIF('Dummy Table'!B$4:B$7,Tournament!T18,'Dummy Table'!G$4:G$7)) -> 1 - 3 | AC18: =SUMIF('Dummy Table'!B$4:B$7,Tournament!T18,'Dummy Table'!I$4:I$7) -> 0 | AJ18: =IF(SUM('Dummy Table'!AM$4:AM$7)>0,IF(ISNA(VLOOKUP(4,'Dummy Table'!AM$4:AN$7,2,FALSE)),"",VLOOKUP(4,'Dummy Table'!AM$4:AN$7,2,FALSE)),"")
D19: 4 | E19: B | F19: =G19 -> 41803.792 | G19: ='Countries and Timezone'!R5 -> 41803.792 | H19: =INDEX(Language!$A$1:$AX$115,MATCH('Countries and Timezone'!$AG$13,Language!$B$1:$B$115,0),MATCH($G$4,Language!$A$1:$AW$1,0)) -> Chile | J19: 3 | K19: - | L19: 1 | N19: =INDEX(Language!$A$1:$AX$115,MATCH('Countries and Timezone'!$AG$14,Language!$B$1:$B$115,0),MATCH($G$4,Language!$A$1:$AW$1,0)) -> Australia
D20: 5 | E20: C | F20: =G20 -> 41804.542 | G20: ='Countries and Timezone'!R6 -> 41804.542 | H20: =INDEX(Language!$A$1:$AX$115,MATCH('Countries and Timezone'!$AG$15,Language!$B$1:$B$115,0),MATCH($G$4,Language!$A$1:$AW$1,0)) -> Colombia | K20: - | N20: =INDEX(Language!$A$1:$AX$115,MATCH('Countries and Timezone'!$AG$16,Language!$B$1:$B$115,0),MATCH($G$4,Language!$A$1:$AW$1,0)) -> Greece | S20: =INDEX(Language!$A$1:$AV$115,MATCH("Group B",Language!$B$1:$B$115,0),MATCH(Tournament!$G$4,Language!$A$1:$AU$1,0)) -> Group B | V20: P | W20: W | X20: D | Y20: L | AA20: F - A | AC20: Pt | AF20: B | AJ20: Country | AK20: Draw Result
D21: 6 | E21: C | F21: =G21 -> 41804.917 | G21: ='Countries and Timezone'!R7 -> 41804.917 | H21: =INDEX(Language!$A$1:$AX$115,MATCH('Countries and Timezone'!$AG$17,Language!$B$1:$B$115,0),MATCH($G$4,Language!$A$1:$AW$1,0)) -> Ivory Coast | K21: - | N21: =INDEX(Language!$A$1:$AX$115,MATCH('Countries and Timezone'!$AG$18,Language!$B$1:$B$115,0),MATCH($G$4,Language!$A$1:$AW$1,0)) -> Japan | S21: 1 | T21: =VLOOKUP(1,'Dummy Table'!O11:P14,2,FALSE) -> Netherlands | V21: =SUM(W21:Y21) -> 1 | W21: =SUMIF('Dummy Table'!B$11:B$14,Tournament!T21,'Dummy Table'!C$11:C$14) -> 1 | X21: =SUMIF('Dummy Table'!B$11:B$14,Tournament!T21,'Dummy Table'!D$11:D$14) -> 0 | Y21: =SUMIF('Dummy Table'!B$11:B$14,Tournament!T21,'Dummy Table'!E$11:E$14) -> 0 | AA21: =CONCATENATE(SUMIF('Dummy Table'!B$11:B$14,Tournament!T21,'Dummy Table'!F$11:F$14)," - ",SUMIF('Dummy Table'!B$11:B$14,Tournament!T21,'Dummy Table'!G$11:G$14)) -> 5 - 1 | AC21: =SUMIF('Dummy Table'!B$11:B$14,Tournament!T21,'Dummy Table'!I$11:I$14) -> 3 | AJ21: =IF(SUM('Dummy Table'!AM$11:AM$14)>0,IF(ISNA(VLOOKUP(1,'Dummy Table'!AM$11:AN$14,2,FALSE)),"",VLOOKUP(1,'Dummy Table'!AM$11:AN$14,2,FALSE)),"")
D22: 7 | E22: D | F22: =G22 -> 41804.667 | G22: ='Countries and Timezone'!R8 -> 41804.667 | H22: =INDEX(Language!$A$1:$AX$115,MATCH('Countries and Timezone'!$AG$19,Language!$B$1:$B$115,0),MATCH($G$4,Language!$A$1:$AW$1,0)) -> Uruguay | K22: - | N22: =INDEX(Language!$A$1:$AX$115,MATCH('Countries and Timezone'!$AG$20,Language!$B$1:$B$115,0),MATCH($G$4,Language!$A$1:$AW$1,0)) -> Costa Rica | S22: 2 | T22: =VLOOKUP(2,'Dummy Table'!O11:P14,2,FALSE) -> Chile | V22: =SUM(W22:Y22) -> 1 | W22: =SUMIF('Dummy Table'!B$11:B$14,Tournament!T22,'Dummy Table'!C$11:C$14) -> 1 | X22: =SUMIF('Dummy Table'!B$11:B$14,Tournament!T22,'Dummy Table'!D$11:D$14) -> 0 | Y22: =SUMIF('Dummy Table'!B$11:B$14,Tournament!T22,'Dummy Table'!E$11:E$14) -> 0 | AA22: =CONCATENATE(SUMIF('Dummy Table'!B$11:B$14,Tournament!T22,'Dummy Table'!F$11:F$14)," - ",SUMIF('Dummy Table'!B$11:B$14,Tournament!T22,'Dummy Table'!G$11:G$14)) -> 3 - 1 | AC22: =SUMIF('Dummy Table'!B$11:B$14,Tournament!T22,'Dummy Table'!I$11:I$14) -> 3 | AJ22: =IF(SUM('Dummy Table'!AM$11:AM$14)>0,IF(ISNA(VLOOKUP(2,'Dummy Table'!AM$11:AN$14,2,FALSE)),"",VLOOKUP(2,'Dummy Table'!AM$11:AN$14,2,FALSE)),"")
D23: 8 | E23: D | F23: =G23 -> 41804.792 | G23: ='Countries and Timezone'!R9 -> 41804.792 | H23: =INDEX(Language!$A$1:$AX$115,MATCH('Countries and Timezone'!$AG$21,Language!$B$1:$B$115,0),MATCH($G$4,Language!$A$1:$AW$1,0)) -> England | K23: - | N23: =INDEX(Language!$A$1:$AX$115,MATCH('Countries and Timezone'!$AG$22,Language!$B$1:$B$115,0),MATCH($G$4,Language!$A$1:$AW$1,0)) -> Italy | S23: 3 | T23: =VLOOKUP(3,'Dummy Table'!O11:P14,2,FALSE) -> Australia | V23: =SUM(W23:Y23) -> 1 | W23: =SUMIF('Dummy Table'!B$11:B$14,Tournament!T23,'Dummy Table'!C$11:C$14) -> 0 | X23: =SUMIF('Dummy Table'!B$11:B$14,Tournament!T23,'Dummy Table'!D$11:D$14) -> 0 | Y23: =SUMIF('Dummy Table'!B$11:B$14,Tournament!T23,'Dummy Table'!E$11:E$14) -> 1 | AA23: =CONCATENATE(SUMIF('Dummy Table'!B$11:B$14,Tournament!T23,'Dummy Table'!F$11:F$14)," - ",SUMIF('Dummy Table'!B$11:B$14,Tournament!T23,'Dummy Table'!G$11:G$14)) -> 1 - 3 | AC23: =SUMIF('Dummy Table'!B$11:B$14,Tournament!T23,'Dummy Table'!I$11:I$14) -> 0 | AJ23: =IF(SUM('Dummy Table'!AM$11:AM$14)>0,IF(ISNA(VLOOKUP(3,'Dummy Table'!AM$11:AN$14,2,FALSE)),"",VLOOKUP(3,'Dummy Table'!AM$11:AN$14,2,FALSE)),"")
D24: 9 | E24: E | F24: =G24 -> 41805.542 | G24: ='Countries and Timezone'!R10 -> 41805.542 | H24: =INDEX(Language!$A$1:$AX$115,MATCH('Countries and Timezone'!$AG$23,Language!$B$1:$B$115,0),MATCH($G$4,Language!$A$1:$AW$1,0)) -> Switzerland | K24: - | N24: =INDEX(Language!$A$1:$AX$115,MATCH('Countries and Timezone'!$AG$24,Language!$B$1:$B$115,0),MATCH($G$4,Language!$A$1:$AW$1,0)) -> Ecuador | S24: 4 | T24: =VLOOKUP(4,'Dummy Table'!O11:P14,2,FALSE) -> Spain | V24: =SUM(W24:Y24) -> 1 | W24: =SUMIF('Dummy Table'!B$11:B$14,Tournament!T24,'Dummy Table'!C$11:C$14) -> 0 | X24: =SUMIF('Dummy Table'!B$11:B$14,Tournament!T24,'Dummy Table'!D$11:D$14) -> 0 | Y24: =SUMIF('Dummy Table'!B$11:B$14,Tournament!T24,'Dummy Table'!E$11:E$14) -> 1 | AA24: =CONCATENATE(SUMIF('Dummy Table'!B$11:B$14,Tournament!T24,'Dummy Table'!F$11:F$14)," - ",SUMIF('Dummy Table'!B$11:B$14,Tournament!T24,'Dummy Table'!G$11:G$14)) -> 1 - 5 | AC24: =SUMIF('Dummy Table'!B$11:B$14,Tournament!T24,'Dummy Table'!I$11:I$14) -> 0 | AJ24: =IF(SUM('Dummy Table'!AM$11:AM$14)>0,IF(ISNA(VLOOKUP(4,'Dummy Table'!AM$11:AN$14,2,FALSE)),"",VLOOKUP(4,'Dummy Table'!AM$11:AN$14,2,FALSE)),"")
D25: 10 | E25: E | F25: =G25 -> 41805.667 | G25: ='Countries and Timezone'!R11 -> 41805.667 | H25: =INDEX(Language!$A$1:$AX$115,MATCH('Countries and Timezone'!$AG$25,Language!$B$1:$B$115,0),MATCH($G$4,Language!$A$1:$AW$1,0)) -> France | K25: - | N25: =INDEX(Language!$A$1:$AX$115,MATCH('Countries and Timezone'!$AG$26,Language!$B$1:$B$115,0),MATCH($G$4,Language!$A$1:$AW$1,0)) -> Honduras
D26: 11 | E26: F | F26: =G26 -> 41805.792 | G26: ='Countries and Timezone'!R12 -> 41805.792 | H26: =INDEX(Language!$A$1:$AX$115,MATCH('Countries and Timezone'!$AG$27,Language!$B$1:$B$115,0),MATCH($G$4,Language!$A$1:$AW$1,0)) -> Argentina | K26: - | N26: =INDEX(Language!$A$1:$AX$115,MATCH('Countries and Timezone'!$AG$28,Language!$B$1:$B$115,0),MATCH($G$4,Language!$A$1:$AW$1,0)) -> Bosnia-Herzegovina | S26: =INDEX(Language!$A$1:$AV$115,MATCH("Group C",Language!$B$1:$B$115,0),MATCH(Tournament!$G$4,Language!$A$1:$AU$1,0)) -> Group C | V26: P | W26: W | X26: D | Y26: L | AA26: F - A | AC26: Pt | AF26: C | AJ26: Country | AK26: Draw Result
D27: 12 | E27: F | F27: =G27 -> 41806.667 | G27: ='Countries and Timezone'!R13 -> 41806.667 | H27: =INDEX(Language!$A$1:$AX$115,MATCH('Countries and Timezone'!$AG$29,Language!$B$1:$B$115,0),MATCH($G$4,Language!$A$1:$AW$1,0)) -> Iran | K27: - | N27: =INDEX(Language!$A$1:$AX$115,MATCH('Countries and Timezone'!$AG$30,Language!$B$1:$B$115,0),MATCH($G$4,Language!$A$1:$AW$1,0)) -> Nigeria | S27: 1 | T27: =VLOOKUP(1,'Dummy Table'!O18:P21,2,FALSE) -> Colombia | V27: =SUM(W27:Y27) -> 0 | W27: =SUMIF('Dummy Table'!B$18:B$21,Tournament!T27,'Dummy Table'!C$18:C$21) -> 0 | X27: =SUMIF('Dummy Table'!B$18:B$21,Tournament!T27,'Dummy Table'!D$18:D$21) -> 0 | Y27: =SUMIF('Dummy Table'!B$18:B$21,Tournament!T27,'Dummy Table'!E$18:E$21) -> 0 | AA27: =CONCATENATE(SUMIF('Dummy Table'!B$18:B$21,Tournament!T27,'Dummy Table'!F$18:F$21)," - ",SUMIF('Dummy Table'!B$18:B$21,Tournament!T27,'Dummy Table'!G$18:G$21)) -> 0 - 0 | AC27: =SUMIF('Dummy Table'!B$18:B$21,Tournament!T27,'Dummy Table'!I$18:I$21) -> 0 | AJ27: =IF(SUM('Dummy Table'!AM$18:AM$21)>0,IF(ISNA(VLOOKUP(1,'Dummy Table'!AM$18:AN$21,2,FALSE)),"",VLOOKUP(1,'Dummy Table'!AM$18:AN$21,2,FALSE)),"") -> Colombia
D28: 13 | E28: G | F28: =G28 -> 41806.542 | G28: ='Countries and Timezone'!R14 -> 41806.542 | H28: =INDEX(Language!$A$1:$AX$115,MATCH('Countries and Timezone'!$AG$31,Language!$B$1:$B$115,0),MATCH($G$4,Language!$A$1:$AW$1,0)) -> Germany | K28: - | N28: =INDEX(Language!$A$1:$AX$115,MATCH('Countries and Timezone'!$AG$32,Language!$B$1:$B$115,0),MATCH($G$4,Language!$A$1:$AW$1,0)) -> Portugal | S28: 2 | T28: =VLOOKUP(2,'Dummy Table'!O18:P21,2,FALSE) -> Greece | V28: =SUM(W28:Y28) -> 0 | W28: =SUMIF('Dummy Table'!B$18:B$21,Tournament!T28,'Dummy Table'!C$18:C$21) -> 0 | X28: =SUMIF('Dummy Table'!B$18:B$21,Tournament!T28,'Dummy Table'!D$18:D$21) -> 0 | Y28: =SUMIF('Dummy Table'!B$18:B$21,Tournament!T28,'Dummy Table'!E$18:E$21) -> 0 | AA28: =CONCATENATE(SUMIF('Dummy Table'!B$18:B$21,Tournament!T28,'Dummy Table'!F$18:F$21)," - ",SUMIF('Dummy Table'!B$18:B$21,Tournament!T28,'Dummy Table'!G$18:G$21)) -> 0 - 0 | AC28: =SUMIF('Dummy Table'!B$18:B$21,Tournament!T28,'Dummy Table'!I$18:I$21) -> 0 | AJ28: =IF(SUM('Dummy Table'!AM$18:AM$21)>0,IF(ISNA(VLOOKUP(2,'Dummy Table'!AM$18:AN$21,2,FALSE)),"",VLOOKUP(2,'Dummy Table'!AM$18:AN$21,2,FALSE)),"") -> Greece
D29: 14 | E29: G | F29: =G29 -> 41806.792 | G29: ='Countries and Timezone'!R15 -> 41806.792 | H29: =INDEX(Language!$A$1:$AX$115,MATCH('Countries and Timezone'!$AG$33,Language!$B$1:$B$115,0),MATCH($G$4,Language!$A$1:$AW$1,0)) -> Ghana | K29: - | N29: =INDEX(Language!$A$1:$AX$115,MATCH('Countries and Timezone'!$AG$34,Language!$B$1:$B$115,0),MATCH($G$4,Language!$A$1:$AW$1,0)) -> USA | S29: 3 | T29: =VLOOKUP(3,'Dummy Table'!O18:P21,2,FALSE) -> Ivory Coast | V29: =SUM(W29:Y29) -> 0 | W29: =SUMIF('Dummy Table'!B$18:B$21,Tournament!T29,'Dummy Table'!C$18:C$21) -> 0 | X29: =SUMIF('Dummy Table'!B$18:B$21,Tournament!T29,'Dummy Table'!D$18:D$21) -> 0 | Y29: =SUMIF('Dummy Table'!B$18:B$21,Tournament!T29,'Dummy Table'!E$18:E$21) -> 0 | AA29: =CONCATENATE(SUMIF('Dummy Table'!B$18:B$21,Tournament!T29,'Dummy Table'!F$18:F$21)," - ",SUMIF('Dummy Table'!B$18:B$21,Tournament!T29,'Dummy Table'!G$18:G$21)) -> 0 - 0 | AC29: =SUMIF('Dummy Table'!B$18:B$21,Tournament!T29,'Dummy Table'!I$18:I$21) -> 0 | AJ29: =IF(SUM('Dummy Table'!AM$18:AM$21)>0,IF(ISNA(VLOOKUP(3,'Dummy Table'!AM$18:AN$21,2,FALSE)),"",VLOOKUP(3,'Dummy Table'!AM$18:AN$21,2,FALSE)),"") -> Ivory Coast
D30: 15 | E30: H | F30: =G30 -> 41807.542 | G30: ='Countries and Timezone'!R16 -> 41807.542 | H30: =INDEX(Language!$A$1:$AX$115,MATCH('Countries and Timezone'!$AG$35,Language!$B$1:$B$115,0),MATCH($G$4,Language!$A$1:$AW$1,0)) -> Belgium | K30: - | N30: =INDEX(Language!$A$1:$AX$115,MATCH('Countries and Timezone'!$AG$36,Language!$B$1:$B$115,0),MATCH($G$4,Language!$A$1:$AW$1,0)) -> Algeria | S30: 4 | T30: =VLOOKUP(4,'Dummy Table'!O18:P21,2,FALSE) -> Japan | V30: =SUM(W30:Y30) -> 0 | W30: =SUMIF('Dummy Table'!B$18:B$21,Tournament!T30,'Dummy Table'!C$18:C$21) -> 0 | X30: =SUMIF('Dummy Table'!B$18:B$21,Tournament!T30,'Dummy Table'!D$18:D$21) -> 0 | Y30: =SUMIF('Dummy Table'!B$18:B$21,Tournament!T30,'Dummy Table'!E$18:E$21) -> 0 | AA30: =CONCATENATE(SUMIF('Dummy Table'!B$18:B$21,Tournament!T30,'Dummy Table'!F$18:F$21)," - ",SUMIF('Dummy Table'!B$18:B$21,Tournament!T30,'Dummy Table'!G$18:G$21)) -> 0 - 0 | AC30: =SUMIF('Dummy Table'!B$18:B$21,Tournament!T30,'Dummy Table'!I$18:I$21) -> 0 | AJ30: =IF(SUM('Dummy Table'!AM$18:AM$21)>0,IF(ISNA(VLOOKUP(4,'Dummy Table'!AM$18:AN$21,2,FALSE)),"",VLOOKUP(4,'Dummy Table'!AM$18:AN$21,2,FALSE)),"") -> Japan
D31: 16 | E31: H | F31: =G31 -> 41807.792 | G31: ='Countries and Timezone'!R17 -> 41807.792 | H31: =INDEX(Language!$A$1:$AX$115,MATCH('Countries and Timezone'!$AG$37,Language!$B$1:$B$115,0),MATCH($G$4,Language!$A$1:$AW$1,0)) -> Russia | K31: - | N31: =INDEX(Language!$A$1:$AX$115,MATCH('Countries and Timezone'!$AG$38,Language!$B$1:$B$115,0),MATCH($G$4,Language!$A$1:$AW$1,0)) -> South Korea
D32: 17 | E32: A | F32: =G32 -> 41807.667 | G32: ='Countries and Timezone'!R18 -> 41807.667 | H32: =H16 -> Brazil | K32: - | N32: =H17 -> Mexico | S32: =INDEX(Language!$A$1:$AV$115,MATCH("Group D",Language!$B$1:$B$115,0),MATCH(Tournament!$G$4,Language!$A$1:$AU$1,0)) -> Group D | V32: P | W32: W | X32: D | Y32: L | AA32: F - A | AC32: Pt | AF32: D | AJ32: Country | AK32: Draw Result
D33: 18 | E33: A | F33: =G33 -> 41808.792 | G33: ='Countries and Timezone'!R19 -> 41808.792 | H33: =N17 -> Cameroon | K33: - | N33: =N16 -> Croatia | S33: 1 | T33: =VLOOKUP(1,'Dummy Table'!O25:P28,2,FALSE) -> Uruguay | V33: =SUM(W33:Y33) -> 0 | W33: =SUMIF('Dummy Table'!B$25:B$28,Tournament!T33,'Dummy Table'!C$25:C$28) -> 0 | X33: =SUMIF('Dummy Table'!B$25:B$28,Tournament!T33,'Dummy Table'!D$25:D$28) -> 0 | Y33: =SUMIF('Dummy Table'!B$25:B$28,Tournament!T33,'Dummy Table'!E$25:E$28) -> 0 | AA33: =CONCATENATE(SUMIF('Dummy Table'!B$25:B$28,Tournament!T33,'Dummy Table'!F$25:F$28)," - ",SUMIF('Dummy Table'!B$25:B$28,Tournament!T33,'Dummy Table'!G$25:G$28)) -> 0 - 0 | AC33: =SUMIF('Dummy Table'!B$25:B$28,Tournament!T33,'Dummy Table'!I$25:I$28) -> 0 | AJ33: =IF(SUM('Dummy Table'!AM$25:AM$28)>0,IF(ISNA(VLOOKUP(1,'Dummy Table'!AM$25:AN$28,2,FALSE)),"",VLOOKUP(1,'Dummy Table'!AM$25:AN$28,2,FALSE)),"") -> Uruguay
D34: 19 | E34: B | F34: =G34 -> 41808.667 | G34: ='Countries and Timezone'!R20 -> 41808.667 | H34: =H18 -> Spain | K34: - | N34: =H19 -> Chile | S34: 2 | T34: =VLOOKUP(2,'Dummy Table'!O25:P28,2,FALSE) -> Italy | V34: =SUM(W34:Y34) -> 0 | W34: =SUMIF('Dummy Table'!B$25:B$28,Tournament!T34,'Dummy Table'!C$25:C$28) -> 0 | X34: =SUMIF('Dummy Table'!B$25:B$28,Tournament!T34,'Dummy Table'!D$25:D$28) -> 0 | Y34: =SUMIF('Dummy Table'!B$25:B$28,Tournament!T34,'Dummy Table'!E$25:E$28) -> 0 | AA34: =CONCATENATE(SUMIF('Dummy Table'!B$25:B$28,Tournament!T34,'Dummy Table'!F$25:F$28)," - ",SUMIF('Dummy Table'!B$25:B$28,Tournament!T34,'Dummy Table'!G$25:G$28)) -> 0 - 0 | AC34: =SUMIF('Dummy Table'!B$25:B$28,Tournament!T34,'Dummy Table'!I$25:I$28) -> 0 | AJ34: =IF(SUM('Dummy Table'!AM$25:AM$28)>0,IF(ISNA(VLOOKUP(2,'Dummy Table'!AM$25:AN$28,2,FALSE)),"",VLOOKUP(2,'Dummy Table'!AM$25:AN$28,2,FALSE)),"") -> Italy
D35: 20 | E35: B | F35: =G35 -> 41808.542 | G35: ='Countries and Timezone'!R21 -> 41808.542 | H35: =N19 -> Australia | K35: - | N35: =N18 -> Netherlands | S35: 3 | T35: =VLOOKUP(3,'Dummy Table'!O25:P28,2,FALSE) -> England | V35: =SUM(W35:Y35) -> 0 | W35: =SUMIF('Dummy Table'!B$25:B$28,Tournament!T35,'Dummy Table'!C$25:C$28) -> 0 | X35: =SUMIF('Dummy Table'!B$25:B$28,Tournament!T35,'Dummy Table'!D$25:D$28) -> 0 | Y35: =SUMIF('Dummy Table'!B$25:B$28,Tournament!T35,'Dummy Table'!E$25:E$28) -> 0 | AA35: =CONCATENATE(SUMIF('Dummy Table'!B$25:B$28,Tournament!T35,'Dummy Table'!F$25:F$28)," - ",SUMIF('Dummy Table'!B$25:B$28,Tournament!T35,'Dummy Table'!G$25:G$28)) -> 0 - 0 | AC35: =SUMIF('Dummy Table'!B$25:B$28,Tournament!T35,'Dummy Table'!I$25:I$28) -> 0 | AJ35: =IF(SUM('Dummy Table'!AM$25:AM$28)>0,IF(ISNA(VLOOKUP(3,'Dummy Table'!AM$25:AN$28,2,FALSE)),"",VLOOKUP(3,'Dummy Table'!AM$25:AN$28,2,FALSE)),"") -> England
D36: 21 | E36: C | F36: =G36 -> 41809.542 | G36: ='Countries and Timezone'!R22 -> 41809.542 | H36: =H20 -> Colombia | K36: - | N36: =H21 -> Ivory Coast | S36: 4 | T36: =VLOOKUP(4,'Dummy Table'!O25:P28,2,FALSE) -> Costa Rica | V36: =SUM(W36:Y36) -> 0 | W36: =SUMIF('Dummy Table'!B$25:B$28,Tournament!T36,'Dummy Table'!C$25:C$28) -> 0 | X36: =SUMIF('Dummy Table'!B$25:B$28,Tournament!T36,'Dummy Table'!D$25:D$28) -> 0 | Y36: =SUMIF('Dummy Table'!B$25:B$28,Tournament!T36,'Dummy Table'!E$25:E$28) -> 0 | AA36: =CONCATENATE(SUMIF('Dummy Table'!B$25:B$28,Tournament!T36,'Dummy Table'!F$25:F$28)," - ",SUMIF('Dummy Table'!B$25:B$28,Tournament!T36,'Dummy Table'!G$25:G$28)) -> 0 - 0 | AC36: =SUMIF('Dummy Table'!B$25:B$28,Tournament!T36,'Dummy Table'!I$25:I$28) -> 0 | AJ36: =IF(SUM('Dummy Table'!AM$25:AM$28)>0,IF(ISNA(VLOOKUP(4,'Dummy Table'!AM$25:AN$28,2,FALSE)),"",VLOOKUP(4,'Dummy Table'!AM$25:AN$28,2,FALSE)),"") -> Costa Rica
D37: 22 | E37: C | F37: =G37 -> 41809.792 | G37: ='Countries and Timezone'!R23 -> 41809.792 | H37: =N21 -> Japan | K37: - | N37: =N20 -> Greece
D38: 23 | E38: D | F38: =G38 -> 41809.667 | G38: ='Countries and Timezone'!R24 -> 41809.667 | H38: =H22 -> Uruguay | K38: - | N38: =H23 -> England | S38: =INDEX(Language!$A$1:$AV$115,MATCH("Group E",Language!$B$1:$B$115,0),MATCH(Tournament!$G$4,Language!$A$1:$AU$1,0)) -> Group E | V38: P | W38: W | X38: D | Y38: L | AA38: F - A | AC38: Pt | AF38: E | AJ38: Country | AK38: Draw Result
D39: 24 | E39: D | F39: =G39 -> 41810.542 | G39: ='Countries and Timezone'!R25 -> 41810.542 | H39: =N23 -> Italy | K39: - | N39: =N22 -> Costa Rica | S39: 1 | T39: =VLOOKUP(1,'Dummy Table'!O32:P35,2,FALSE) -> Switzerland | V39: =SUM(W39:Y39) -> 0 | W39: =SUMIF('Dummy Table'!B$32:B$35,Tournament!T39,'Dummy Table'!C$32:C$35) -> 0 | X39: =SUMIF('Dummy Table'!B$32:B$35,Tournament!T39,'Dummy Table'!D$32:D$35) -> 0 | Y39: =SUMIF('Dummy Table'!B$32:B$35,Tournament!T39,'Dummy Table'!E$32:E$35) -> 0 | AA39: =CONCATENATE(SUMIF('Dummy Table'!B$32:B$35,Tournament!T39,'Dummy Table'!F$32:F$35)," - ",SUMIF('Dummy Table'!B$32:B$35,Tournament!T39,'Dummy Table'!G$32:G$35)) -> 0 - 0 | AC39: =SUMIF('Dummy Table'!B$32:B$35,Tournament!T39,'Dummy Table'!I$32:I$35) -> 0 | AJ39: =IF(SUM('Dummy Table'!AM$32:AM$35)>0,IF(ISNA(VLOOKUP(1,'Dummy Table'!AM$32:AN$35,2,FALSE)),"",VLOOKUP(1,'Dummy Table'!AM$32:AN$35,2,FALSE)),"") -> Switzerland
D40: 25 | E40: E | F40: =G40 -> 41810.667 | G40: ='Countries and Timezone'!R26 -> 41810.667 | H40: =H24 -> Switzerland | K40: - | N40: =H25 -> France | S40: 2 | T40: =VLOOKUP(2,'Dummy Table'!O32:P35,2,FALSE) -> France | V40: =SUM(W40:Y40) -> 0 | W40: =SUMIF('Dummy Table'!B$32:B$35,Tournament!T40,'Dummy Table'!C$32:C$35) -> 0 | X40: =SUMIF('Dummy Table'!B$32:B$35,Tournament!T40,'Dummy Table'!D$32:D$35) -> 0 | Y40: =SUMIF('Dummy Table'!B$32:B$35,Tournament!T40,'Dummy Table'!E$32:E$35) -> 0 | AA40: =CONCATENATE(SUMIF('Dummy Table'!B$32:B$35,Tournament!T40,'Dummy Table'!F$32:F$35)," - ",SUMIF('Dummy Table'!B$32:B$35,Tournament!T40,'Dummy Table'!G$32:G$35)) -> 0 - 0 | AC40: =SUMIF('Dummy Table'!B$32:B$35,Tournament!T40,'Dummy Table'!I$32:I$35) -> 0 | AJ40: =IF(SUM('Dummy Table'!AM$32:AM$35)>0,IF(ISNA(VLOOKUP(2,'Dummy Table'!AM$32:AN$35,2,FALSE)),"",VLOOKUP(2,'Dummy Table'!AM$32:AN$35,2,FALSE)),"") -> France
D41: 26 | E41: E | F41: =G41 -> 41810.792 | G41: ='Countries and Timezone'!R27 -> 41810.792 | H41: =N25 -> Honduras | K41: - | N41: =N24 -> Ecuador | S41: 3 | T41: =VLOOKUP(3,'Dummy Table'!O32:P35,2,FALSE) -> Ecuador | V41: =SUM(W41:Y41) -> 0 | W41: =SUMIF('Dummy Table'!B$32:B$35,Tournament!T41,'Dummy Table'!C$32:C$35) -> 0 | X41: =SUMIF('Dummy Table'!B$32:B$35,Tournament!T41,'Dummy Table'!D$32:D$35) -> 0 | Y41: =SUMIF('Dummy Table'!B$32:B$35,Tournament!T41,'Dummy Table'!E$32:E$35) -> 0 | AA41: =CONCATENATE(SUMIF('Dummy Table'!B$32:B$35,Tournament!T41,'Dummy Table'!F$32:F$35)," - ",SUMIF('Dummy Table'!B$32:B$35,Tournament!T41,'Dummy Table'!G$32:G$35)) -> 0 - 0 | AC41: =SUMIF('Dummy Table'!B$32:B$35,Tournament!T41,'Dummy Table'!I$32:I$35) -> 0 | AJ41: =IF(SUM('Dummy Table'!AM$32:AM$35)>0,IF(ISNA(VLOOKUP(3,'Dummy Table'!AM$32:AN$35,2,FALSE)),"",VLOOKUP(3,'Dummy Table'!AM$32:AN$35,2,FALSE)),"") -> Ecuador
D42: 27 | E42: F | F42: =G42 -> 41811.542 | G42: ='Countries and Timezone'!R28 -> 41811.542 | H42: =H26 -> Argentina | K42: - | N42: =H27 -> Iran | S42: 4 | T42: =VLOOKUP(4,'Dummy Table'!O32:P35,2,FALSE) -> Honduras | V42: =SUM(W42:Y42) -> 0 | W42: =SUMIF('Dummy Table'!B$32:B$35,Tournament!T42,'Dummy Table'!C$32:C$35) -> 0 | X42: =SUMIF('Dummy Table'!B$32:B$35,Tournament!T42,'Dummy Table'!D$32:D$35) -> 0 | Y42: =SUMIF('Dummy Table'!B$32:B$35,Tournament!T42,'Dummy Table'!E$32:E$35) -> 0 | AA42: =CONCATENATE(SUMIF('Dummy Table'!B$32:B$35,Tournament!T42,'Dummy Table'!F$32:F$35)," - ",SUMIF('Dummy Table'!B$32:B$35,Tournament!T42,'Dummy Table'!G$32:G$35)) -> 0 - 0 | AC42: =SUMIF('Dummy Table'!B$32:B$35,Tournament!T42,'Dummy Table'!I$32:I$35) -> 0 | AJ42: =IF(SUM('Dummy Table'!AM$32:AM$35)>0,IF(ISNA(VLOOKUP(4,'Dummy Table'!AM$32:AN$35,2,FALSE)),"",VLOOKUP(4,'Dummy Table'!AM$32:AN$35,2,FALSE)),"") -> Honduras
D43: 28 | E43: F | F43: =G43 -> 41811.792 | G43: ='Countries and Timezone'!R29 -> 41811.792 | H43: =N27 -> Nigeria | K43: - | N43: =N26 -> Bosnia-Herzegovina
D44: 29 | E44: G | F44: =G44 -> 41811.667 | G44: ='Countries and Timezone'!R30 -> 41811.667 | H44: =H28 -> Germany | K44: - | N44: =H29 -> Ghana | S44: =INDEX(Language!$A$1:$AV$115,MATCH("Group F",Language!$B$1:$B$115,0),MATCH(Tournament!$G$4,Language!$A$1:$AU$1,0)) -> Group F | V44: P | W44: W | X44: D | Y44: L | AA44: F - A | AC44: Pt | AF44: F | AJ44: Country | AK44: Draw Result
D45: 30 | E45: G | F45: =G45 -> 41812.792 | G45: ='Countries and Timezone'!R31 -> 41812.792 | H45: =N29 -> USA | K45: - | N45: =N28 -> Portugal | S45: 1 | T45: =VLOOKUP(1,'Dummy Table'!O39:P42,2,FALSE) -> Argentina | V45: =SUM(W45:Y45) -> 0 | W45: =SUMIF('Dummy Table'!B$39:B$42,Tournament!T45,'Dummy Table'!C$39:C$42) -> 0 | X45: =SUMIF('Dummy Table'!B$39:B$42,Tournament!T45,'Dummy Table'!D$39:D$42) -> 0 | Y45: =SUMIF('Dummy Table'!B$39:B$42,Tournament!T45,'Dummy Table'!E$39:E$42) -> 0 | AA45: =CONCATENATE(SUMIF('Dummy Table'!B$39:B$42,Tournament!T45,'Dummy Table'!F$39:F$42)," - ",SUMIF('Dummy Table'!B$39:B$42,Tournament!T45,'Dummy Table'!G$39:G$42)) -> 0 - 0 | AC45: =SUMIF('Dummy Table'!B$39:B$42,Tournament!T45,'Dummy Table'!I$39:I$42) -> 0 | AJ45: =IF(SUM('Dummy Table'!AM$39:AM$42)>0,IF(ISNA(VLOOKUP(1,'Dummy Table'!AM$39:AN$42,2,FALSE)),"",VLOOKUP(1,'Dummy Table'!AM$39:AN$42,2,FALSE)),"") -> Argentina
D46: 31 | E46: H | F46: =G46 -> 41812.542 | G46: ='Countries and Timezone'!R32 -> 41812.542 | H46: =H30 -> Belgium | K46: - | N46: =H31 -> Russia | S46: 2 | T46: =VLOOKUP(2,'Dummy Table'!O39:P42,2,FALSE) -> Bosnia-Herzegovina | V46: =SUM(W46:Y46) -> 0 | W46: =SUMIF('Dummy Table'!B$39:B$42,Tournament!T46,'Dummy Table'!C$39:C$42) -> 0 | X46: =SUMIF('Dummy Table'!B$39:B$42,Tournament!T46,'Dummy Table'!D$39:D$42) -> 0 | Y46: =SUMIF('Dummy Table'!B$39:B$42,Tournament!T46,'Dummy Table'!E$39:E$42) -> 0 | AA46: =CONCATENATE(SUMIF('Dummy Table'!B$39:B$42,Tournament!T46,'Dummy Table'!F$39:F$42)," - ",SUMIF('Dummy Table'!B$39:B$42,Tournament!T46,'Dummy Table'!G$39:G$42)) -> 0 - 0 | AC46: =SUMIF('Dummy Table'!B$39:B$42,Tournament!T46,'Dummy Table'!I$39:I$42) -> 0 | AJ46: =IF(SUM('Dummy Table'!AM$39:AM$42)>0,IF(ISNA(VLOOKUP(2,'Dummy Table'!AM$39:AN$42,2,FALSE)),"",VLOOKUP(2,'Dummy Table'!AM$39:AN$42,2,FALSE)),"") -> Bosnia-Herzegovina
D47: 32 | E47: H | F47: =G47 -> 41812.667 | G47: ='Countries and Timezone'!R33 -> 41812.667 | H47: =N31 -> South Korea | K47: - | N47: =N30 -> Algeria | S47: 3 | T47: =VLOOKUP(3,'Dummy Table'!O39:P42,2,FALSE) -> Nigeria | V47: =SUM(W47:Y47) -> 0 | W47: =SUMIF('Dummy Table'!B$39:B$42,Tournament!T47,'Dummy Table'!C$39:C$42) -> 0 | X47: =SUMIF('Dummy Table'!B$39:B$42,Tournament!T47,'Dummy Table'!D$39:D$42) -> 0 | Y47: =SUMIF('Dummy Table'!B$39:B$42,Tournament!T47,'Dummy Table'!E$39:E$42) -> 0 | AA47: =CONCATENATE(SUMIF('Dummy Table'!B$39:B$42,Tournament!T47,'Dummy Table'!F$39:F$42)," - ",SUMIF('Dummy Table'!B$39:B$42,Tournament!T47,'Dummy Table'!G$39:G$42)) -> 0 - 0 | AC47: =SUMIF('Dummy Table'!B$39:B$42,Tournament!T47,'Dummy Table'!I$39:I$42) -> 0 | AJ47: =IF(SUM('Dummy Table'!AM$39:AM$42)>0,IF(ISNA(VLOOKUP(3,'Dummy Table'!AM$39:AN$42,2,FALSE)),"",VLOOKUP(3,'Dummy Table'!AM$39:AN$42,2,FALSE)),"") -> Nigeria
D48: 33 | E48: A | F48: =G48 -> 41813.708 | G48: ='Countries and Timezone'!R34 -> 41813.708 | H48: =N17 -> Cameroon | K48: - | N48: =H16 -> Brazil | S48: 4 | T48: =VLOOKUP(4,'Dummy Table'!O39:P42,2,FALSE) -> Iran | V48: =SUM(W48:Y48) -> 0 | W48: =SUMIF('Dummy Table'!B$39:B$42,Tournament!T48,'Dummy Table'!C$39:C$42) -> 0 | X48: =SUMIF('Dummy Table'!B$39:B$42,Tournament!T48,'Dummy Table'!D$39:D$42) -> 0 | Y48: =SUMIF('Dummy Table'!B$39:B$42,Tournament!T48,'Dummy Table'!E$39:E$42) -> 0 | AA48: =CONCATENATE(SUMIF('Dummy Table'!B$39:B$42,Tournament!T48,'Dummy Table'!F$39:F$42)," - ",SUMIF('Dummy Table'!B$39:B$42,Tournament!T48,'Dummy Table'!G$39:G$42)) -> 0 - 0 | AC48: =SUMIF('Dummy Table'!B$39:B$42,Tournament!T48,'Dummy Table'!I$39:I$42) -> 0 | AJ48: =IF(SUM('Dummy Table'!AM$39:AM$42)>0,IF(ISNA(VLOOKUP(4,'Dummy Table'!AM$39:AN$42,2,FALSE)),"",VLOOKUP(4,'Dummy Table'!AM$39:AN$42,2,FALSE)),"") -> Iran
D49: 34 | E49: A | F49: =G49 -> 41813.708 | G49: ='Countries and Timezone'!R35 -> 41813.708 | H49: =N16 -> Croatia | K49: - | N49: =H17 -> Mexico
D50: 35 | E50: B | F50: =G50 -> 41813.542 | G50: ='Countries and Timezone'!R36 -> 41813.542 | H50: =N19 -> Australia | K50: - | N50: =H18 -> Spain | S50: =INDEX(Language!$A$1:$AV$115,MATCH("Group G",Language!$B$1:$B$115,0),MATCH(Tournament!$G$4,Language!$A$1:$AU$1,0)) -> Group G | V50: P | W50: W | X50: D | Y50: L | AA50: F - A | AC50: Pt | AF50: G | AJ50: Country | AK50: Draw Result
D51: 36 | E51: B | F51: =G51 -> 41813.542 | G51: ='Countries and Timezone'!R37 -> 41813.542 | H51: =N18 -> Netherlands | K51: - | N51: =H19 -> Chile | S51: 1 | T51: =VLOOKUP(1,'Dummy Table'!O46:P49,2,FALSE) -> Germany | V51: =SUM(W51:Y51) -> 0 | W51: =SUMIF('Dummy Table'!B$46:B$49,Tournament!T51,'Dummy Table'!C$46:C$49) -> 0 | X51: =SUMIF('Dummy Table'!B$46:B$49,Tournament!T51,'Dummy Table'!D$46:D$49) -> 0 | Y51: =SUMIF('Dummy Table'!B$46:B$49,Tournament!T51,'Dummy Table'!E$46:E$49) -> 0 | AA51: =CONCATENATE(SUMIF('Dummy Table'!B$46:B$49,Tournament!T51,'Dummy Table'!F$46:F$49)," - ",SUMIF('Dummy Table'!B$46:B$49,Tournament!T51,'Dummy Table'!G$46:G$49)) -> 0 - 0 | AC51: =SUMIF('Dummy Table'!B$46:B$49,Tournament!T51,'Dummy Table'!I$46:I$49) -> 0 | AJ51: =IF(SUM('Dummy Table'!AM$46:AM$49)>0,IF(ISNA(VLOOKUP(1,'Dummy Table'!AM$46:AN$49,2,FALSE)),"",VLOOKUP(1,'Dummy Table'!AM$46:AN$49,2,FALSE)),"") -> Germany
D52: 37 | E52: C | F52: =G52 -> 41814.708 | G52: ='Countries and Timezone'!R38 -> 41814.708 | H52: =N21 -> Japan | K52: - | N52: =H20 -> Colombia | S52: 2 | T52: =VLOOKUP(2,'Dummy Table'!O46:P49,2,FALSE) -> USA | V52: =SUM(W52:Y52) -> 0 | W52: =SUMIF('Dummy Table'!B$46:B$49,Tournament!T52,'Dummy Table'!C$46:C$49) -> 0 | X52: =SUMIF('Dummy Table'!B$46:B$49,Tournament!T52,'Dummy Table'!D$46:D$49) -> 0 | Y52: =SUMIF('Dummy Table'!B$46:B$49,Tournament!T52,'Dummy Table'!E$46:E$49) -> 0 | AA52: =CONCATENATE(SUMIF('Dummy Table'!B$46:B$49,Tournament!T52,'Dummy Table'!F$46:F$49)," - ",SUMIF('Dummy Table'!B$46:B$49,Tournament!T52,'Dummy Table'!G$46:G$49)) -> 0 - 0 | AC52: =SUMIF('Dummy Table'!B$46:B$49,Tournament!T52,'Dummy Table'!I$46:I$49) -> 0 | AJ52: =IF(SUM('Dummy Table'!AM$46:AM$49)>0,IF(ISNA(VLOOKUP(2,'Dummy Table'!AM$46:AN$49,2,FALSE)),"",VLOOKUP(2,'Dummy Table'!AM$46:AN$49,2,FALSE)),"") -> USA
D53: 38 | E53: C | F53: =G53 -> 41814.708 | G53: ='Countries and Timezone'!R39 -> 41814.708 | H53: =N20 -> Greece | K53: - | N53: =H21 -> Ivory Coast | S53: 3 | T53: =VLOOKUP(3,'Dummy Table'!O46:P49,2,FALSE) -> Portugal | V53: =SUM(W53:Y53) -> 0 | W53: =SUMIF('Dummy Table'!B$46:B$49,Tournament!T53,'Dummy Table'!C$46:C$49) -> 0 | X53: =SUMIF('Dummy Table'!B$46:B$49,Tournament!T53,'Dummy Table'!D$46:D$49) -> 0 | Y53: =SUMIF('Dummy Table'!B$46:B$49,Tournament!T53,'Dummy Table'!E$46:E$49) -> 0 | AA53: =CONCATENATE(SUMIF('Dummy Table'!B$46:B$49,Tournament!T53,'Dummy Table'!F$46:F$49)," - ",SUMIF('Dummy Table'!B$46:B$49,Tournament!T53,'Dummy Table'!G$46:G$49)) -> 0 - 0 | AC53: =SUMIF('Dummy Table'!B$46:B$49,Tournament!T53,'Dummy Table'!I$46:I$49) -> 0 | AJ53: =IF(SUM('Dummy Table'!AM$46:AM$49)>0,IF(ISNA(VLOOKUP(3,'Dummy Table'!AM$46:AN$49,2,FALSE)),"",VLOOKUP(3,'Dummy Table'!AM$46:AN$49,2,FALSE)),"") -> Portugal
D54: 39 | E54: D | F54: =G54 -> 41814.542 | G54: ='Countries and Timezone'!R40 -> 41814.542 | H54: =N23 -> Italy | K54: - | N54: =H22 -> Uruguay | S54: 4 | T54: =VLOOKUP(4,'Dummy Table'!O46:P49,2,FALSE) -> Ghana | V54: =SUM(W54:Y54) -> 0 | W54: =SUMIF('Dummy Table'!B$46:B$49,Tournament!T54,'Dummy Table'!C$46:C$49) -> 0 | X54: =SUMIF('Dummy Table'!B$46:B$49,Tournament!T54,'Dummy Table'!D$46:D$49) -> 0 | Y54: =SUMIF('Dummy Table'!B$46:B$49,Tournament!T54,'Dummy Table'!E$46:E$49) -> 0 | AA54: =CONCATENATE(SUMIF('Dummy Table'!B$46:B$49,Tournament!T54,'Dummy Table'!F$46:F$49)," - ",SUMIF('Dummy Table'!B$46:B$49,Tournament!T54,'Dummy Table'!G$46:G$49)) -> 0 - 0 | AC54: =SUMIF('Dummy Table'!B$46:B$49,Tournament!T54,'Dummy Table'!I$46:I$49) -> 0 | AJ54: =IF(SUM('Dummy Table'!AM$46:AM$49)>0,IF(ISNA(VLOOKUP(4,'Dummy Table'!AM$46:AN$49,2,FALSE)),"",VLOOKUP(4,'Dummy Table'!AM$46:AN$49,2,FALSE)),"") -> Ghana
D55: 40 | E55: D | F55: =G55 -> 41814.542 | G55: ='Countries and Timezone'!R41 -> 41814.542 | H55: =N22 -> Costa Rica | K55: - | N55: =H23 -> England
D56: 41 | E56: E | F56: =G56 -> 41815.708 | G56: ='Countries and Timezone'!R42 -> 41815.708 | H56: =N25 -> Honduras | K56: - | N56: =H24 -> Switzerland | S56: =INDEX(Language!$A$1:$AV$115,MATCH("Group H",Language!$B$1:$B$115,0),MATCH(Tournament!$G$4,Language!$A$1:$AU$1,0)) -> Group H | V56: P | W56: W | X56: D | Y56: L | AA56: F - A | AC56: Pt | AF56: H | AJ56: Country | AK56: Draw Result
D57: 42 | E57: E | F57: =G57 -> 41815.708 | G57: ='Countries and Timezone'!R43 -> 41815.708 | H57: =N24 -> Ecuador | K57: - | N57: =H25 -> France | S57: 1 | T57: =VLOOKUP(1,'Dummy Table'!O53:P56,2,FALSE) -> Belgium | V57: =SUM(W57:Y57) -> 0 | W57: =SUMIF('Dummy Table'!B$53:B$56,Tournament!T57,'Dummy Table'!C$53:C$56) -> 0 | X57: =SUMIF('Dummy Table'!B$53:B$56,Tournament!T57,'Dummy Table'!D$53:D$56) -> 0 | Y57: =SUMIF('Dummy Table'!B$53:B$56,Tournament!T57,'Dummy Table'!E$53:E$56) -> 0 | AA57: =CONCATENATE(SUMIF('Dummy Table'!B$53:B$56,Tournament!T57,'Dummy Table'!F$53:F$56)," - ",SUMIF('Dummy Table'!B$53:B$56,Tournament!T57,'Dummy Table'!G$53:G$56)) -> 0 - 0 | AC57: =SUMIF('Dummy Table'!B$53:B$56,Tournament!T57,'Dummy Table'!I$53:I$56) -> 0 | AJ57: =IF(SUM('Dummy Table'!AM$53:AM$56)>0,IF(ISNA(VLOOKUP(1,'Dummy Table'!AM$53:AN$56,2,FALSE)),"",VLOOKUP(1,'Dummy Table'!AM$53:AN$56,2,FALSE)),"") -> Belgium
D58: 43 | E58: F | F58: =G58 -> 41815.542 | G58: ='Countries and Timezone'!R44 -> 41815.542 | H58: =N27 -> Nigeria | K58: - | N58: =H26 -> Argentina | S58: 2 | T58: =VLOOKUP(2,'Dummy Table'!O53:P56,2,FALSE) -> Russia | V58: =SUM(W58:Y58) -> 0 | W58: =SUMIF('Dummy Table'!B$53:B$56,Tournament!T58,'Dummy Table'!C$53:C$56) -> 0 | X58: =SUMIF('Dummy Table'!B$53:B$56,Tournament!T58,'Dummy Table'!D$53:D$56) -> 0 | Y58: =SUMIF('Dummy Table'!B$53:B$56,Tournament!T58,'Dummy Table'!E$53:E$56) -> 0 | AA58: =CONCATENATE(SUMIF('Dummy Table'!B$53:B$56,Tournament!T58,'Dummy Table'!F$53:F$56)," - ",SUMIF('Dummy Table'!B$53:B$56,Tournament!T58,'Dummy Table'!G$53:G$56)) -> 0 - 0 | AC58: =SUMIF('Dummy Table'!B$53:B$56,Tournament!T58,'Dummy Table'!I$53:I$56) -> 0 | AJ58: =IF(SUM('Dummy Table'!AM$53:AM$56)>0,IF(ISNA(VLOOKUP(2,'Dummy Table'!AM$53:AN$56,2,FALSE)),"",VLOOKUP(2,'Dummy Table'!AM$53:AN$56,2,FALSE)),"") -> Russia
D59: 44 | E59: F | F59: =G59 -> 41815.542 | G59: ='Countries and Timezone'!R45 -> 41815.542 | H59: =N26 -> Bosnia-Herzegovina | K59: - | N59: =H27 -> Iran | S59: 3 | T59: =VLOOKUP(3,'Dummy Table'!O53:P56,2,FALSE) -> Algeria | V59: =SUM(W59:Y59) -> 0 | W59: =SUMIF('Dummy Table'!B$53:B$56,Tournament!T59,'Dummy Table'!C$53:C$56) -> 0 | X59: =SUMIF('Dummy Table'!B$53:B$56,Tournament!T59,'Dummy Table'!D$53:D$56) -> 0 | Y59: =SUMIF('Dummy Table'!B$53:B$56,Tournament!T59,'Dummy Table'!E$53:E$56) -> 0 | AA59: =CONCATENATE(SUMIF('Dummy Table'!B$53:B$56,Tournament!T59,'Dummy Table'!F$53:F$56)," - ",SUMIF('Dummy Table'!B$53:B$56,Tournament!T59,'Dummy Table'!G$53:G$56)) -> 0 - 0 | AC59: =SUMIF('Dummy Table'!B$53:B$56,Tournament!T59,'Dummy Table'!I$53:I$56) -> 0 | AJ59: =IF(SUM('Dummy Table'!AM$53:AM$56)>0,IF(ISNA(VLOOKUP(3,'Dummy Table'!AM$53:AN$56,2,FALSE)),"",VLOOKUP(3,'Dummy Table'!AM$53:AN$56,2,FALSE)),"") -> Algeria
D60: 45 | E60: G | F60: =G60 -> 41816.542 | G60: ='Countries and Timezone'!R46 -> 41816.542 | H60: =N29 -> USA | K60: - | N60: =H28 -> Germany | S60: 4 | T60: =VLOOKUP(4,'Dummy Table'!O53:P56,2,FALSE) -> South Korea | V60: =SUM(W60:Y60) -> 0 | W60: =SUMIF('Dummy Table'!B$53:B$56,Tournament!T60,'Dummy Table'!C$53:C$56) -> 0 | X60: =SUMIF('Dummy Table'!B$53:B$56,Tournament!T60,'Dummy Table'!D$53:D$56) -> 0 | Y60: =SUMIF('Dummy Table'!B$53:B$56,Tournament!T60,'Dummy Table'!E$53:E$56) -> 0 | AA60: =CONCATENATE(SUMIF('Dummy Table'!B$53:B$56,Tournament!T60,'Dummy Table'!F$53:F$56)," - ",SUMIF('Dummy Table'!B$53:B$56,Tournament!T60,'Dummy Table'!G$53:G$56)) -> 0 - 0 | AC60: =SUMIF('Dummy Table'!B$53:B$56,Tournament!T60,'Dummy Table'!I$53:I$56) -> 0 | AJ60: =IF(SUM('Dummy Table'!AM$53:AM$56)>0,IF(ISNA(VLOOKUP(4,'Dummy Table'!AM$53:AN$56,2,FALSE)),"",VLOOKUP(4,'Dummy Table'!AM$53:AN$56,2,FALSE)),"") -> South Korea
D61: 46 | E61: G | F61: =G61 -> 41816.542 | G61: ='Countries and Timezone'!R47 -> 41816.542 | H61: =N28 -> Portugal | K61: - | N61: =H29 -> Ghana
D62: 47 | E62: H | F62: =G62 -> 41816.708 | G62: ='Countries and Timezone'!R48 -> 41816.708 | H62: =N31 -> South Korea | K62: - | N62: =H30 -> Belgium | S62: P : | T62: =INDEX(Language!$A$1:$AV$115,MATCH("Played",Language!$B$1:$B$115,0),MATCH($G$4,Language!$A$1:$AU$1,0)) -> Played | V62: L : | W62: =INDEX(Language!$A$1:$AV$115,MATCH("Lose",Language!$B$1:$B$115,0),MATCH($G$4,Language!$A$1:$AU$1,0)) -> Lose | AB62: Pt : | AC62: =INDEX(Language!$A$1:$AV$115,MATCH("Point",Language!$B$1:$B$115,0),MATCH($G$4,Language!$A$1:$AU$1,0)) -> Point
D63: 48 | E63: H | F63: =G63 -> 41816.708 | G63: ='Countries and Timezone'!R49 -> 41816.708 | H63: =N30 -> Algeria | K63: - | N63: =H31 -> Russia | S63: W : | T63: =INDEX(Language!$A$1:$AV$115,MATCH("Win",Language!$B$1:$B$115,0),MATCH($G$4,Language!$A$1:$AU$1,0)) -> Win | V63: F : | W63: =INDEX(Language!$A$1:$AV$115,MATCH("Goal scored for",Language!$B$1:$B$115,0),MATCH($G$4,Language!$A$1:$AU$1,0)) -> Goal scored for
S64: D : | T64: =INDEX(Language!$A$1:$AV$115,MATCH("Draw",Language!$B$1:$B$115,0),MATCH($G$4,Language!$A$1:$AU$1,0)) -> Draw | V64: A : | W64: =INDEX(Language!$A$1:$AV$115,MATCH("Goal scored against",Language!$B$1:$B$115,0),MATCH($G$4,Language!$A$1:$AU$1,0)) -> Goal scored against
C67: =INDEX(Language!$A$1:$AV$115,MATCH("Round of 16",Language!$B$1:$B$115,0),MATCH($G$4,Language!$A$1:$AU$1,0)) -> Round of 16 | R67: =INDEX(Language!$A$1:$AV$115,MATCH("Quarter Finals",Language!$B$1:$B$115,0),MATCH($G$4,Language!$A$1:$AU$1,0)) -> Quarter Finals
D69: 49 | F69: =G69 -> 41818.542 | G69: ='Countries and Timezone'!R50 -> 41818.542 | H69: =IF(Tournament!$V$15=3,Tournament!$T$15,INDEX(Language!$A$1:$AV$115,MATCH("Group A Winner",Language!$B$1:$B$115,0),MATCH($G$4,Language!$A$1:$AU$1,0))) -> Group A Winner | J69: =IF(J70="","",IF(AND(J70=L70,J70<>"",L70<>""),IF(AND(J71=L71,J71<>"",L71<>""),IF(AND(J72=L72,J72<>"",L72<>""),"",J70+J71+J72),J70+J71),J70)) | K69: - | L69: =IF(L70="","",IF(AND(J70=L70,J70<>"",L70<>""),IF(AND(J71=L71,J71<>"",L71<>""),IF(AND(J72=L72,J72<>"",L72<>""),"",L70+L71+L72),L70+L71),L70)) | N69: =IF(Tournament!$V$22=3,Tournament!$T$22,INDEX(Language!$A$1:$AV$115,MATCH("Group B Runner Up",Language!$B$1:$B$115,0),MATCH($G$4,Language!$A$1:$AU$1,0))) -> Group B Runner Up | S69: 58 | T69: =U69 -> 41824.542 | U69: ='Countries and Timezone'!R59 -> 41824.542 | Y69: =IF(AND(J93<>"",L93<>"",J93<>L93),IF(J93>L93,H93,N93),INDEX(Language!$A$1:$AV$115,MATCH("Match 53 Winner",Language!$B$1:$B$115,0),MATCH($G$4,Language!$A$1:$AU$1,0))) -> Match 53 Winner | AA69: =IF(AA70="","",IF(AND(AA70=AC70,AA70<>"",AC70<>""),IF(AND(AA71=AC71,AA71<>"",AC71<>""),IF(AND(AA72=AC72,AA72<>"",AC72<>""),"",AA70+AA71+AA72),AA70+AA71),AA70)) | AB69: - | AC69: =IF(AC70="","",IF(AND(AA70=AC70,AA70<>"",AC70<>""),IF(AND(AA71=AC71,AA71<>"",AC71<>""),IF(AND(AA72=AC72,AA72<>"",AC72<>""),"",AC70+AC71+AC72),AC70+AC71),AC70)) | AE69: =IF(AND(J99<>"",L99<>"",J99<>L99),IF(J99>L99,H99,N99),INDEX(Language!$A$1:$AV$115,MATCH("Match 54 Winner",Language!$B$1:$B$115,0),MATCH($G$4,Language!$A$1:$AU$1,0))) -> Match 54 Winner
H70: =INDEX(Language!$A$1:$AV$115,MATCH("Normal Time",Language!$B$1:$B$115,0),MATCH($G$4,Language!$A$1:$AU$1,0)) -> Normal Time | K70: - | Y70: =INDEX(Language!$A$1:$AV$115,MATCH("Normal Time",Language!$B$1:$B$115,0),MATCH($G$4,Language!$A$1:$AU$1,0)) -> Normal Time | AB70: -
H71: =INDEX(Language!$A$1:$AV$115,MATCH("Extra Time",Language!$B$1:$B$115,0),MATCH($G$4,Language!$A$1:$AU$1,0)) -> Extra Time | K71: - | Y71: =INDEX(Language!$A$1:$AV$115,MATCH("Extra Time",Language!$B$1:$B$115,0),MATCH($G$4,Language!$A$1:$AU$1,0)) -> Extra Time | AB71: -
H72: =INDEX(Language!$A$1:$AV$115,MATCH("Penalty Shoot Out",Language!$B$1:$B$115,0),MATCH($G$4,Language!$A$1:$AU$1,0)) -> Penalty Shoot Out | K72: - | Y72: =INDEX(Language!$A$1:$AV$115,MATCH("Penalty Shoot Out",Language!$B$1:$B$115,0),MATCH($G$4,Language!$A$1:$AU$1,0)) -> Penalty Shoot Out | AB72: -
S74: 57 | T74: =U74 -> 41824.708 | U74: ='Countries and Timezone'!R58 -> 41824.708 | Y74: =IF(AND(J69<>"",L69<>"",J69<>L69),IF(J69>L69,H69,N69),INDEX(Language!$A$1:$AV$115,MATCH("Match 49 Winner",Language!$B$1:$B$115,0),MATCH($G$4,Language!$A$1:$AU$1,0))) -> Match 49 Winner | AA74: =IF(AA75="","",IF(AND(AA75=AC75,AA75<>"",AC75<>""),IF(AND(AA76=AC76,AA76<>"",AC76<>""),IF(AND(AA77=AC77,AA77<>"",AC77<>""),"",AA75+AA76+AA77),AA75+AA76),AA75)) | AB74: - | AC74: =IF(AC75="","",IF(AND(AA75=AC75,AA75<>"",AC75<>""),IF(AND(AA76=AC76,AA76<>"",AC76<>""),IF(AND(AA77=AC77,AA77<>"",AC77<>""),"",AC75+AC76+AC77),AC75+AC76),AC75)) | AE74: =IF(AND(J75<>"",L75<>"",J75<>L75),IF(J75>L75,H75,N75),INDEX(Language!$A$1:$AV$115,MATCH("Match 50 Winner",Language!$B$1:$B$115,0),MATCH($G$4,Language!$A$1:$AU$1,0))) -> Match 50 Winner
D75: 50 | F75: =G75 -> 41818.708 | G75: ='Countries and Timezone'!R51 -> 41818.708 | H75: =IF(Tournament!$V$27=3,Tournament!$T$27,INDEX(Language!$A$1:$AV$115,MATCH("Group C Winner",Language!$B$1:$B$115,0),MATCH($G$4,Language!$A$1:$AU$1,0))) -> Group C Winner | J75: =IF(J76="","",IF(AND(J76=L76,J76<>"",L76<>""),IF(AND(J77=L77,J77<>"",L77<>""),IF(AND(J78=L78,J78<>"",L78<>""),"",J76+J77+J78),J76+J77),J76)) | K75: - | L75: =IF(L76="","",IF(AND(J76=L76,J76<>"",L76<>""),IF(AND(J77=L77,J77<>"",L77<>""),IF(AND(J78=L78,J78<>"",L78<>""),"",L76+L77+L78),L76+L77),L76)) | N75: =IF(Tournament!$V$34=3,Tournament!$T$34,INDEX(Language!$A$1:$AV$115,MATCH("Group D Runner Up",Language!$B$1:$B$115,0),MATCH($G$4,Language!$A$1:$AU$1,0))) -> Group D Runner Up | Y75: =INDEX(Language!$A$1:$AV$115,MATCH("Normal Time",Language!$B$1:$B$115,0),MATCH($G$4,Language!$A$1:$AU$1,0)) -> Normal Time | AB75: -
H76: =INDEX(Language!$A$1:$AV$115,MATCH("Normal Time",Language!$B$1:$B$115,0),MATCH($G$4,Language!$A$1:$AU$1,0)) -> Normal Time | K76: - | Y76: =INDEX(Language!$A$1:$AV$115,MATCH("Extra Time",Language!$B$1:$B$115,0),MATCH($G$4,Language!$A$1:$AU$1,0)) -> Extra Time | AB76: -
H77: =INDEX(Language!$A$1:$AV$115,MATCH("Extra Time",Language!$B$1:$B$115,0),MATCH($G$4,Language!$A$1:$AU$1,0)) -> Extra Time | K77: - | Y77: =INDEX(Language!$A$1:$AV$115,MATCH("Penalty Shoot Out",Language!$B$1:$B$115,0),MATCH($G$4,Language!$A$1:$AU$1,0)) -> Penalty Shoot Out | AB77: -
H78: =INDEX(Language!$A$1:$AV$115,MATCH("Penalty Shoot Out",Language!$B$1:$B$115,0),MATCH($G$4,Language!$A$1:$AU$1,0)) -> Penalty Shoot Out | K78: -
S79: 59 | T79: =U79 -> 41825.708 | U79: ='Countries and Timezone'!R60 -> 41825.708 | Y79: =IF(AND(J87<>"",L87<>"",J87<>L87),IF(J87>L87,H87,N87),INDEX(Language!$A$1:$AV$115,MATCH("Match 51 Winner",Language!$B$1:$B$115,0),MATCH($G$4,Language!$A$1:$AU$1,0))) -> Match 51 Winner | AA79: =IF(AA80="","",IF(AND(AA80=AC80,AA80<>"",AC80<>""),IF(AND(AA81=AC81,AA81<>"",AC81<>""),IF(AND(AA82=AC82,AA82<>"",AC82<>""),"",AA80+AA81+AA82),AA80+AA81),AA80)) | AB79: - | AC79: =IF(AC80="","",IF(AND(AA80=AC80,AA80<>"",AC80<>""),IF(AND(AA81=AC81,AA81<>"",AC81<>""),IF(AND(AA82=AC82,AA82<>"",AC82<>""),"",AC80+AC81+AC82),AC80+AC81),AC80)) | AE79: =IF(AND(J81<>"",L81<>"",J81<>L81),IF(J81>L81,H81,N81),INDEX(Language!$A$1:$AV$115,MATCH("Match 52 Winner",Language!$B$1:$B$115,0),MATCH($G$4,Language!$A$1:$AU$1,0))) -> Match 52 Winner
Y80: =INDEX(Language!$A$1:$AV$115,MATCH("Normal Time",Language!$B$1:$B$115,0),MATCH($G$4,Language!$A$1:$AU$1,0)) -> Normal Time | AB80: -
D81: 52 | F81: =G81 -> 41819.708 | G81: ='Countries and Timezone'!R53 -> 41819.708 | H81: =IF(Tournament!$V$33=3,Tournament!$T$33,INDEX(Language!$A$1:$AV$115,MATCH("Group D Winner",Language!$B$1:$B$115,0),MATCH($G$4,Language!$A$1:$AU$1,0))) -> Group D Winner | J81: =IF(J82="","",IF(AND(J82=L82,J82<>"",L82<>""),IF(AND(J83=L83,J83<>"",L83<>""),IF(AND(J84=L84,J84<>"",L84<>""),"",J82+J83+J84),J82+J83),J82)) | K81: - | L81: =IF(L82="","",IF(AND(J82=L82,J82<>"",L82<>""),IF(AND(J83=L83,J83<>"",L83<>""),IF(AND(J84=L84,J84<>"",L84<>""),"",L82+L83+L84),L82+L83),L82)) | N81: =IF(Tournament!$V$28=3,Tournament!$T$28,INDEX(Language!$A$1:$AV$115,MATCH("Group C Runner Up",Language!$B$1:$B$115,0),MATCH($G$4,Language!$A$1:$AU$1,0))) -> Group C Runner Up | Y81: =INDEX(Language!$A$1:$AV$115,MATCH("Extra Time",Language!$B$1:$B$115,0),MATCH($G$4,Language!$A$1:$AU$1,0)) -> Extra Time | AB81: -
H82: =INDEX(Language!$A$1:$AV$115,MATCH("Normal Time",Language!$B$1:$B$115,0),MATCH($G$4,Language!$A$1:$AU$1,0)) -> Normal Time | K82: - | Y82: =INDEX(Language!$A$1:$AV$115,MATCH("Penalty Shoot Out",Language!$B$1:$B$115,0),MATCH($G$4,Language!$A$1:$AU$1,0)) -> Penalty Shoot Out | AB82: -
H83: =INDEX(Language!$A$1:$AV$115,MATCH("Extra Time",Language!$B$1:$B$115,0),MATCH($G$4,Language!$A$1:$AU$1,0)) -> Extra Time | K83: -
H84: =INDEX(Language!$A$1:$AV$115,MATCH("Penalty Shoot Out",Language!$B$1:$B$115,0),MATCH($G$4,Language!$A$1:$AU$1,0)) -> Penalty Shoot Out | K84: - | S84: 60 | T84: =U84 -> 41825.542 | U84: ='Countries and Timezone'!R61 -> 41825.542 | Y84: =IF(AND(J105<>"",L105<>"",J105<>L105),IF(J105>L105,H105,N105),INDEX(Language!$A$1:$AV$115,MATCH("Match 55 Winner",Language!$B$1:$B$115,0),MATCH($G$4,Language!$A$1:$AU$1,0))) -> Match 55 Winner | AA84: =IF(AA85="","",IF(AND(AA85=AC85,AA85<>"",AC85<>""),IF(AND(AA86=AC86,AA86<>"",AC86<>""),IF(AND(AA87=AC87,AA87<>"",AC87<>""),"",AA85+AA86+AA87),AA85+AA86),AA85)) | AB84: - | AC84: =IF(AC85="","",IF(AND(AA85=AC85,AA85<>"",AC85<>""),IF(AND(AA86=AC86,AA86<>"",AC86<>""),IF(AND(AA87=AC87,AA87<>"",AC87<>""),"",AC85+AC86+AC87),AC85+AC86),AC85)) | AE84: =IF(AND(J111<>"",L111<>"",J111<>L111),IF(J111>L111,H111,N111),INDEX(Language!$A$1:$AV$115,MATCH("Match 56 Winner",Language!$B$1:$B$115,0),MATCH($G$4,Language!$A$1:$AU$1,0))) -> Match 56 Winner
Y85: =INDEX(Language!$A$1:$AV$115,MATCH("Normal Time",Language!$B$1:$B$115,0),MATCH($G$4,Language!$A$1:$AU$1,0)) -> Normal Time | AB85: -
Y86: =INDEX(Language!$A$1:$AV$115,MATCH("Extra Time",Language!$B$1:$B$115,0),MATCH($G$4,Language!$A$1:$AU$1,0)) -> Extra Time | AB86: -
D87: 51 | F87: =G87 -> 41819.542 | G87: ='Countries and Timezone'!R52 -> 41819.542 | H87: =IF(Tournament!$V$21=3,Tournament!$T$21,INDEX(Language!$A$1:$AV$115,MATCH("Group B Winner",Language!$B$1:$B$115,0),MATCH($G$4,Language!$A$1:$AU$1,0))) -> Group B Winner | J87: =IF(J88="","",IF(AND(J88=L88,J88<>"",L88<>""),IF(AND(J89=L89,J89<>"",L89<>""),IF(AND(J90=L90,J90<>"",L90<>""),"",J88+J89+J90),J88+J89),J88)) | K87: - | L87: =IF(L88="","",IF(AND(J88=L88,J88<>"",L88<>""),IF(AND(J89=L89,J89<>"",L89<>""),IF(AND(J90=L90,J90<>"",L90<>""),"",L88+L89+L90),L88+L89),L88)) | N87: =IF(Tournament!$V$16=3,Tournament!$T$16,INDEX(Language!$A$1:$AV$115,MATCH("Group A Runner Up",Language!$B$1:$B$115,0),MATCH($G$4,Language!$A$1:$AU$1,0))) -> Group A Runner Up | Y87: =INDEX(Language!$A$1:$AV$115,MATCH("Penalty Shoot Out",Language!$B$1:$B$115,0),MATCH($G$4,Language!$A$1:$AU$1,0)) -> Penalty Shoot Out | AB87: -
H88: =INDEX(Language!$A$1:$AV$115,MATCH("Normal Time",Language!$B$1:$B$115,0),MATCH($G$4,Language!$A$1:$AU$1,0)) -> Normal Time | K88: -
H89: =INDEX(Language!$A$1:$AV$115,MATCH("Extra Time",Language!$B$1:$B$115,0),MATCH($G$4,Language!$A$1:$AU$1,0)) -> Extra Time | K89: -
H90: =INDEX(Language!$A$1:$AV$115,MATCH("Penalty Shoot Out",Language!$B$1:$B$115,0),MATCH($G$4,Language!$A$1:$AU$1,0)) -> Penalty Shoot Out | K90: - | R90: =INDEX(Language!$A$1:$AV$115,MATCH("Semi Finals",Language!$B$1:$B$115,0),MATCH($G$4,Language!$A$1:$AU$1,0)) -> Semi Finals
S92: 61 | T92: =U92 -> 41828.708 | U92: ='Countries and Timezone'!R62 -> 41828.708 | Y92: =IF(AND(AA74<>"",AC74<>"",AA74<>AC74),IF(AA74>AC74,Y74,AE74),INDEX(Language!$A$1:$AV$115,MATCH("Match 57 Winner",Language!$B$1:$B$115,0),MATCH($G$4,Language!$A$1:$AU$1,0))) -> Match 57 Winner | AA92: =IF(AA93="","",IF(AND(AA93=AC93,AA93<>"",AC93<>""),IF(AND(AA94=AC94,AA94<>"",AC94<>""),IF(AND(AA95=AC95,AA95<>"",AC95<>""),"",AA93+AA94+AA95),AA93+AA94),AA93)) | AB92: - | AC92: =IF(AC93="","",IF(AND(AA93=AC93,AA93<>"",AC93<>""),IF(AND(AA94=AC94,AA94<>"",AC94<>""),IF(AND(AA95=AC95,AA95<>"",AC95<>""),"",AC93+AC94+AC95),AC93+AC94),AC93)) | AE92: =IF(AND(AA69<>"",AC69<>"",AA69<>AC69),IF(AA69>AC69,Y69,AE69),INDEX(Language!$A$1:$AV$115,MATCH("Match 58 Winner",Language!$B$1:$B$115,0),MATCH($G$4,Language!$A$1:$AU$1,0))) -> Match 58 Winner
D93: 53 | F93: =G93 -> 41820.542 | G93: ='Countries and Timezone'!R54 -> 41820.542 | H93: =IF(Tournament!$V$39=3,Tournament!$T$39,INDEX(Language!$A$1:$AV$115,MATCH("Group E Winner",Language!$B$1:$B$115,0),MATCH($G$4,Language!$A$1:$AU$1,0))) -> Group E Winner | J93: =IF(J94="","",IF(AND(J94=L94,J94<>"",L94<>""),IF(AND(J95=L95,J95<>"",L95<>""),IF(AND(J96=L96,J96<>"",L96<>""),"",J94+J95+J96),J94+J95),J94)) | K93: - | L93: =IF(L94="","",IF(AND(J94=L94,J94<>"",L94<>""),IF(AND(J95=L95,J95<>"",L95<>""),IF(AND(J96=L96,J96<>"",L96<>""),"",L94+L95+L96),L94+L95),L94)) | N93: =IF(Tournament!$V$46=3,Tournament!$T$46,INDEX(Language!$A$1:$AV$115,MATCH("Group F Runner Up",Language!$B$1:$B$115,0),MATCH($G$4,Language!$A$1:$AU$1,0))) -> Group F Runner Up | Y93: =INDEX(Language!$A$1:$AV$115,MATCH("Normal Time",Language!$B$1:$B$115,0),MATCH($G$4,Language!$A$1:$AU$1,0)) -> Normal Time | AB93: -
H94: =INDEX(Language!$A$1:$AV$115,MATCH("Normal Time",Language!$B$1:$B$115,0),MATCH($G$4,Language!$A$1:$AU$1,0)) -> Normal Time | K94: - | Y94: =INDEX(Language!$A$1:$AV$115,MATCH("Extra Time",Language!$B$1:$B$115,0),MATCH($G$4,Language!$A$1:$AU$1,0)) -> Extra Time | AB94: -
H95: =INDEX(Language!$A$1:$AV$115,MATCH("Extra Time",Language!$B$1:$B$115,0),MATCH($G$4,Language!$A$1:$AU$1,0)) -> Extra Time | K95: - | Y95: =INDEX(Language!$A$1:$AV$115,MATCH("Penalty Shoot Out",Language!$B$1:$B$115,0),MATCH($G$4,Language!$A$1:$AU$1,0)) -> Penalty Shoot Out | AB95: -
H96: =INDEX(Language!$A$1:$AV$115,MATCH("Penalty Shoot Out",Language!$B$1:$B$115,0),MATCH($G$4,Language!$A$1:$AU$1,0)) -> Penalty Shoot Out | K96: -
S97: 62 | T97: =U97 -> 41829.708 | U97: ='Countries and Timezone'!R63 -> 41829.708 | Y97: =IF(AND(AA79<>"",AC79<>"",AA79<>AC79),IF(AA79>AC79,Y79,AE79),INDEX(Language!$A$1:$AV$115,MATCH("Match 59 Winner",Language!$B$1:$B$115,0),MATCH($G$4,Language!$A$1:$AU$1,0))) -> Match 59 Winner | AA97: =IF(AA98="","",IF(AND(AA98=AC98,AA98<>"",AC98<>""),IF(AND(AA99=AC99,AA99<>"",AC99<>""),IF(AND(AA100=AC100,AA100<>"",AC100<>""),"",AA98+AA99+AA100),AA98+AA99),AA98)) | AB97: - | AC97: =IF(AC98="","",IF(AND(AA98=AC98,AA98<>"",AC98<>""),IF(AND(AA99=AC99,AA99<>"",AC99<>""),IF(AND(AA100=AC100,AA100<>"",AC100<>""),"",AC98+AC99+AC100),AC98+AC99),AC98)) | AE97: =IF(AND(AA84<>"",AC84<>"",AA84<>AC84),IF(AA84>AC84,Y84,AE84),INDEX(Language!$A$1:$AV$115,MATCH("Match 60 Winner",Language!$B$1:$B$115,0),MATCH($G$4,Language!$A$1:$AU$1,0))) -> Match 60 Winner
Y98: =INDEX(Language!$A$1:$AV$115,MATCH("Normal Time",Language!$B$1:$B$115,0),MATCH($G$4,Language!$A$1:$AU$1,0)) -> Normal Time | AB98: -
D99: 54 | F99: =G99 -> 41820.708 | G99: ='Countries and Timezone'!R55 -> 41820.708 | H99: =IF(Tournament!$V$51=3,Tournament!$T$51,INDEX(Language!$A$1:$AV$115,MATCH("Group G Winner",Language!$B$1:$B$115,0),MATCH($G$4,Language!$A$1:$AU$1,0))) -> Group G Winner | J99: =IF(J100="","",IF(AND(J100=L100,J100<>"",L100<>""),IF(AND(J101=L101,J101<>"",L101<>""),IF(AND(J102=L102,J102<>"",L102<>""),"",J100+J101+J102),J100+J101),J100)) | K99: - | L99: =IF(L100="","",IF(AND(J100=L100,J100<>"",L100<>""),IF(AND(J101=L101,J101<>"",L101<>""),IF(AND(J102=L102,J102<>"",L102<>""),"",L100+L101+L102),L100+L101),L100)) | N99: =IF(Tournament!$V$58=3,Tournament!$T$58,INDEX(Language!$A$1:$AV$115,MATCH("Group H Runner Up",Language!$B$1:$B$115,0),MATCH($G$4,Language!$A$1:$AU$1,0))) -> Group H Runner Up | Y99: =INDEX(Language!$A$1:$AV$115,MATCH("Extra Time",Language!$B$1:$B$115,0),MATCH($G$4,Language!$A$1:$AU$1,0)) -> Extra Time | AB99: -
H100: =INDEX(Language!$A$1:$AV$115,MATCH("Normal Time",Language!$B$1:$B$115,0),MATCH($G$4,Language!$A$1:$AU$1,0)) -> Normal Time | K100: - | Y100: =INDEX(Language!$A$1:$AV$115,MATCH("Penalty Shoot Out",Language!$B$1:$B$115,0),MATCH($G$4,Language!$A$1:$AU$1,0)) -> Penalty Shoot Out | AB100: -
H101: =INDEX(Language!$A$1:$AV$115,MATCH("Extra Time",Language!$B$1:$B$115,0),MATCH($G$4,Language!$A$1:$AU$1,0)) -> Extra Time | K101: -
H102: =INDEX(Language!$A$1:$AV$115,MATCH("Penalty Shoot Out",Language!$B$1:$B$115,0),MATCH($G$4,Language!$A$1:$AU$1,0)) -> Penalty Shoot Out | K102: -
R103: =INDEX(Language!$A$1:$AV$115,MATCH("Match for Third Place",Language!$B$1:$B$115,0),MATCH($G$4,Language!$A$1:$AU$1,0)) -> Match for Third Place
D105: 55 | F105: =G105 -> 41821.542 | G105: ='Countries and Timezone'!R56 -> 41821.542 | H105: =IF(Tournament!$V$45=3,Tournament!$T$45,INDEX(Language!$A$1:$AV$115,MATCH("Group F Winner",Language!$B$1:$B$115,0),MATCH($G$4,Language!$A$1:$AU$1,0))) -> Group F Winner | J105: =IF(J106="","",IF(AND(J106=L106,J106<>"",L106<>""),IF(AND(J107=L107,J107<>"",L107<>""),IF(AND(J108=L108,J108<>"",L108<>""),"",J106+J107+J108),J106+J107),J106)) | K105: - | L105: =IF(L106="","",IF(AND(J106=L106,J106<>"",L106<>""),IF(AND(J107=L107,J107<>"",L107<>""),IF(AND(J108=L108,J108<>"",L108<>""),"",L106+L107+L108),L106+L107),L106)) | N105: =IF(Tournament!$V$40=3,Tournament!$T$40,INDEX(Language!$A$1:$AV$115,MATCH("Group E Runner Up",Language!$B$1:$B$115,0),MATCH($G$4,Language!$A$1:$AU$1,0))) -> Group E Runner Up | S105: 63 | T105: =U105 -> 41832.708 | U105: ='Countries and Timezone'!R64 -> 41832.708 | Y105: =IF(AND(AA92<>"",AC92<>"",AA92<>AC92),IF(AA92<AC92,Y92,AE92),INDEX(Language!$A$1:$AV$115,MATCH("Match 61 Loser",Language!$B$1:$B$115,0),MATCH($G$4,Language!$A$1:$AU$1,0))) -> Match 61 Loser | AA105: =IF(AA106="","",IF(AND(AA106=AC106,AA106<>"",AC106<>""),IF(AND(AA107=AC107,AA107<>"",AC107<>""),IF(AND(AA108=AC108,AA108<>"",AC108<>""),"",AA106+AA107+AA108),AA106+AA107),AA106)) | AB105: - | AC105: =IF(AC106="","",IF(AND(AA106=AC106,AA106<>"",AC106<>""),IF(AND(AA107=AC107,AA107<>"",AC107<>""),IF(AND(AA108=AC108,AA108<>"",AC108<>""),"",AC106+AC107+AC108),AC106+AC107),AC106)) | AE105: =IF(AND(AA97<>"",AC97<>"",AA97<>AC97),IF(AA97<AC97,Y97,AE97),INDEX(Language!$A$1:$AV$115,MATCH("Match 62 Loser",Language!$B$1:$B$115,0),MATCH($G$4,Language!$A$1:$AU$1,0))) -> Match 62 Loser
H106: =INDEX(Language!$A$1:$AV$115,MATCH("Normal Time",Language!$B$1:$B$115,0),MATCH($G$4,Language!$A$1:$AU$1,0)) -> Normal Time | K106: - | Y106: =INDEX(Language!$A$1:$AV$115,MATCH("Normal Time",Language!$B$1:$B$115,0),MATCH($G$4,Language!$A$1:$AU$1,0)) -> Normal Time | AB106: -
H107: =INDEX(Language!$A$1:$AV$115,MATCH("Extra Time",Language!$B$1:$B$115,0),MATCH($G$4,Language!$A$1:$AU$1,0)) -> Extra Time | K107: - | Y107: =INDEX(Language!$A$1:$AV$115,MATCH("Extra Time",Language!$B$1:$B$115,0),MATCH($G$4,Language!$A$1:$AU$1,0)) -> Extra Time | AB107: -
H108: =INDEX(Language!$A$1:$AV$115,MATCH("Penalty Shoot Out",Language!$B$1:$B$115,0),MATCH($G$4,Language!$A$1:$AU$1,0)) -> Penalty Shoot Out | K108: - | Y108: =INDEX(Language!$A$1:$AV$115,MATCH("Penalty Shoot Out",Language!$B$1:$B$115,0),MATCH($G$4,Language!$A$1:$AU$1,0)) -> Penalty Shoot Out | AB108: -
D111: 56 | F111: =G111 -> 41821.708 | G111: ='Countries and Timezone'!R57 -> 41821.708 | H111: =IF(Tournament!$V$57=3,Tournament!$T$57,INDEX(Language!$A$1:$AV$115,MATCH("Group H Winner",Language!$B$1:$B$115,0),MATCH($G$4,Language!$A$1:$AU$1,0))) -> Group H Winner | J111: =IF(J112="","",IF(AND(J112=L112,J112<>"",L112<>""),IF(AND(J113=L113,J113<>"",L113<>""),IF(AND(J114=L114,J114<>"",L114<>""),"",J112+J113+J114),J112+J113),J112)) | K111: - | L111: =IF(L112="","",IF(AND(J112=L112,J112<>"",L112<>""),IF(AND(J113=L113,J113<>"",L113<>""),IF(AND(J114=L114,J114<>"",L114<>""),"",L112+L113+L114),L112+L113),L112)) | N111: =IF(Tournament!$V$52=3,Tournament!$T$52,INDEX(Language!$A$1:$AV$115,MATCH("Group G Runner Up",Language!$B$1:$B$115,0),MATCH($G$4,Language!$A$1:$AU$1,0))) -> Group G Runner Up | R111: =INDEX(Language!$A$1:$AV$115,MATCH("Final",Language!$B$1:$B$115,0),MATCH($G$4,Language!$A$1:$AU$1,0)) -> Final
H112: =INDEX(Language!$A$1:$AV$115,MATCH("Normal Time",Language!$B$1:$B$115,0),MATCH($G$4,Language!$A$1:$AU$1,0)) -> Normal Time | K112: -
H113: =INDEX(Language!$A$1:$AV$115,MATCH("Extra Time",Language!$B$1:$B$115,0),MATCH($G$4,Language!$A$1:$AU$1,0)) -> Extra Time | K113: - | S113: 64 | T113: =U113 -> 41833.667 | U113: ='Countries and Timezone'!R65 -> 41833.667 | Y113: =IF(AND(AA92<>"",AC92<>"",AA92<>AC92),IF(AA92>AC92,Y92,AE92),INDEX(Language!$A$1:$AV$115,MATCH("Match 61 Winner",Language!$B$1:$B$115,0),MATCH($G$4,Language!$A$1:$AU$1,0))) -> Match 61 Winner | AA113: =IF(AA114="","",IF(AND(AA114=AC114,AA114<>"",AC114<>""),IF(AND(AA115=AC115,AA115<>"",AC115<>""),IF(AND(AA116=AC116,AA116<>"",AC116<>""),"",AA114+AA115+AA116),AA114+AA115),AA114)) | AB113: - | AC113: =IF(AC114="","",IF(AND(AA114=AC114,AA114<>"",AC114<>""),IF(AND(AA115=AC115,AA115<>"",AC115<>""),IF(AND(AA116=AC116,AA116<>"",AC116<>""),"",AC114+AC115+AC116),AC114+AC115),AC114)) | AE113: =IF(AND(AA97<>"",AC97<>"",AA97<>AC97),IF(AA97>AC97,Y97,AE97),INDEX(Language!$A$1:$AV$115,MATCH("Match 62 Winner",Language!$B$1:$B$115,0),MATCH($G$4,Language!$A$1:$AU$1,0))) -> Match 62 Winner
H114: =INDEX(Language!$A$1:$AV$115,MATCH("Penalty Shoot Out",Language!$B$1:$B$115,0),MATCH($G$4,Language!$A$1:$AU$1,0)) -> Penalty Shoot Out | K114: - | Y114: =INDEX(Language!$A$1:$AV$115,MATCH("Normal Time",Language!$B$1:$B$115,0),MATCH($G$4,Language!$A$1:$AU$1,0)) -> Normal Time | AB114: -
Y115: =INDEX(Language!$A$1:$AV$115,MATCH("Extra Time",Language!$B$1:$B$115,0),MATCH($G$4,Language!$A$1:$AU$1,0)) -> Extra Time | AB115: -
...

Sheet Player
B4: Name | D4: =IF(INDIRECT("'Player Name'!"&"$c"&B8)<>"",INDIRECT("'Player Name'!"&"$c"&B8),"") -> John 1
G5: Group | H5: Knock Out | M5: Total
B6: =B8-5 -> 1 | D6: Current Score | G6: =SUM(AD15:AD62) -> 0 | H6: =SUM(AD66:AD81) -> 0 | M6: =H6+G6 -> 0
D7: Current Rank | M7: =INDEX('Player Leaderboard'!$A$9:$A$23,MATCH($D4,'Player Leaderboard'!$B$9:$B$23,0),0) -> 1 | AC7: =HYPERLINK("["&Setup!$C$5&"]'Player ("&B8-4&")'!B6","Next Player ("&B8-4&") >>") -> Next Player (2) >>
B8: 6
B9: SCORE PREDICTION | P9: SCORE RESULTS
B11: =Tournament!B10 -> Group Stages | P11: =B11 -> Group Stages
C13: =Tournament!D14 -> Match # | D13: =Tournament!E14 -> Group | E13: =Tournament!F14 -> Date | F13: =Tournament!G14 -> Time | G13: =Tournament!H14 -> Country | I13: =Tournament!J14 -> Score | M13: =Tournament!N14 -> Country | P13: =G13 -> Country | R13: =I13 -> Score | V13: =M13 -> Country | AD13: Point
C15: =Tournament!D16 -> 1 | D15: =Tournament!E16 -> A | E15: =Tournament!F16 -> 41802.708 | F15: =Tournament!G16 -> 41802.708 | G15: =Tournament!H16 -> Brazil | J15: - | M15: =Tournament!N16 -> Croatia | P15: =G15 -> Brazil | R15: =IF(Tournament!J16<>"",Tournament!J16,"") -> 3 | S15: - | T15: =IF(Tournament!L16<>"",Tournament!L16,"") -> 1 | V15: =M15 -> Croatia | AD15: =IF(AND(I15<>"",K15<>"",R15<>"",T15<>""),IF(AND(I15=R15,K15=T15),Setup!$D$10,IF((I15-K15)=(R15-T15),Setup!$D$11,IF(AND((I15>K15),(R15>T15)),Setup!$D$12,IF(AND((K15>I15),(T15>R15)),Setup!$D$12,0)))),"")
C16: =Tournament!D17 -> 2 | D16: =Tournament!E17 -> A | E16: =Tournament!F17 -> 41803.542 | F16: =Tournament!G17 -> 41803.542 | G16: =Tournament!H17 -> Mexico | J16: - | M16: =Tournament!N17 -> Cameroon | P16: =G16 -> Mexico | R16: =IF(Tournament!J17<>"",Tournament!J17,"") -> 1 | S16: - | T16: =IF(Tournament!L17<>"",Tournament!L17,"") -> 0 | V16: =M16 -> Cameroon | AD16: =IF(AND(I16<>"",K16<>"",R16<>"",T16<>""),IF(AND(I16=R16,K16=T16),Setup!$D$10,IF((I16-K16)=(R16-T16),Setup!$D$11,IF(AND((I16>K16),(R16>T16)),Setup!$D$12,IF(AND((K16>I16),(T16>R16)),Setup!$D$12,0)))),"") | AI16: rm
C17: =Tournament!D18 -> 3 | D17: =Tournament!E18 -> B | E17: =Tournament!F18 -> 41803.667 | F17: =Tournament!G18 -> 41803.667 | G17: =Tournament!H18 -> Spain | J17: - | M17: =Tournament!N18 -> Netherlands | P17: =G17 -> Spain | R17: =IF(Tournament!J18<>"",Tournament!J18,"") -> 1 | S17: - | T17: =IF(Tournament!L18<>"",Tournament!L18,"") -> 5 | V17: =M17 -> Netherlands | AD17: =IF(AND(I17<>"",K17<>"",R17<>"",T17<>""),IF(AND(I17=R17,K17=T17),Setup!$D$10,IF((I17-K17)=(R17-T17),Setup!$D$11,IF(AND((I17>K17),(R17>T17)),Setup!$D$12,IF(AND((K17>I17),(T17>R17)),Setup!$D$12,0)))),"")
C18: =Tournament!D19 -> 4 | D18: =Tournament!E19 -> B | E18: =Tournament!F19 -> 41803.792 | F18: =Tournament!G19 -> 41803.792 | G18: =Tournament!H19 -> Chile | J18: - | M18: =Tournament!N19 -> Australia | P18: =G18 -> Chile | R18: =IF(Tournament!J19<>"",Tournament!J19,"") -> 3 | S18: - | T18: =IF(Tournament!L19<>"",Tournament!L19,"") -> 1 | V18: =M18 -> Australia | AD18: =IF(AND(I18<>"",K18<>"",R18<>"",T18<>""),IF(AND(I18=R18,K18=T18),Setup!$D$10,IF((I18-K18)=(R18-T18),Setup!$D$11,IF(AND((I18>K18),(R18>T18)),Setup!$D$12,IF(AND((K18>I18),(T18>R18)),Setup!$D$12,0)))),"")
C19: =Tournament!D20 -> 5 | D19: =Tournament!E20 -> C | E19: =Tournament!F20 -> 41804.542 | F19: =Tournament!G20 -> 41804.542 | G19: =Tournament!H20 -> Colombia | J19: - | M19: =Tournament!N20 -> Greece | P19: =G19 -> Colombia | R19: =IF(Tournament!J20<>"",Tournament!J20,"") | S19: - | T19: =IF(Tournament!L20<>"",Tournament!L20,"") | V19: =M19 -> Greece | AD19: =IF(AND(I19<>"",K19<>"",R19<>"",T19<>""),IF(AND(I19=R19,K19=T19),Setup!$D$10,IF((I19-K19)=(R19-T19),Setup!$D$11,IF(AND((I19>K19),(R19>T19)),Setup!$D$12,IF(AND((K19>I19),(T19>R19)),Setup!$D$12,0)))),"")
C20: =Tournament!D21 -> 6 | D20: =Tournament!E21 -> C | E20: =Tournament!F21 -> 41804.917 | F20: =Tournament!G21 -> 41804.917 | G20: =Tournament!H21 -> Ivory Coast | J20: - | M20: =Tournament!N21 -> Japan | P20: =G20 -> Ivory Coast | R20: =IF(Tournament!J21<>"",Tournament!J21,"") | S20: - | T20: =IF(Tournament!L21<>"",Tournament!L21,"") | V20: =M20 -> Japan | AD20: =IF(AND(I20<>"",K20<>"",R20<>"",T20<>""),IF(AND(I20=R20,K20=T20),Setup!$D$10,IF((I20-K20)=(R20-T20),Setup!$D$11,IF(AND((I20>K20),(R20>T20)),Setup!$D$12,IF(AND((K20>I20),(T20>R20)),Setup!$D$12,0)))),"")
